Workbook

Sheet CONSOLIDADO HABILITADOS 
A1: CONSOLIDADO TÉCNICO | B1: 1. CICCE | D1: 2. U COPERATIVA DE COLOMBIA | F1: 3. CONSORCIO BI COLOMBIA | H1: 4. UMERANI | J1: 5. CIDOR | L1: 6. UT SUPERSALUD POLCOLAN | N1: 7. U EAN | P1: 8. U CHICAMOCHA | R1: 9. U POLITECNICO | T1: 10. U SANTIAGO DE CALI | V1: 11. ESUMER | X1: 13. U COMPENSAR | Z1: 14. CUN | AB1: 15. UT PIC 2024 | AD1: 16. SOCOLDES
B4: ESTADO | C4: OBSERVACIÓN | D4: ESTADO | E4: OBSERVACIÓN | F4: ESTADO | G4: OBSERVACIÓN | H4: ESTADO | I4: OBSERVACIÓN | J4: ESTADO | K4: OBSERVACIÓN | L4: ESTADO | M4: OBSERVACIÓN | N4: ESTADO | O4: OBSERVACIÓN | P4: ESTADO | Q4: OBSERVACIÓN | R4: ESTADO | S4: OBSERVACIÓN | T4: ESTADO | U4: OBSERVACIÓN | V4: ESTADO | W4: OBSERVACIÓN | X4: ESTADO | Y4: OBSERVACIÓN | Z4: ESTADO | AA4: OBSERVACIÓN | AB4: ESTADO | AC4: OBSERVACIÓN | AD4: ESTADO | AE4: OBSERVACIÓN
A5: EXPERIENCIA DEL PROPONENTE | B5: =+'1. CICCE'!BG21 -> SI CUMPLE | C5: NO HABILITADO | D5: =+'2. COOPERATIVA'!BG22 -> NO CUMPLE | E5: NO HABILITADO | F5: =+'3. CONSORCIO BI'!BJ24 -> SI CUMPLE | G5: HABILITADO | H5: =+'4. UMERANI'!BG21 -> SI CUMPLE | I5: HABILITADO | J5: =+'5. CIDOR'!BG23 -> NO CUMPLE | K5: NO HABILITADO | L5: =+'6. UT POLCOLAN'!BJ24 -> SI CUMPLE | M5: NO HABILITADO | N5: =+'7. EAN'!BG22 -> SI CUMPLE | O5: NO HABILITADO | P5: =+'8. CHICAMOCHA'!BG22 -> NO CUMPLE | Q5: NO HABILITADO | R5: =+'9. POLITECNICO'!BG22 -> NO CUMPLE | S5: NO HABILITADO | T5: =+'10. SANTIAGO CALI'!BG22 -> SI CUMPLE | U5: NO HABILITADO | V5: =+'11. ESUMER'!BG22 -> NO CUMPLE | W5: NO HABILITADO | X5: =+'13. COMPENSAR'!BG22 -> SI CUMPLE | Y5: NO HABILITADO | Z5: =+'14. CUN'!BG22 -> NO CUMPLE | AA5: NO HABILITADO | AB5: =+'15. UT PIC 2024'!BJ24 -> NO CUMPLE | AC5: NO HABILITADO | AD5: =+'16. SOCOLDES'!BG20 -> NO CUMPLE | AE5: NO HABILITADO
A6: PERSONAL MÍMIMO REQUERIDO | B6: =+'1. CICCE'!BO34 -> NO CUMPLE | D6: =+'2. COOPERATIVA'!BO30 -> NO CUMPLE | F6: =+'3. CONSORCIO BI'!BO31 -> SI CUMPLE | H6: =+'4. UMERANI'!BO28 -> SI CUMPLE | J6: =+'5. CIDOR'!BO30 -> SI CUMPLE | L6: =+'6. UT POLCOLAN'!BO31 -> NO CUMPLE | N6: =+'7. EAN'!BO36 -> NO CUMPLE | P6: =+'8. CHICAMOCHA'!BO31 -> NO CUMPLE | R6: =+'9. POLITECNICO'!BO29 -> SI CUMPLE | T6: =+'10. SANTIAGO CALI'!BO30 -> NO CUMPLE | V6: =+'11. ESUMER'!BO39 -> NO CUMPLE | X6: =+'13. COMPENSAR'!BO29 -> NO CUMPLE | Z6: =+'14. CUN'!BO32 -> NO CUMPLE | AB6: =+'15. UT PIC 2024'!BO34 -> SI CUMPLE | AD6: =+'16. SOCOLDES'!BO28 -> NO CUMPLE
A7: SEDE | B7: =+'1. CICCE'!AE38 -> NO CUMPLE | D7: =+'2. COOPERATIVA'!AE43 -> SI CUMPLE | F7: =+'3. CONSORCIO BI'!AE38 -> SI CUMPLE | H7: =+'4. UMERANI'!AE38 -> SI CUMPLE | J7: =+'5. CIDOR'!AE36 -> SI CUMPLE | L7: =+'6. UT POLCOLAN'!AE38 -> SI CUMPLE | N7: =+'7. EAN'!AE42 -> SI CUMPLE | P7: =+'8. CHICAMOCHA'!AE37 -> SI CUMPLE | R7: =+'9. POLITECNICO'!AE35 -> SI CUMPLE | T7: =+'10. SANTIAGO CALI'!AE36 -> NO CUMPLE | V7: =+'11. ESUMER'!AE43 -> NO CUMPLE | X7: =+'13. COMPENSAR'!AE35 -> SI CUMPLE | Z7: =+'14. CUN'!AE38 -> NO CUMPLE | AB7: =+'15. UT PIC 2024'!AE40 -> NO CUMPLE | AD7: =+'16. SOCOLDES'!AE34 -> NO CUMPLE
A8: PROPUESTA TÉCNICA | B8: =+'1. CICCE'!J45 -> SI CUMPLE | D8: =+'2. COOPERATIVA'!J50 -> SI CUMPLE | F8: =+'3. CONSORCIO BI'!J45 -> SI CUMPLE | H8: =+'4. UMERANI'!J45 -> SI CUMPLE | J8: =+'5. CIDOR'!J43 -> SI CUMPLE | L8: =+'6. UT POLCOLAN'!J45 -> SI CUMPLE | N8: =+'7. EAN'!J49 -> SI CUMPLE | P8: =+'8. CHICAMOCHA'!J44 -> SI CUMPLE | R8: =+'9. POLITECNICO'!J42 -> SI CUMPLE | T8: =+'10. SANTIAGO CALI'!J43 -> SI CUMPLE | V8: =+'11. ESUMER'!J50 -> SI CUMPLE | X8: =+'13. COMPENSAR'!J42 -> SI CUMPLE | Z8: =+'14. CUN'!J45 -> SI CUMPLE | AB8: =+'15. UT PIC 2024'!J47 -> SI CUMPLE | AD8: =+'16. SOCOLDES'!J41 -> SI CUMPLE
A13: Nota.
A15: La presente evaluación se suscribe por el comité técnico designado por el ordenador del gasto
A27: Lorena Velasquez Grajales | C27: Camila Andrea Jaime de la Rosa
A28: Directora Talento Humano | C28: Coordinadora Grupo Desarrollo
A35: Yina Pattricia Mejia Rodriguez | C35: Alejandro Bojaca Barreto
A36: Profesional Especializado | C36: Profesional Especializado

Sheet GRUPO 2
A2: OBJETO | C2: Prestar los servicios de formación y capacitación a los funcionarios de la Superintendencia Nacional de Salud para fortalecer sus competencias, de acuerdo con lo identificado en el Plan Institucional de Capacitación para la vigencia 2024.
A3: GRUPO 2 | C3: Demás capacitaciones:
A4: TEMATICAS | C4: 1. Análisis y Gestión de la Información estadística. | S4: 4. Auditoría y supervisión en salud (basada en riesgos). | AH4: 7. Argumentación jurídica, ortografía, Construcción y redacción de textos. (Virtualvía teams)
C5: 2. Definición, Formulación e interpretación de indicadores KIP y OKR. | S5: 5. Diplomado en seguridad del paciente. | AH5: 8. Control Interno y Auditoría interna.,
C6: 3. Control social con enfoque de la administración pública, participación y Orientación al ciudadano. | S6: 6. Actualización y fortalecimiento de técnicas y herramientas para la inspección, vigilancia y control. | AH6: 9. Marco lógico y formulación de proyectos, planes y programas con perspectiva de género y enfoques diferenciales, acoso laboral y sexual.
AH7: 10. Comunicación asertiva y trabajo bajo presión Inteligencia emocional y manejo del estrés.
A9: NOMBRE DEL PROPONENTE
A10: NOMBRE DEL REPRESENTANTE LEGAL
A11: NIT
A12: MIPYME | G12: NO APLICA
A13: PRESUPUESTO OFICIAL | G13: 252.71
A15: 4.3.1. EXPERIENCIA DEL PROPONENTE
AV16: 902.97
A17: E X P E R I E N C I A
A18: NUMERO CONTRATO (SI APLICA) | D18: CODIGO UNSPC | G18: ENTIDAD CONTRATANTE | Q18: FECHA INICIO | T18: FECHA FIN | W18: OBJETO CONTRACTUAL ("Prestar los servicios de formación y/o capacitación en cualquiera de las tematicas del grupo 1.") | AI18: CAPACITACION RELACIONADA | AL18: APORTA CERTIFICACION | AO18: EJECUTADA EN CONSORCIO O UNION TEMPORAL | AR18: PORCENTAJE DE PARTICIPACION | AU18: VALOR DEL CONTRATO (ser igual o superior a 252,71 SMMLV) | AX18: NÚMERO INSCRIPCIÓN RUP | BA18: RUP VIGENTE Y EN FIRME | BD18: FORMATO RELACIONES DE CERTIFICACIONES SI/ NO | BG18: CUMPLE SI/ NO | BJ18: OBSERVACIONES
D19: 80111500 86101600 86101700 86101800 86111500 86111600 86132000 86141500 86141700 | BG19: NO CUMPLE
D20: 80111500 86101600 86101700 86101800 86111500 86111600 86132000 86141500 86141700 | BG20: NO CUMPLE
D21: 80111500 86101600 86101700 86101800 86111500 86111600 86132000 86141500 86141700 | BG21: NO CUMPLE
AR22: SUMATORIA | AU22: =SUM(AU19:AW21) -> 0 | BG22: NO CUMPLE
A24: 4.3.2. PERSONAL MÍNIMO REQUERIDO:
A26: P E R S O N A L M I N I M O R E Q UE R I D O .
A27: NOMBRES Y APELLIDOS | G27: HOJA DE VIDA SI /NO | J27: CEDULA CIUDADANIA | M27: TITULO PROFESIONAL | Q27: FECHA GRADO | T27: Copia de la Tarjeta o matricula profesional vigente | Y27: Certificado de vigencia de la tarjeta profesional | AD27: APORTA TITULO PROFESIONAL | AI27: NOMBRE O RAZON SOCIAL DEL CONTRATANTE | AN27: CERTIFICADO CUMPLE (cargo y/o rol específico y/o objeto, funciones y/o obligaciones y/o actividades desempeñadas relacionadas con el perfil, y el tiempo laborado y/o de ejecución | AS27: EXPERIENCIA RELACIONADA COMO COORDINADOR | AV27: CERTIFICA MISMO PROPONENTE | AY27: APORTA CONTRATO | BB27: APORTA FORMATO EQUIPO DE TRABAJO | BD27: FECHA INICIO | BG27: FECHA FIN | BJ27: AÑO | BK27: MES | BL27: DIA | BM27: TOTAL TIEMPO EXPERIENCIA | BO27: CUMPLE SI/ NO | BR27: OBSERVACIONES
BO28: NO CUMPLE
A33: 4.3.3. SEDES
A35: S E D E S
A36: SEDE | G36: DOCUMENTO SOPORTE | M36: EXPEDIDO | Q36: FECHA EXPEDICION | U36: ÚBICACIÓN DEL INMUEBLE | Y36: BOGOTA | AB36: CUMPLE | AE36: CUMPLE SI/ NO | AH36: OBSERVACIONES
AE37: NO CUMPLE
A40: 4.3.4. PROPUESTA TÉCNICA
A42: P R O P U E S T A T E C N I C A
A43: ANEXO TÉCNICO – FICHA DE ESPECIFICACIONES TÉCNICAS MÍNIMAS. | G43: CUMPLE | J43: CUMPLE SI/ NO | M43: OBSERVACIONES
A44: El proponente con la suscripción de la Carta de Presentación manifiesta que ha leído entiende, acepta y cumplirá todos los requerimientos establecidos en el Anexo No. 1 Especificaciones Técnicas Mínimas, para realizar todas las actividades y entregables descritos en el citado documento. | G44: SI | J44: =+IF(G44="SI","SI CUMPLE","NO CUMPLE") -> SI CUMPLE | M44: El proponente aporta FORMATO N° 1 DE CARTA DE PRESENTACION DE LA OFERTA en el cual en el literal D "Manifiesta que he leído entiendo, acepto y cumpliré todos los requerimientos establecidos en el ANEXO 1 - FICHA TÉCNICA, para realizar todas las actividades y entregables descritos en el citado documento"

Sheet 1. CICCE
A2: OBJETO | C2: Prestar los servicios de formación y capacitación a los funcionarios de la Superintendencia Nacional de Salud para fortalecer sus competencias, de acuerdo con lo identificado en el Plan Institucional de Capacitación para la vigencia 2024.
A3: GRUPO 2 | C3: Demás capacitaciones:
A4: TEMATICAS | C4: 1. Análisis y Gestión de la Información estadística. | S4: 4. Auditoría y supervisión en salud (basada en riesgos). | AH4: 7. Argumentación jurídica, ortografía, Construcción y redacción de textos. (Virtualvía teams)
C5: 2. Definición, Formulación e interpretación de indicadores KIP y OKR. | S5: 5. Diplomado en seguridad del paciente. | AH5: 8. Control Interno y Auditoría interna.,
C6: 3. Control social con enfoque de la administración pública, participación y Orientación al ciudadano. | S6: 6. Actualización y fortalecimiento de técnicas y herramientas para la inspección, vigilancia y control. | AH6: 9. Marco lógico y formulación de proyectos, planes y programas con perspectiva de género y enfoques diferenciales, acoso laboral y sexual.
AH7: 10. Comunicación asertiva y trabajo bajo presión Inteligencia emocional y manejo del estrés.
A9: NOMBRE DEL PROPONENTE | G9: CORPORACION INSTITUTO COLOMBIANO DE CUALIFICACION EMPRESARIAL CICCE
A10: NOMBRE DEL REPRESENTANTE LEGAL | G10: CLAUDIA MILENA MANJARREZ ALZATE
A11: NIT | G11: 900.350.416-6
A12: MIPYME | G12: NO APLICA
A13: PRESUPUESTO OFICIAL | G13: 252.71
A15: 4.3.1. EXPERIENCIA DEL PROPONENTE
A17: E X P E R I E N C I A
A18: NUMERO CONTRATO (SI APLICA) | D18: CODIGO UNSPC | G18: ENTIDAD CONTRATANTE | Q18: FECHA INICIO | T18: FECHA FIN | W18: OBJETO CONTRACTUAL ("Prestar los servicios de formación y/o capacitación en cualquiera de las tematicas del grupo 2.") | AI18: CAPACITACION RELACIONADA | AL18: APORTA CERTIFICACION | AO18: EJECUTADA EN CONSORCIO O UNION TEMPORAL | AR18: PORCENTAJE DE PARTICIPACION | AU18: VALOR DEL CONTRATO (ser igual o superior a 252,71 SMMLV) | AX18: NÚMERO INSCRIPCIÓN RUP | BA18: RUP VIGENTE Y EN FIRME | BD18: FORMATO RELACIONES DE CERTIFICACIONES SI/ NO | BG18: CUMPLE SI/ NO | BJ18: OBSERVACIONES
A19: 012-2018 | D19: 80111500X 86101600X 86101700X 86101800X 86111500X 86111600X 86132000X 86141500X 86141700X | G19: SICLIC COLOMBIA SAS | Q19: 43205 | T19: 43390 | W19: Brindar proceso formativo experiencial en espacios abiertos y metodologías vivenciales para el personal de las diferentes empresas aliadas, con el objetivo de alcanzar competencias de trabajo en equipo, comunicación asertiva, liderazgo, resolución de problemas, cultura y clima organización, entre otros, mediante el uso de nuevas metodologías como Lego Serios Play, Cocinando en equipo, actividades lúdicas como ferias, desing thinkin, entre otros | AI19: SI CUMPLE | AL19: SI | AO19: NO | AR19: NO APLICA | AU19: 448 | AX19: 52 | BA19: SI | BD19: SI | BG19: SI CUMPLE
A20: 063-2017 | D20: 80111500X 86101600X 86101700X 86101800X 86111500X 86111600X 86132000X 86141500X 86141700X | G20: FUNDACION JUNTOS POR EL PRESENTE | Q20: 42781 | T20: 43389 | W20: Brindar apoyo en la sensibilización de 350 personas de población vulnerable y victimas de conflicto armado a través de la formación, el teatro, actividades artísticas y manuales, con el fin de mitigar la violencia intrafamiliar, y lograr igualdad de género, incluyendo logística, aulas, refrigerios, y viáticos para la correcta ejecución del proyecto | AI20: SI CUMPLE | AL20: SI | AO20: NO | AR20: NO APLICA | AU20: 390.4 | AX20: 69 | BA20: SI | BD20: SI | BG20: SI CUMPLE
AR21: SUMATORIA | AU21: =SUM(AU19:AW20) -> 838.4 | BG21: SI CUMPLE
A23: 4.3.2. PERSONAL MÍNIMO REQUERIDO:
A25: P E R S O N A L M I N I M O R E Q U ER I D O .
A26: NOMBRES Y APELLIDOS | G26: HOJA DE VIDA SI /NO | J26: CEDULA CIUDADANIA | M26: TITULO PROFESIONAL | Q26: FECHA GRADO | T26: Copia de la Tarjeta o matricula profesional vigente | Y26: Certificado de vigencia de la tarjeta profesional | AD26: APORTA TITULO PROFESIONAL | AI26: NOMBRE O RAZON SOCIAL DEL CONTRATANTE | AN26: CERTIFICADO CUMPLE (cargo y/o rol específico y/o objeto, funciones y/o obligaciones y/o actividades desempeñadas relacionadas con el perfil, y el tiempo laborado y/o de ejecución | AS26: EXPERIENCIA RELACIONADA COMO COORDINADOR | AV26: CERTIFICA MISMO PROPONENTE | AY26: APORTA CONTRATO | BB26: APORTA FORMATO EQUIPO DE TRABAJO | BD26: FECHA INICIO | BG26: FECHA FIN | BJ26: AÑO | BK26: MES | BL26: DIA | BM26: TOTAL TIEMPO EXPERIENCIA | BO26: CUMPLE SI/ NO | BR26: OBSERVACIONES
A27: CLAUDIA MILENA MANJARREZ ALZATE | G27: SI | J27: NO | M27: ADMINISTRACION DE EMPRESAS | Q27: 38058 | T27: SI | Y27: SI | AD27: SI | AI27: SERVICIO NACIONAL DE APRENDIZAJE SENA | AN27: NO | AS27: NO | AV27: NO | AY27: NO APLICA | BB27: NO | BD27: NO SE EVIDENCIA | BG27: NO SE EVIDENCIA | BJ27: 0 | BK27: 0 | BL27: 0 | BO27: NO CUMPLE | BR27: Aporta certificaciones de experiencia las cuales no se tienen en cuenta porque no cumple con el perfil requerido en el pliego de condiciones para Coordinador de programas académicos.
AI28: SERVICIO NACIONAL DE APRENDIZAJE SENA | AN28: NO | AS28: NO | AV28: NO | AY28: NO APLICA | BB28: NO | BD28: 39835 | BG28: NO SE EVIDENCIA | BJ28: 0 | BK28: 0 | BL28: 0 | BO28: NO CUMPLE
AI29: SERVICIO NACIONAL DE APRENDIZAJE SENA | AN29: NO | AS29: NO | AV29: NO | AY29: NO APLICA | BB29: NO | BD29: 39213 | BG29: NO SE EVIDENCIA | BJ29: 0 | BK29: 0 | BL29: 0 | BO29: NO CUMPLE
AI30: SERVICIO NACIONAL DE APRENDIZAJE SENA (CONTRATO 190, 565, 239, 402 Y 025) | AN30: NO | AS30: NO | AV30: NO | AY30: NO APLICA | BB30: NO | BJ30: =DATEDIF(BD30,BG30,"Y") -> 0 | BK30: =DATEDIF(BD30,BG30,"YM") -> 0 | BL30: =DATEDIF(BD30,BG30,"MD") -> 0 | BO30: NO CUMPLE
AI31: ASOCIACION HOTELERA DE COLOMBIA COTELCO | AN31: NO | AS31: NO | AV31: NO | AY31: NO APLICA | BB31: NO | BD31: 41502 | BG31: 41502 | BJ31: =DATEDIF(BD31,BG31,"Y") -> 0 | BK31: =DATEDIF(BD31,BG31,"YM") -> 0 | BL31: =DATEDIF(BD31,BG31,"MD") -> 0 | BO31: NO CUMPLE
AI32: ASOCIACION HOTELERA DE COLOMBIA COTELCO | AN32: NO | AS32: NO | AV32: NO | AY32: NO APLICA | BB32: NO | BD32: 41351 | BG32: 41355 | BJ32: =DATEDIF(BD32,BG32,"Y") -> 0 | BK32: =DATEDIF(BD32,BG32,"YM") -> 0 | BL32: =DATEDIF(BD32,BG32,"MD") -> 4 | BO32: NO CUMPLE
AI33: CORPORACIOON CICCE | AN33: SI | AS33: SI | AV33: SI | AY33: NO | BB33: NO | BD33: 40220 | BG33: 43278 | BJ33: =DATEDIF(BD33,BG33,"Y") -> 8 | BK33: =DATEDIF(BD33,BG33,"YM") -> 4 | BL33: =DATEDIF(BD33,BG33,"MD") -> 16 | BO33: NO CUMPLE | BR33: El proponente para el coordinador propuesto: No aportó cédula de ciudadanía No aportó Formato “Relación de equipo de trabajo mínimo habilitante” La certificación del empleador CICCE aportada para el coordinador, si bien cumple con el perfil requerido en el pliego de condiciones para Coordinador de programas académicos, por ser certificado por el mismo proponente, debe adjuntar adicionalmente copia del respectivo contrato celebrado con el profesional propuesto y/o el contrato del proyecto en el cual el profesional ejecutó su actividad. SUBSANACIÓN: Deberá aportar para el coordinador propuesto: Cédula de ciudadanía Deberá aportar los documentos con el fin de acreditar las condiciones exigidas al coordinador de acuerdo con lo establecido en el numeral 4.3.2 EQUIPO DE TRABAJO MÍNIMO HABILITANTE Formato “Relación de equipo de trabajo mínimo habilitante”
BO34: NO CUMPLE
A35: S E D E S
A36: SEDE | G36: DOCUMENTO SOPORTE | M36: EXPEDIDO | Q36: FECHA EXPEDICION | U36: ÚBICACIÓN DEL INMUEBLE | Y36: BOGOTA | AB36: CUMPLE | AE36: CUMPLE SI/ NO | AH36: OBSERVACIONES
A37: ARRENDADA | G37: CONTRATO DE ARRIENDO | M37: DIANA ALEJANDRA PEREZ FORERO | Q37: 42632 | U37: BOGOTA | Y37: SI | AB37: NO | AE37: NO CUMPLE | AH37: El proponente aporta el contrato de arrendamiento, una vez revisadas las cláusulas se tiene como fecha de inicio: 1 de octubre de 2016 y fecha de terminación: 30 de septiembre de 2017. PARÁGRAFO: Este contrato será renovado anualmente durante los cinco (5) años; así las cosas, el contrato finalizó el 30 de septiembre de 2022. SUBSANACIÓN: Deberá aportar documento contractual con el nuevo plazo.
AE38: NO CUMPLE
A40: 4.3.4. PROPUESTA TÉCNICA
A42: P R O P U E S T A T E C N I C A
A43: ANEXO TÉCNICO – FICHA DE ESPECIFICACIONES TÉCNICAS MÍNIMAS. | G43: CUMPLE | J43: CUMPLE SI/ NO | M43: OBSERVACIONES
A44: El proponente con la suscripción de la Carta de Presentación manifiesta que ha leído entiende, acepta y cumplirá todos los requerimientos establecidos en el Anexo No. 1 Especificaciones Técnicas Mínimas, para realizar todas las actividades y entregables descritos en el citado documento. | G44: SI | J44: =+IF(G44="SI","SI CUMPLE","NO CUMPLE") -> SI CUMPLE | M44: El proponente aporta FORMATO N° 1 DE CARTA DE PRESENTACION DE LA OFERTA en el cual en el literal D "Manifiesta que he leído entiendo, acepto y cumpliré todos los requerimientos establecidos en el ANEXO 1 - FICHA TÉCNICA, para realizar todas las actividades y entregables descritos en el citado documento"
J45: =+J44 -> SI CUMPLE

Sheet 2. COOPERATIVA
A2: OBJETO | C2: Prestar los servicios de formación y capacitación a los funcionarios de la Superintendencia Nacional de Salud para fortalecer sus competencias, de acuerdo con lo identificado en el Plan Institucional de Capacitación para la vigencia 2024.
A3: GRUPO 2 | C3: Demás capacitaciones:
A4: TEMATICAS | C4: 1. Análisis y Gestión de la Información estadística. | S4: 4. Auditoría y supervisión en salud (basada en riesgos). | AH4: 7. Argumentación jurídica, ortografía, Construcción y redacción de textos. (Virtualvía teams)
C5: 2. Definición, Formulación e interpretación de indicadores KIP y OKR. | S5: 5. Diplomado en seguridad del paciente. | AH5: 8. Control Interno y Auditoría interna.,
C6: 3. Control social con enfoque de la administración pública, participación y Orientación al ciudadano. | S6: 6. Actualización y fortalecimiento de técnicas y herramientas para la inspección, vigilancia y control. | AH6: 9. Marco lógico y formulación de proyectos, planes y programas con perspectiva de género y enfoques diferenciales, acoso laboral y sexual.
AH7: 10. Comunicación asertiva y trabajo bajo presión Inteligencia emocional y manejo del estrés.
A9: NOMBRE DEL PROPONENTE | G9: UNIVERSIDAD COOPERATIVA DE COLOMBIA
A10: NOMBRE DEL REPRESENTANTE LEGAL | G10: MARITZA RONDON
A11: NIT | G11: 860029924-7
A12: MIPYME | G12: NO APLICA | AZ12: =252.71+226.89 -> 479.6
A13: PRESUPUESTO OFICIAL | G13: 252.71
A15: 4.3.1. EXPERIENCIA DEL PROPONENTE
A17: E X P E R I E N C I A
A18: NUMERO CONTRATO (SI APLICA) | D18: CODIGO UNSPC | G18: ENTIDAD CONTRATANTE | Q18: FECHA INICIO | T18: FECHA FIN | W18: OBJETO CONTRACTUAL ("Prestar los servicios de formación y/o capacitación en cualquiera de las tematicas del grupo 2") | AI18: CAPACITACION RELACIONADA | AL18: APORTA CERTIFICACION | AO18: EJECUTADA EN CONSORCIO O UNION TEMPORAL | AR18: PORCENTAJE DE PARTICIPACION | AU18: VALOR DEL CONTRATO (ser igual o superior a 252,71 SMMLV) | AX18: NÚMERO INSCRIPCIÓN RUP | BA18: RUP VIGENTE Y EN FIRME | BD18: FORMATO RELACIONES DE CERTIFICACIONES SI/ NO | BG18: CUMPLE SI/ NO | BJ18: OBSERVACIONES
A19: 209 | D19: 80111500 86101600 86101700 (X) 86101800 (X) 86111500 86111600 (X) 86132000 (X) 86141500 86141700 | G19: ASCOOP - SENA | Q19: 43665 | T19: 43798 | W19: “El Contratista, Se Obliga Para Con El Contratante A Ejecutar Un Programa De Formación Continua Especializada, Identificada Para El Personal Vinculado A Las Organizaciones Asociadas A Ascoop, Y Su Cadena Productiva En Los Niveles Alta Dirección, Medio Y Operativo En La Siguiente Acción De Formación: • Diplomado Virtual: Herramientas Pedagógicas Para El Aprovechamiento De Las Tic En El Aula. • Diplomado Virtual: Fortalecimiento De Organizaciones De Economía Social Y Solidaria En Colombia Entorno A Las Tic. • Curso Presencial: Gestión De Proyectos De Impacto Local, Regional Y Nacional Con Énfasis En Los Focos CTE”. | AI19: NO CUMPLE | AL19: SI | AO19: NO APLICA | AR19: NO APLICA | AU19: 1031.96 | AX19: 129 | BA19: SI | BD19: SI | BG19: NO CUMPLE | BJ19: El proponente aportó Certificado de experiencia que NO Cumple con las temáticas del Grupo. SUBSANACIÓN: Deberá aportar el Certificado de Experiencia y acreditar la experiencia conforme a lo establecido en el pliego de condiciones, numeral 4.3.1 EXPERIENCIA.
A20: 903- 2023 | D20: 80111500 (X) 86101600 (X) 86101700 (X) 86101800 (X) 86111500 86111600 (X) 86132000 (X) 86141500 (X) 86141700 | G20: SECRETARIA DE SALUD DE CUNDINAMARCA | Q20: 45152 | T20: 45275 | W20: Realizar Un Diplomado En Verificación De Condiciones De Habilitación, Como Componente Del Sistema Obligatorio De Garantías De La Calidad En Salud Para Los Funcionarios De La Secretaria De Salud | AI20: NO CUMPLE | AL20: NO | AO20: NO APLICA | AR20: NO APLICA | AU20: 81.46 | AX20: 226 | BA20: SI | BD20: SI | BG20: NO CUMPLE | BJ20: El proponente no aportó Certificado de experiencia y por el contrario aportó un contrato con un acta de liquidación de la Secretaría de Salud de Cundinamarca, con la cual NO CUMPLE con el requisito de las temáticas del Grupo 2. SUBSANACIÓN: Deberá aportar el Certificado de Experiencia que Cumpla con la acreditación de las temáticas conforme a lo establecido en el pliego de condiciones, numeral 4.3.1 EXPERIENCIA. NOTA: Así mismo debe tener en cuenta que para el presente caso, se está acreditando la misma experiencia para los dos grupos. Por lo tanto, la suma de las certificaciones aportadas debe ser el valor total de presupuesto oficial en Salarios Mínimos Legales Mensuales Vigentes, es decir 479,60. Lo anterior, en cumplimiento a la NOTA 3: Para acreditar la experiencia el proponente podrá aportar mínimo uno (1) y máximo tres (3) contratos para cada uno de los grupos o lotes, o podrá aportar los mismos para todos los grupos o lotes siempre y cuando cumplan con todas las condiciones establecidas para cada grupo. En la verificación del número de contratos frente al presupuesto oficial, el valor a certificar debe ser con relación al valor del presupuesto oficial del respectivo grupo o lote expresado en SMMLV, si se presenta para los dos grupos, será la sumatoria de los dos grupos a presentarse.
A21: 418 - 2022 | D21: 80111500 86101600 86101700 (X) 86101800 (X) 86111500 (X) 86111600 (X) 86132000 (X) 86141500 (X) 86141700 (X) | G21: INPEC | Q21: NO SE EVIDENCIA PORQUE ES UN ACTA DE RECIBO PARCIAL | T21: NO SE EVIDENCIA PORQUE ES UN ACTA DE RECIBO PARCIAL | W21: Contratar La Capacitación Para Los Servidores Públicos Penitenciarios Del INPEC, Mediante La Modalidad De Diplomado, Conforme La Necesidad Presentada En El Plan Institucional De Capacitación Para La Vigencia 2022 | AI21: SI CUMPLE | AL21: NO | AO21: NO APLICA | AR21: NO APLICA | AU21: 285 | AX21: 195 | BA21: SI | BD21: SI | BG21: NO CUMPLE | BJ21: El proponente no aportó Certificado de experiencia y por el contrario aportó el contrato con un acta de recibo parcial de la Escuela de Formación del INPEC, con la cual NO CUMPLE con el requisito, toda vez que se debe aportar es el Certificado de Experiencia donde se evidencie la información de la Nota 2, del numeral 4.3.1 Experiencia. Por lo tanto, no se puede tener en cuenta esta experiencia. SUBSANACIÓN: Deberá aportar el Certificado de Experiencia conforme a lo establecido en el pliego de condiciones, numeral 4.3.1 EXPERIENCIA. NOTA: Así mismo debe tener en cuenta que para el presente caso, se está acreditando la misma experiencia para los dos grupos. Por lo tanto, la suma de las certificaciones aportadas debe ser el valor total de presupuesto oficial en Salarios Mínimos Legales Mensuales Vigentes, es decir 479,60. Lo anterior, en cumplimiento a la NOTA 3: Para acreditar la experiencia el proponente podrá aportar mínimo uno (1) y máximo tres (3) contratos para cada uno de los grupos o lotes, o podrá aportar los mismos para todos los grupos o lotes siempre y cuando cumplan con todas las condiciones establecidas para cada grupo. En la verificación del número de contratos frente al presupuesto oficial, el valor a certificar debe ser con relación al valor del presupuesto oficial del respectivo grupo o lote expresado en SMMLV, si se presenta para los dos grupos, será la sumatoria de los dos grupos a presentarse.
AR22: SUMATORIA | AU22: 0 | BG22: NO CUMPLE
A24: 4.3.2. PERSONAL MÍNIMO REQUERIDO:
A26: P E R S O N A L M I N I M O R E Q UE R I D O .
A27: NOMBRES Y APELLIDOS | G27: HOJA DE VIDA SI /NO | J27: CEDULA CIUDADANIA | M27: TITULO PROFESIONAL | Q27: FECHA GRADO | T27: Copia de la Tarjeta o matricula profesional vigente | Y27: Certificado de vigencia de la tarjeta profesional | AD27: APORTA TITULO PROFESIONAL | AI27: NOMBRE O RAZON SOCIAL DEL CONTRATANTE | AN27: CERTIFICADO CUMPLE (cargo y/o rol específico y/o objeto, funciones y/o obligaciones y/o actividades desempeñadas relacionadas con el perfil, y el tiempo laborado y/o de ejecución | AS27: EXPERIENCIA RELACIONADA COMO COORDINADOR | AV27: CERTIFICA MISMO PROPONENTE | AY27: APORTA CONTRATO | BB27: APORTA FORMATO EQUIPO DE TRABAJO | BD27: FECHA INICIO | BG27: FECHA FIN | BJ27: AÑO | BK27: MES | BL27: DIA | BM27: TOTAL TIEMPO EXPERIENCIA | BO27: CUMPLE SI/ NO | BR27: OBSERVACIONES
A28: JAZMITH ADRIANA ROJAS MARTINEZ | G28: SI | J28: SI | M28: ECONOMISTA | Q28: 34208 | T28: SI | Y28: NO | AD28: SI | AI28: CENTRO DE INVESTIGACION CIENTIFICA PARA EL DESARROLLO ECONOMICO LA CALIDAD DE VIDA Y SUPERACION DE LA POBREZA | AN28: NO | AS28: NO | AV28: NO | AY28: NO APLICA | BB28: SI | BD28: 42451 | BG28: 42990 | BJ28: =DATEDIF(BD28,BG28,"Y") -> 1 | BK28: =DATEDIF(BD28,BG28,"YM") -> 5 | BL28: =DATEDIF(BD28,BG28,"MD") -> 21 | BO28: NO CUMPLE | BR28: Para el coordinador propuesto: No se aportó el certificado de vigencia de la tarjeta profesional, El certificado de experiencia del Centro De Investigación Científica para el Desarrollo Económico ya Calidad De Vida y Superación De La Pobreza no tiene funciones, obligaciones o actividades, que puedan permitir verificar experiencia relacionada exigida. SUBSANACIÓN: Deberá aportar: Certificado de vigencia de la tarjeta profesional. Acreditar la experiencia del coordinador de acuerdo con lo establecido en la observación anterior y cumpliendo con 4.3.2 EQUIPO DE TRABAJO MÍNIMO HABILITANTE
AI29: UNIVERSIDAD DE CIENCIAS APLICADAS UDCA | AN29: NO | AS29: NO | AV29: NO | AY29: NO APLICA | BB29: SI | BD29: 41554 | BG29: 43343 | BJ29: =DATEDIF(BD29,BG29,"Y") -> 4 | BK29: =DATEDIF(BD29,BG29,"YM") -> 10 | BL29: =DATEDIF(BD29,BG29,"MD") -> 24 | BO29: NO CUMPLE | BR29: Para el coordinador propuesto: No se aportó el certificado de vigencia de la tarjeta profesional, El certificado de experiencia del UDCA no tiene funciones, obligaciones o actividades, que puedan permitir verificar experiencia relacionada exigida. SUBSANACIÓN: Deberá aportar: Certificado de vigencia de la tarjeta profesional. Acreditar la experiencia del coordinador de acuerdo con lo establecido en la observación anterior y cumpliendo con 4.3.2 EQUIPO DE TRABAJO MÍNIMO HABILITANTE.
BJ30: =SUM(BJ28:BJ29) -> 5 | BK30: =SUM(BK28:BK29) -> 15 | BL30: =SUM(BL28:BL29) -> 45 | BO30: NO CUMPLE
A31: 4.3.3. SEDES | BJ31: =+BJ30*12 -> 60 | BK31: =+BK30 -> 15 | BL31: =+BL30/30 -> 1.5
BJ32: =+BJ31+BK31+BL31 -> 76.5 | BK32: MESES
A33: S E D E S
A34: SEDE | G34: DOCUMENTO SOPORTE | M34: EXPEDIDO | Q34: FECHA EXPEDICION | U34: ÚBICACIÓN DEL INMUEBLE | Y34: BOGOTA | AB34: CUMPLE | AE34: CUMPLE SI/ NO | AH34: OBSERVACIONES
A35: PROPIA | G35: CERTIFICADO DE TRADICION Y LIBERTAD | M35: OFICINA DE REGISTRO E INSTRUMENTOS PUBLICOS ZONA CENTRO | Q35: 45497 | U35: BOGOTA | Y35: SI | AB35: SI | AE35: SI CUMPLE | AH35: N° 50 C - 1470770
A36: PROPIA | G36: CERTIFICADO DE TRADICION Y LIBERTAD | M36: OFICINA DE REGISTRO E INSTRUMENTOS PUBLICOS ZONA CENTRO | Q36: 45497 | U36: BOGOTA | Y36: SI | AB36: SI | AE36: SI CUMPLE | AH36: N° 50 C - 37952
A37: PROPIA | G37: CERTIFICADO DE TRADICION Y LIBERTAD | M37: OFICINA DE REGISTRO E INSTRUMENTOS PUBLICOS ZONA CENTRO | Q37: 45497 | U37: BOGOTA | Y37: SI | AB37: SI | AE37: SI CUMPLE | AH37: N° 50 C - 37954
A38: PROPIA | G38: CERTIFICADO DE TRADICION Y LIBERTAD | M38: OFICINA DE REGISTRO E INSTRUMENTOS PUBLICOS ZONA CENTRO | Q38: 45498 | U38: BOGOTA | Y38: SI | AB38: SI | AE38: SI CUMPLE | AH38: N° 50 C - 37956
A39: PROPIA | G39: CERTIFICADO DE TRADICION Y LIBERTAD | M39: OFICINA DE REGISTRO E INSTRUMENTOS PUBLICOS ZONA CENTRO | Q39: 45499 | U39: BOGOTA | Y39: SI | AB39: SI | AE39: SI CUMPLE | AH39: N° 50 C - 37958
A40: PROPIA | G40: CERTIFICADO DE TRADICION Y LIBERTAD | M40: OFICINA DE REGISTRO E INSTRUMENTOS PUBLICOS ZONA CENTRO | Q40: 45500 | U40: BOGOTA | Y40: SI | AB40: SI | AE40: SI CUMPLE | AH40: 50 C 151554
A41: PROPIA | G41: CERTIFICADO DE TRADICION Y LIBERTAD | M41: OFICINA DE REGISTRO E INSTRUMENTOS PUBLICOS ZONA CENTRO | Q41: 45501 | U41: BOGOTA | Y41: SI | AB41: SI | AE41: SI CUMPLE | AH41: 50 C - 1526522
A42: PROPIA | G42: CERTIFICADO DE TRADICION Y LIBERTAD | M42: OFICINA DE REGISTRO E INSTRUMENTOS PUBLICOS ZONA CENTRO | Q42: 45502 | U42: BOGOTA | Y42: SI | AB42: SI | AE42: SI CUMPLE | AH42: 50 C - 1526521
AE43: =+AE36 -> SI CUMPLE
A45: 4.3.4. PROPUESTA TÉCNICA
A47: P R O P U E S T A T E C N I C A
A48: ANEXO TÉCNICO – FICHA DE ESPECIFICACIONES TÉCNICAS MÍNIMAS. | G48: CUMPLE | J48: CUMPLE SI/ NO | M48: OBSERVACIONES
A49: El proponente con la suscripción de la Carta de Presentación manifiesta que ha leído entiende, acepta y cumplirá todos los requerimientos establecidos en el Anexo No. 1 Especificaciones Técnicas Mínimas, para realizar todas las actividades y entregables descritos en el citado documento. | G49: SI | J49: =+IF(G49="SI","SI CUMPLE","NO CUMPLE") -> SI CUMPLE | M49: El proponente aporta FORMATO N° 1 DE CARTA DE PRESENTACION DE LA OFERTA en el cual en el literal D "Manifiesta que he leído entiendo, acepto y cumpliré todos los requerimientos establecidos en el ANEXO 1 - FICHA TÉCNICA, para realizar todas las actividades y entregables descritos en el citado documento"
J50: =+J49 -> SI CUMPLE

Sheet 3. CONSORCIO BI
A2: OBJETO | C2: Prestar los servicios de formación y capacitación a los funcionarios de la Superintendencia Nacional de Salud para fortalecer sus competencias, de acuerdo con lo identificado en el Plan Institucional de Capacitación para la vigencia 2024.
A3: GRUPO 2 | C3: Demás capacitaciones:
A4: TEMATICAS | C4: 1. Análisis y Gestión de la Información estadística. | S4: 4. Auditoría y supervisión en salud (basada en riesgos). | AH4: 7. Argumentación jurídica, ortografía, Construcción y redacción de textos. (Virtualvía teams)
C5: 2. Definición, Formulación e interpretación de indicadores KIP y OKR. | S5: 5. Diplomado en seguridad del paciente. | AH5: 8. Control Interno y Auditoría interna.,
C6: 3. Control social con enfoque de la administración pública, participación y Orientación al ciudadano. | S6: 6. Actualización y fortalecimiento de técnicas y herramientas para la inspección, vigilancia y control. | AH6: 9. Marco lógico y formulación de proyectos, planes y programas con perspectiva de género y enfoques diferenciales, acoso laboral y sexual.
AH7: 10. Comunicación asertiva y trabajo bajo presión Inteligencia emocional y manejo del estrés.
A9: NOMBRE DEL PROPONENTE | G9: CONSORCIO BI COLOMBIA | W9: BETA GROUP COLOMBIA SAS | AE9: NIT 901660647-3 | AG9: 0.5 | AI9: PEQUEÑA EMPRESA
A10: NOMBRE DEL REPRESENTANTE LEGAL | G10: ROBERTO GARCIA BETANCUR | W10: INSTITUTO COLOMBIANO DE APRENDIZAJE INCAP | AE10: NIT 800216673-7 | AG10: 0.5 | AI10: MEDIANA EMPRESA
A11: NIT
A12: MIPYME | G12: SI
A13: PRESUPUESTO OFICIAL | G13: 252.71
A15: 4.3.1. EXPERIENCIA DEL PROPONENTE
A17: E X P E R I E N C I A
A18: NUMERO CONTRATO (SI APLICA) | D18: CODIGO UNSPC | G18: ENTIDAD CONTRATANTE | Q18: FECHA INICIO | T18: FECHA FIN | W18: OBJETO CONTRACTUAL ("Prestar los servicios de formación y/o capacitación en cualquiera de las tematicas del grupo 2.") | AI18: CAPACITACION RELACIONADA | AL18: APORTA CERTIFICACION | AO18: EJECUTADA EN CONSORCIO O UNION TEMPORAL | AR18: PORCENTAJE DE PARTICIPACION | AU18: VALOR DEL CONTRATO | AX18: VALOR DEL CONTRATO (ser igual o superior a 252,71 SMMLV) | BA18: NÚMERO INSCRIPCIÓN RUP | BD18: RUP VIGENTE Y EN FIRME | BG18: FORMATO RELACIONES DE CERTIFICACIONES SI/ NO | BJ18: CUMPLE SI/ NO | BM18: OBSERVACIONES
A19: EXPERIENCIA APORTADA POR BETA GROUP COLOMBIA SAS
A20: SC 0349-18 | D20: 80111500 (X) 86101600 (X) 86101700 (X) 86101800 (X) 86111500 86111600 (X) 86132000 (X) 86141500 (X) 86141700 (X) | G20: AGENCIA DE RENOVACIÓN DEL TERRITORIO ART | Q20: 43241 | T20: 43465 | W20: Diseñar, implementar y validar la metodología y herramientas para fortalecer las capacidades de instituciones públicas y organizaciones sociales, comunitarias y productivas rurales con enfoque territorial que sean estratégicas | AI20: SI CUMPLE | AL20: SI | AO20: NO | AR20: NO APLICA | AU20: 2466.82 | AX20: =+AU20*AG9 -> 1233.41 | BA20: 7 | BD20: SI | BG20: SI | BJ20: SI CUMPLE
A21: EXPERIENCIA APORTADA POR INCAP
A22: PO 40202105 | D22: 80111500 (X) 86101600 (X) 86101700 86101800 (X) 86111500 (X) 86111600 (X) 86132000 (X) 86141500 (X) 86141700 (X) | G22: ORGANIZACIÓN INTERNACIONAL DEL TRABAJO | Q22: 43040 | T22: 43342 | W22: Realizar la convocatoria, selección, formación, diseño, seguimiento y monitoreo dentro de la estrategia de formación para el trabajo y desarrollo humano y de vinculación a prácticas laborales de 2,062 alumnos, en el marco del Proyecto: “FORTALECIMIENTO DEL TALENTO HUMANO PARA LA INDUSTRIA TI EN COLOMBIA”. | AI22: SI CUMPLE | AL22: SI | AO22: NO | AR22: NO APLICA | AU22: 7916.62 | AX22: =+AU22*$AG$10 -> 3958.31 | BA22: 17 | BD22: SI | BG22: SI | BJ22: SI CUMPLE
A23: OC 403 50216 | D23: 80111500 (X) 86101600 (X) 86101700 (X) 86101800 (X) 86111500 (X) 86111600 (X) 86132000 (X) 86141500 (X) 86141700 (X) | G23: ORGANIZACIÓN INTERNACIONAL DEL TRABAJO | Q23: 44457 | T23: 44642 | W23: Apoyar a la OIT en la implementación de la estrategia de Promoción del Emprendimiento y Fortalecimiento Empresarial para la localidad de Puente Aranda, a través de la implementación de acciones para la formación, fortalecimiento de habilidades blandas, acompañamiento psicosocial, entregas de auxilios, compra y entrega de activos productivos para algunos emprendimientos. | AI23: SI CUMPLE | AL23: SI | AO23: NO | AR23: NO APLICA | AU23: 536.48 | AX23: =+AU23*$AG$10 -> 268.24 | BA23: 37 | BD23: SI | BG23: SI | BJ23: SI CUMPLE
AR24: SUMATORIA | AX24: =+AX20+AX22 -> 5191.72 | BJ24: SI CUMPLE
A26: 4.3.2. PERSONAL MÍNIMO REQUERIDO:
A28: P E R S O N A L M I N I M O R E Q UE R I D O .
A29: NOMBRES Y APELLIDOS | G29: HOJA DE VIDA SI /NO | J29: CEDULA CIUDADANIA | M29: TITULO PROFESIONAL | Q29: FECHA GRADO | T29: Copia de la Tarjeta o matricula profesional vigente | Y29: Certificado de vigencia de la tarjeta profesional | AD29: APORTA TITULO PROFESIONAL | AI29: NOMBRE O RAZON SOCIAL DEL CONTRATANTE | AN29: CERTIFICADO CUMPLE (cargo y/o rol específico y/o objeto, funciones y/o obligaciones y/o actividades desempeñadas relacionadas con el perfil, y el tiempo laborado y/o de ejecución | AS29: EXPERIENCIA RELACIONADA COMO COORDINADOR | AV29: CERTIFICA MISMO PROPONENTE | AY29: APORTA CONTRATO | BB29: APORTA FORMATO EQUIPO DE TRABAJO | BD29: FECHA INICIO | BG29: FECHA FIN | BJ29: AÑO | BK29: MES | BL29: DIA | BM29: TOTAL TIEMPO EXPERIENCIA | BO29: CUMPLE SI/ NO | BR29: OBSERVACIONES
A30: OLGA CECILIA RAMÍREZ ROA | G30: SI | J30: SI | M30: Licenciada en Lingüística y Literatura | Q30: 32506 | T30: NO | Y30: NO APLICA | AD30: SI | AI30: GIMNASIO NUEVA VILLA MAYOR | AN30: SI | AS30: SI | AV30: NO | AY30: NO APLICA | BB30: SI | BD30: 42287 | BG30: 45492 | BJ30: =DATEDIF(BD30,BG30,"Y") -> 8 | BK30: =DATEDIF(BD30,BG30,"YM") -> 9 | BL30: =DATEDIF(BD30,BG30,"MD") -> 9 | BO30: SI CUMPLE
BO31: SI CUMPLE
A32: 4.3.3. SEDES
A34: S E D E S
A35: SEDE | G35: DOCUMENTO SOPORTE | M35: EXPEDIDO | Q35: FECHA EXPEDICION | U35: ÚBICACIÓN DEL INMUEBLE | Y35: BOGOTA | AB35: CUMPLE | AE35: CUMPLE SI/ NO | AH35: OBSERVACIONES
A36: PROPIA | G36: CERTIFICADO DE TRADICION Y LIBERTAD | M36: OFICINA INSTRUMENTOS PUBLICOS DE BOGOTA | Q36: 45490 | U36: BOGOTA | Y36: SI | AB36: SI | AE36: SI CUMPLE
A37: PROPIA | G37: CERTIFICADO DE TRADICION Y LIBERTAD | M37: OFICINA INSTRUMENTOS PUBLICOS DE BOGOTA | Q37: 45490 | U37: BOGOTA | Y37: SI | AB37: SI | AE37: SI CUMPLE
AE38: =+AE37 -> SI CUMPLE
A40: 4.3.4. PROPUESTA TÉCNICA
A42: P R O P U E S T A T E C N I C A
A43: ANEXO TÉCNICO – FICHA DE ESPECIFICACIONES TÉCNICAS MÍNIMAS. | G43: CUMPLE | J43: CUMPLE SI/ NO | M43: OBSERVACIONES
A44: El proponente con la suscripción de la Carta de Presentación manifiesta que ha leído entiende, acepta y cumplirá todos los requerimientos establecidos en el Anexo No. 1 Especificaciones Técnicas Mínimas, para realizar todas las actividades y entregables descritos en el citado documento. | G44: SI | J44: =+IF(G44="SI","SI CUMPLE","NO CUMPLE") -> SI CUMPLE | M44: El proponente aporta FORMATO N° 1 DE CARTA DE PRESENTACION DE LA OFERTA en el cual en el literal D "Manifiesta que he leído entiendo, acepto y cumpliré todos los requerimientos establecidos en el ANEXO 1 - FICHA TÉCNICA, para realizar todas las actividades y entregables descritos en el citado documento"
J45: =+J44 -> SI CUMPLE

Sheet 4. UMERANI
A2: OBJETO | C2: Prestar los servicios de formación y capacitación a los funcionarios de la Superintendencia Nacional de Salud para fortalecer sus competencias, de acuerdo con lo identificado en el Plan Institucional de Capacitación para la vigencia 2024.
A3: GRUPO 2 | C3: Demás capacitaciones:
A4: TEMATICAS | C4: 1. Análisis y Gestión de la Información estadística. | S4: 4. Auditoría y supervisión en salud (basada en riesgos). | AH4: 7. Argumentación jurídica, ortografía, Construcción y redacción de textos. (Virtualvía teams)
C5: 2. Definición, Formulación e interpretación de indicadores KIP y OKR. | S5: 5. Diplomado en seguridad del paciente. | AH5: 8. Control Interno y Auditoría interna.,
C6: 3. Control social con enfoque de la administración pública, participación y Orientación al ciudadano. | S6: 6. Actualización y fortalecimiento de técnicas y herramientas para la inspección, vigilancia y control. | AH6: 9. Marco lógico y formulación de proyectos, planes y programas con perspectiva de género y enfoques diferenciales, acoso laboral y sexual.
AH7: 10. Comunicación asertiva y trabajo bajo presión Inteligencia emocional y manejo del estrés.
A9: NOMBRE DEL PROPONENTE | G9: FUNDACION DE EDUCACION SUPERIOR ALBERTO MERANI
A10: NOMBRE DEL REPRESENTANTE LEGAL | G10: JUAN SEBASTIAN DE ZUBIRIA RAGO
A11: NIT | G11: 900019885 1
A12: MIPYME | G12: NO APLICA
A13: PRESUPUESTO OFICIAL | G13: 252.71
A15: 4.3.1. EXPERIENCIA DEL PROPONENTE
A17: E X P E R I E N C I A
A18: NUMERO CONTRATO (SI APLICA) | D18: CODIGO UNSPC | G18: ENTIDAD CONTRATANTE | Q18: FECHA INICIO | T18: FECHA FIN | W18: OBJETO CONTRACTUAL ("Prestar los servicios de formación y/o capacitación en cualquiera de las tematicas del grupo 2.") | AI18: CAPACITACION RELACIONADA | AL18: APORTA CERTIFICACION | AO18: EJECUTADA EN CONSORCIO O UNION TEMPORAL | AR18: PORCENTAJE DE PARTICIPACION | AU18: VALOR DEL CONTRATO (ser igual o superior a 252,71 SMMLV) | AX18: NÚMERO INSCRIPCIÓN RUP | BA18: RUP VIGENTE Y EN FIRME | BD18: FORMATO RELACIONES DE CERTIFICACIONES SI/ NO | BG18: CUMPLE SI/ NO | BJ18: OBSERVACIONES
A19: 210529 - 2021 | D19: 80111500 (X) 86101600 (X) 86101700 (X) 86101800 (X) 86111500 (X) 86111600 (X) 86132000 (X) 86141500 (X) 86141700 (X) | G19: SECRETARIA DISTRITAL DE HACIENDA DE BOGOTA | Q19: 44526 | T19: 44888 | W19: Desarrollar las jornadas de capacitación previstas en el Plan Institucional de Capacitación - PIC dirigidas a los funcionarios de la Secretaría Distrital de Hacienda. | AI19: SI CUMPLE | AL19: SI | AO19: NO APLICA | AR19: NO APLICA | AU19: 215.78 | AX19: 32 | BA19: SI | BD19: SI | BG19: SI CUMPLE
A20: 818- 2022 | D20: 80111500 (X) 86101600 (X) 86101700 (X) 86101800 (X) 86111500 (X) 86111600 (X) 86132000 (X) 86141500 (X) 86141700 (X) | G20: MINISTERIO DE VIVIENDA CIUDAD Y TERRITORIO | Q20: 44690 | T20: 44926 | W20: Prestar servicios en el fortalecimiento de las competencias laborales de los servidores públicos del Ministerio de Vivienda, Ciudad y Territorio de conformidad con lo estipulado en el Plan Institucional de Capacitación – PIC 2022 | AI20: SI CUMPLE | AL20: SI | AO20: NO APLICA | AR20: NO APLICA | AU20: 174.8 | AX20: 31 | BA20: SI | BD20: SI | BG20: SI CUMPLE
AR21: SUMATORIA | AU21: =+AU20+AU19 -> 390.58 | BG21: SI CUMPLE
A23: 4.3.2. PERSONAL MÍNIMO REQUERIDO:
A25: P E R S O N A L M I N I M O R E Q UE R I D O .
A26: NOMBRES Y APELLIDOS | G26: HOJA DE VIDA SI /NO | J26: CEDULA CIUDADANIA | M26: TITULO PROFESIONAL | Q26: FECHA GRADO | T26: Copia de la Tarjeta o matricula profesional vigente | Y26: Certificado de vigencia de la tarjeta profesional | AD26: APORTA TITULO PROFESIONAL | AI26: NOMBRE O RAZON SOCIAL DEL CONTRATANTE | AN26: CERTIFICADO CUMPLE (cargo y/o rol específico y/o objeto, funciones y/o obligaciones y/o actividades desempeñadas relacionadas con el perfil, y el tiempo laborado y/o de ejecución | AS26: EXPERIENCIA RELACIONADA COMO COORDINADOR | AV26: CERTIFICA MISMO PROPONENTE | AY26: APORTA CONTRATO | BB26: APORTA FORMATO EQUIPO DE TRABAJO | BD26: FECHA INICIO | BG26: FECHA FIN | BJ26: AÑO | BK26: MES | BL26: DIA | BM26: TOTAL TIEMPO EXPERIENCIA | BO26: CUMPLE SI/ NO | BR26: OBSERVACIONES
A27: LUCELI CASTILLO QUINTERO | G27: SI | J27: SI | M27: ADMINISTRADORA SISTEMAS DE INFORMACION | Q27: 40052 | T27: SI | Y27: SI | AD27: SI | AI27: CORPORACION INTERNACIONAL PARA EL DESARROLLO EDUCATIVO CIDE | AN27: SI | AS27: SI | AV27: NO | AY27: NO APLICA | BB27: SI | BD27: 44382 | BG27: 45458 | BJ27: =DATEDIF(BD27,BG27,"Y") -> 2 | BK27: =DATEDIF(BD27,BG27,"YM") -> 11 | BL27: =DATEDIF(BD27,BG27,"MD") -> 10 | BO27: SI CUMPLE
BJ28: =SUM(BJ27:BJ27) -> 2 | BK28: =SUM(BK27:BK27) -> 11 | BL28: =SUM(BL27:BL27) -> 10 | BO28: SI CUMPLE
A29: 4.3.3. SEDES | BJ29: =+BJ28*12 -> 24 | BK29: =+BK28 -> 11 | BL29: =+BL28/30 -> 0.33333333
BJ30: =+BJ29+BK29+BL29 -> 35.333333 | BK30: MESES
A31: S E D E S
A32: SEDE | G32: DOCUMENTO SOPORTE | M32: EXPEDIDO | Q32: FECHA EXPEDICION | U32: ÚBICACIÓN DEL INMUEBLE | Y32: BOGOTA | AB32: CUMPLE | AE32: CUMPLE SI/ NO | AH32: OBSERVACIONES
A33: PROPIA | G33: CERTIFICADO DE TRADICION Y LIBERTAD | M33: OFICINA DE REGISTRO E INSTRUMENTOS PUBLICOS ZONA CENTRO | Q33: 45497 | U33: BOGOTA | Y33: SI | AB33: SI | AE33: SI CUMPLE | AH33: 50C-80672
A34: PROPIA | G34: CERTIFICADO DE TRADICION Y LIBERTAD | M34: OFICINA DE REGISTRO E INSTRUMENTOS PUBLICOS ZONA CENTRO | Q34: 45497 | U34: BOGOTA | Y34: SI | AB34: SI | AE34: SI CUMPLE | AH34: 50C-106788
A35: PROPIA | G35: CERTIFICADO DE TRADICION Y LIBERTAD | M35: OFICINA DE REGISTRO E INSTRUMENTOS PUBLICOS ZONA CENTRO | Q35: 45497 | U35: BOGOTA | Y35: SI | AB35: SI | AE35: SI CUMPLE | AH35: 50C-136206
A36: PROPIA | G36: CERTIFICADO DE TRADICION Y LIBERTAD | M36: OFICINA DE REGISTRO E INSTRUMENTOS PUBLICOS ZONA CENTRO | Q36: 45497 | U36: BOGOTA | Y36: SI | AB36: SI | AE36: SI CUMPLE | AH36: 50C-312486
A37: PROPIA | G37: CERTIFICADO DE TRADICION Y LIBERTAD | M37: OFICINA DE REGISTRO E INSTRUMENTOS PUBLICOS ZONA CENTRO | Q37: 45497 | U37: BOGOTA | Y37: SI | AB37: SI | AE37: SI CUMPLE | AH37: 50C-499292
AE38: SI CUMPLE
A40: 4.3.4. PROPUESTA TÉCNICA
A42: P R O P U E S T A T E C N I C A
A43: ANEXO TÉCNICO – FICHA DE ESPECIFICACIONES TÉCNICAS MÍNIMAS. | G43: CUMPLE | J43: CUMPLE SI/ NO | M43: OBSERVACIONES
A44: El proponente con la suscripción de la Carta de Presentación manifiesta que ha leído entiende, acepta y cumplirá todos los requerimientos establecidos en el Anexo No. 1 Especificaciones Técnicas Mínimas, para realizar todas las actividades y entregables descritos en el citado documento. | G44: SI | J44: =+IF(G44="SI","SI CUMPLE","NO CUMPLE") -> SI CUMPLE | M44: El proponente aporta FORMATO N° 1 DE CARTA DE PRESENTACION DE LA OFERTA en el cual en el literal D "Manifiesta que he leído entiendo, acepto y cumpliré todos los requerimientos establecidos en el ANEXO 1 - FICHA TÉCNICA, para realizar todas las actividades y entregables descritos en el citado documento"
J45: =+J44 -> SI CUMPLE

Sheet 5. CIDOR
A2: OBJETO | C2: Prestar los servicios de formación y capacitación a los funcionarios de la Superintendencia Nacional de Salud para fortalecer sus competencias, de acuerdo con lo identificado en el Plan Institucional de Capacitación para la vigencia 2024.
A3: GRUPO 2 | C3: Demás capacitaciones:
A4: TEMATICAS | C4: 1. Análisis y Gestión de la Información estadística. | S4: 4. Auditoría y supervisión en salud (basada en riesgos). | AH4: 7. Argumentación jurídica, ortografía, Construcción y redacción de textos. (Virtualvía teams)
C5: 2. Definición, Formulación e interpretación de indicadores KIP y OKR. | S5: 5. Diplomado en seguridad del paciente. | AH5: 8. Control Interno y Auditoría interna.,
C6: 3. Control social con enfoque de la administración pública, participación y Orientación al ciudadano. | S6: 6. Actualización y fortalecimiento de técnicas y herramientas para la inspección, vigilancia y control. | AH6: 9. Marco lógico y formulación de proyectos, planes y programas con perspectiva de género y enfoques diferenciales, acoso laboral y sexual.
AH7: 10. Comunicación asertiva y trabajo bajo presión Inteligencia emocional y manejo del estrés.
A9: NOMBRE DEL PROPONENTE | G9: CIDOR CONSULTING ALLIANCE SAS
A10: NOMBRE DEL REPRESENTANTE LEGAL | G10: ANA PAOLA CORREA GONZALEZ
A11: NIT | G11: 830144794-9
A12: MIPYME | G12: SI
A13: PRESUPUESTO OFICIAL | G13: 252.71
A15: 4.3.1. EXPERIENCIA DEL PROPONENTE
A17: E X P E R I E N C I A
A18: NUMERO CONTRATO (SI APLICA) | D18: CODIGO UNSPC | G18: ENTIDAD CONTRATANTE | Q18: FECHA INICIO | T18: FECHA FIN | W18: OBJETO CONTRACTUAL ("Prestar los servicios de formación y/o capacitación en cualquiera de las tematicas del grupo 2.") | AI18: CAPACITACION RELACIONADA | AL18: APORTA CERTIFICACION | AO18: EJECUTADA EN CONSORCIO O UNION TEMPORAL | AR18: PORCENTAJE DE PARTICIPACION | AU18: VALOR DEL CONTRATO (ser igual o superior a 252,71 SMMLV) | AX18: NÚMERO INSCRIPCIÓN RUP | BA18: RUP VIGENTE Y EN FIRME | BD18: FORMATO RELACIONES DE CERTIFICACIONES SI/ NO | BG18: CUMPLE SI/ NO | BJ18: OBSERVACIONES
A19: 418- 2023 | D19: NO SE PUEDE EVIDENCIAR | G19: COMISION NACIONAL DEL SERVICIO CIVIL | Q19: NO SE PUEDE EVIDENCIAR | T19: NO SE PUEDE EVIDENCIAR | W19: Prestar el servicio de capacitación a los servidores de la entidad, para apoyar la ejecución del plan institucional de capacitación de la Comisión, vigencia 2023 | AI19: NO CUMPLE | AL19: NO | AO19: NO APLICA | AR19: NO APLICA | AU19: NO SE PUEDE EVIDENCIAR | AX19: NO SE PUEDE EVIDENCIAR | BA19: NO | BD19: NO | BG19: NO CUMPLE | BJ19: El proponente no aportó Certificado de Experiencia y por el contrario aportó un contrato de la Comisión Nacional del Servicio Civil, con la cual NO CUMPLE con el requisito, toda vez que se debe aportar es el Certificado de Experiencia donde se evidencie la información de la Nota 2, del numeral 4.3.1 Experiencia. Por lo tanto, no se puede tener en cuenta esta experiencia porque no permite verificar toda la información requerida. SUBSANANCIÓN: Deberá aportar el Certificado de Experiencia conforme a lo establecido en el pliego de condiciones, numeral 4.3.1 EXPERIENCIA.
A20: 1104333- 2019 | D20: 80111500 86101600 (X) 86101700 (X) 86101800 (X) 86111500 (X) 86111600 (X) 86132000 (X) 86141500 (X) 86141700 (X) | G20: FONDO FINACIERO DISTRITAL DE SALUD | Q20: NO SE PUEDE EVIDENCIAR PORQUE ES UN INFORME DE SUPERVISION | T20: NO SE PUEDE EVIDENCIAR PORQUE ES UN INFORME DE SUPERVISION | W20: NO SE PUEDE EVIDENCIAR POR QUE EL INFORME TIENE UN OBJETO DIFERENTE AL FORMATO N° 3 | AI20: NO CUMPLE | AL20: NO | AO20: NO APLICA | AR20: NO APLICA | AU20: 267.74 | AX20: 54 | BA20: SI | BD20: SI | BG20: NO CUMPLE | BJ20: El proponente no aportó Certificado de Experiencia y por el contrario aportó un contrato con un informe final de supervisión del Fondo Financiero Distrital de Salud, con la cual NO CUMPLE con el requisito, toda vez que se debe aportar es el Certificado de Experiencia donde se evidencie la información de la Nota 2, del numeral 4.3.1 Experiencia. Por lo tanto, no se puede tener en cuenta esta experiencia porque no permite verificar toda la información requerida y cumplida. SUBSANACIÓN: Deberá aportar el Certificado de Experiencia conforme a lo establecido en el pliego de condiciones, numeral 4.3.1 EXPERIENCIA.
A21: 792 - 2018 | D21: 80111500 (X) 86101600 (X) 86101700 (X) 86101800 (X) 86111500 (X) 86111600 (X) 86132000 (X) 86141500 (X) 86141700 (X) | G21: FONDO ÚNICO DE LAS TENOLOGIAS DE LA INFORMACIÓN Y LAS COMUNICACIONES | Q21: 43346 | T21: 43449 | W21: Capacitar a un grupo de servidores del Ministerio de Técnologias de la información y las Comunicaciones en temáticas aprobadas en el plan institucional de capacitación 2018 , para el fortalecimiento de sus competencias. | AI21: SI CUMPLE | AL21: NO | AO21: NO APLICA | AR21: NO APLICA | AU21: 413.3 | AX21: 35 | BA21: NO | BD21: SI | BG21: NO CUMPLE | BJ21: El proponente no aportó Certificado de Experiencia y por el contrario aportó un contrato con un informe final de supervisión del FONDO ÚNICO DE LAS TENOLOGIAS DE LA INFORMACIÓN Y LAS COMUNICACIONES, con la cual NO CUMPLE con el requisito, toda vez que se debe aportar es el Certificado de Experiencia donde se evidencie la información de la Nota 2, del numeral 4.3.1 Experiencia. Por lo tanto, no se puede tener en cuenta esta experiencia porque no permite verificar toda la información requerida y cumplida. SUBSANACIÓN: Deberá aportar el Certificado de Experiencia conforme a lo establecido en el pliego de condiciones, numeral 4.3.1 EXPERIENCIA.
A22: 2017- 1872 | D22: 80111500 (X) 86101600 (X) 86101700 (X) 86101800 (X) 86111500 86111600 (X) 86132000 (X) 86141500 (X) 86141700 (X) | G22: SECRETARIA DISTRITAL DE MOVILIDAD | Q22: NO SE PUEDE EVIDENCIAR | T22: NO SE PUEDE EVIDENCIAR | W22: Desarrollar actividades de capacitación dirigidas a los servidores públicos de la Secretaria Distrital de Movilidad y SETRAB-PONAL | AI22: NO CUMPLE | AL22: NO | AO22: NO APLICA | AR22: NO APLICA | AU22: 341.01 | AX22: 39 | BA22: SI | BD22: SI | BG22: NO CUMPLE | BJ22: El proponente no aportó Certificado de Experiencia y por el contrario aportó un contrato con acta sin las firmas completas con la Secretaría de Movilidad, con la cual NO CUMPLE con el requisito, toda vez que se debe aportar es el Certificado de Experiencia donde se evidencie la información de la Nota 2, del numeral 4.3.1 Experiencia. Por lo tanto, no se puede tener en cuenta esta experiencia porque no permite verificar toda la información requerida y cumplida. SUBSANACIÓN: Deberá aportar el Certificado de Experiencia conforme a lo establecido en el pliego de condiciones, numeral 4.3.1 EXPERIENCIA.
AR23: SUMATORIA | AU23: =SUM(AU19:AW19) -> 0 | BG23: NO CUMPLE
A25: 4.3.2. PERSONAL MÍNIMO REQUERIDO:
A27: P E R S O N A L M I N I M O R E Q UE R I D O .
A28: NOMBRES Y APELLIDOS | G28: HOJA DE VIDA SI /NO | J28: CEDULA CIUDADANIA | M28: TITULO PROFESIONAL | Q28: FECHA GRADO | T28: Copia de la Tarjeta o matricula profesional vigente | Y28: Certificado de vigencia de la tarjeta profesional | AD28: APORTA TITULO PROFESIONAL | AI28: NOMBRE O RAZON SOCIAL DEL CONTRATANTE | AN28: CERTIFICADO CUMPLE (cargo y/o rol específico y/o objeto, funciones y/o obligaciones y/o actividades desempeñadas relacionadas con el perfil, y el tiempo laborado y/o de ejecución | AS28: EXPERIENCIA RELACIONADA COMO COORDINADOR | AV28: CERTIFICA MISMO PROPONENTE | AY28: APORTA CONTRATO | BB28: APORTA FORMATO EQUIPO DE TRABAJO | BD28: FECHA INICIO | BG28: FECHA FIN | BJ28: AÑO | BK28: MES | BL28: DIA | BM28: TOTAL TIEMPO EXPERIENCIA | BO28: CUMPLE SI/ NO | BR28: OBSERVACIONES
A29: HAROLD ANTONIO MOLINA AGARZON | G29: SI | J29: SI | M29: ADMINISTRADOR DE EMPRESAS | Q29: 43175 | T29: SI | Y29: SI | AD29: SI | AI29: PROYECTOS AMBIENTALES SEGURIDAD Y SALUD EN EL TRABAJO SAS | AN29: SI | AS29: SI | AV29: NO | AY29: NO APLICA | BB29: SI | BD29: 44607 | BG29: 45379 | BJ29: =DATEDIF(BD29,BG29,"Y") -> 2 | BK29: =DATEDIF(BD29,BG29,"YM") -> 1 | BL29: =DATEDIF(BD29,BG29,"MD") -> 13 | BO29: SI CUMPLE
BJ30: =SUM(BJ29:BJ29) -> 2 | BK30: =SUM(BK29:BK29) -> 1 | BL30: =SUM(BL29:BL29) -> 13 | BO30: SI CUMPLE
A31: 4.3.3. SEDES | BJ31: =+BJ30*12 -> 24 | BK31: =+BK30 -> 1 | BL31: =+BL30/30 -> 0.43333333
BJ32: =+BJ31+BK31+BL31 -> 25.433333 | BK32: MESES
A33: S E D E S
A34: SEDE | G34: DOCUMENTO SOPORTE | M34: EXPEDIDO | Q34: FECHA EXPEDICION | U34: ÚBICACIÓN DEL INMUEBLE | Y34: BOGOTA | AB34: CUMPLE | AE34: CUMPLE SI/ NO | AH34: OBSERVACIONES
A35: ARRENDADA | G35: CONTRATO DE ARRIENDO | M35: CENTRO DE EVENTOS Y EXPOSICIONES LAS AMERICAS | Q35: 45124 | U35: BOGOTA | Y35: SI | AB35: SI | AE35: SI CUMPLE
AE36: =+AE35 -> SI CUMPLE
A38: 4.3.4. PROPUESTA TÉCNICA
A40: P R O P U E S T A T E C N I C A
A41: ANEXO TÉCNICO – FICHA DE ESPECIFICACIONES TÉCNICAS MÍNIMAS. | G41: CUMPLE | J41: CUMPLE SI/ NO | M41: OBSERVACIONES
A42: El proponente con la suscripción de la Carta de Presentación manifiesta que ha leído entiende, acepta y cumplirá todos los requerimientos establecidos en el Anexo No. 1 Especificaciones Técnicas Mínimas, para realizar todas las actividades y entregables descritos en el citado documento. | G42: SI | J42: =+IF(G42="SI","SI CUMPLE","NO CUMPLE") -> SI CUMPLE | M42: El proponente aporta FORMATO N° 1 DE CARTA DE PRESENTACION DE LA OFERTA en el cual en el literal D "Manifiesta que he leído entiendo, acepto y cumpliré todos los requerimientos establecidos en el ANEXO 1 - FICHA TÉCNICA, para realizar todas las actividades y entregables descritos en el citado documento"
J43: =+J42 -> SI CUMPLE

Sheet 6. UT POLCOLAN
A2: OBJETO | C2: Prestar los servicios de formación y capacitación a los funcionarios de la Superintendencia Nacional de Salud para fortalecer sus competencias, de acuerdo con lo identificado en el Plan Institucional de Capacitación para la vigencia 2024.
A3: GRUPO 2 | C3: Demás capacitaciones:
A4: TEMATICAS | C4: 1. Análisis y Gestión de la Información estadística. | S4: 4. Auditoría y supervisión en salud (basada en riesgos). | AH4: 7. Argumentación jurídica, ortografía, Construcción y redacción de textos. (Virtualvía teams)
C5: 2. Definición, Formulación e interpretación de indicadores KIP y OKR. | S5: 5. Diplomado en seguridad del paciente. | AH5: 8. Control Interno y Auditoría interna.,
C6: 3. Control social con enfoque de la administración pública, participación y Orientación al ciudadano. | S6: 6. Actualización y fortalecimiento de técnicas y herramientas para la inspección, vigilancia y control. | AH6: 9. Marco lógico y formulación de proyectos, planes y programas con perspectiva de género y enfoques diferenciales, acoso laboral y sexual.
AH7: 10. Comunicación asertiva y trabajo bajo presión Inteligencia emocional y manejo del estrés.
A9: NOMBRE DEL PROPONENTE | G9: UNIÓN TEMPORAL SUPERSALUD 24-018 BS-POLCOLAN | W9: BUSINESS SUPPORT S.A.S. | AE9: NIT 900006572-3 | AG9: 0.9 | AI9: NO APLICA | AM9: 431.64
A10: NOMBRE DEL REPRESENTANTE LEGAL | G10: DIONISIA ELIZABETH HERNÁNDEZ AGUILERA | W10: CORPORACIÓN POLITÉCNICO COLOMBO ANDINO-POLCOLAN | AE10: NIT 860508517-8 | AG10: 0.1 | AI10: MEDIANA EMPRESA | AM10: 47.96
A11: NIT
A12: MIPYME | G12: SI
A13: PRESUPUESTO OFICIAL | G13: 252.71 | AM13: =SUM(AM9:AM12) -> 479.6
A15: 4.3.1. EXPERIENCIA DEL PROPONENTE
A17: E X P E R I E N C I A
A18: NUMERO CONTRATO (SI APLICA) | D18: CODIGO UNSPC | G18: ENTIDAD CONTRATANTE | Q18: FECHA INICIO | T18: FECHA FIN | W18: OBJETO CONTRACTUAL ("Prestar los servicios de formación y/o capacitación en cualquiera de las tematicas del grupo 2.") | AI18: CAPACITACION RELACIONADA | AL18: APORTA CERTIFICACION | AO18: EJECUTADA EN CONSORCIO O UNION TEMPORAL | AR18: PORCENTAJE DE PARTICIPACION | AU18: VALOR DEL CONTRATO | AX18: VALOR DEL CONTRATO (ser igual o superior a 252,71 SMMLV) | BA18: NÚMERO INSCRIPCIÓN RUP | BD18: RUP VIGENTE Y EN FIRME | BG18: FORMATO RELACIONES DE CERTIFICACIONES SI/ NO | BJ18: CUMPLE SI/ NO | BM18: OBSERVACIONES
A19: EXPERIENCIA APORTADA POR BUSINESS SUPPORT S.A.S.
A20: 4150985 | D20: 80111500 (X) 86101600 (X) 86101700 (X) 86101800 (X) 86111500 (X) 86111600 (X) 86132000 (X) 86141500 (X) 86141700 (X) | G20: FONDO FINANCIERO DISTRITAL DE SALUD | Q20: 44875 | T20: 45116 | W20: Prestar servicios en el fortalecimiento de las competencias laborales de los servidores públicos de la secretaría distrital de salud mediante la implementación del plan institucional de capacitación. | AI20: SI CUMPLE | AL20: SI | AO20: NO | AR20: NO APLICA | AU20: 177.98 | AX20: 0 | BA20: 133 | BD20: SI | BG20: SI | BJ20: SI CUMPLE
A21: 407 de 2019 | D21: 80111500 (X) 86101600 86101700 (X) 86101800 (X) 86111500 86111600 (X) 86132000 (X) 86141500 86141700 (X) | G21: SECRETARIA DISTRITAL DE LA MUJER | Q21: 43703 | T21: 43830 | W21: FORTALECER LAS COMPETENCIAS DE LAS SERVIDORAS Y SERVIDORES PÚBLICOS DE LA SECRETARÍA DISTRITAL DE LA MUJER, A TRAVÉS DE PROCESOS DE FORMACIÓN, ENTRENAMIENTO Y CAPACITACIÓN, DE ACUERDO CON EL PLAN INSTITUCIONAL DE FORMACIÓN Y CAPACITACIÓN 2019 | AI21: SI CUMPLE | AL21: SI | AO21: NO | AR21: NO APLICA | AU21: 104.11 | AX21: 0 | BA21: 84 | BD21: SI | BG21: SI | BJ21: SI CUMPLE
A22: 4600015568 | D22: 80111500 (X) 86101600 (X) 86101700 (X) 86101800 (X) 86111500 (X) 86111600 (X) 86132000 (X) 86141500 (X) 86141700 (X) | G22: COMUNICACION CELULAR S A COMCEL S A | Q22: 44304 | T22: 45340 | W22: Prestar servicios de formación a través de un programa integral, estructurado y modular que permita fortalecer y apalancar habilidades blandas y los conocimientos técnicos necesarios para la operación de TMK. Generar un plan de trabajo que incluya etapas de diagnóstico, diseño, ejecución, puesta en marcha, evaluación y presentación de resultados que apalanquen el uso de metodologías innovadoras de educación virtual y presencial con los estándares de oportunidad y calidad que se fijen en los acuerdos de niveles de servicio, en respuesta a la contribución y movilización de las metas estratégicas de compañía | AI22: SI CUMPLE | AL22: SI | AO22: NO | AR22: NO APLICA | AU22: 3583.03 | AX22: =+AU22*$AG$9 -> 3224.727 | BA22: 134 | BD22: SI | BG22: SI | BJ22: SI CUMPLE
A23: 855 DE 2021 | D23: 80111500 (X) 86101600 (X) 86101700 (X) 86101800 (X) 86111500 (X) 86111600 (X) 86132000 (X) 86141500 (X) 86141700 (X) | G23: FONDO ÚNICO DE TECNOLOGÍAS DE LA INFORMACIÓN Y LAS COMUNICACIONES | Q23: 44371 | T23: 44561 | W23: Prestar servicios para apoyar en el fortalecimiento del modelo de gestión, mediante la evolución de las estrategias y mecanismos de gestión del conocimiento, que promuevan el aprendizaje institucional y la transformación de las prácticas institucionales al interior de la entidad. | AI23: SI CUMPLE | AL23: SI | AO23: NO | AR23: NO APLICA | AU23: 822.56 | AX23: =+AU23*$AG$9 -> 740.304 | BA23: 100 | BD23: SI | BG23: SI | BJ23: SI CUMPLE
AR24: SUMATORIA | AX24: =+AX20+AX21+AX22+AX23 -> 3965.031 | BJ24: SI CUMPLE
A26: 4.3.2. PERSONAL MÍNIMO REQUERIDO:
A28: P E R S O N A L M I N I M O R E Q UE R I D O .
A29: NOMBRES Y APELLIDOS | G29: HOJA DE VIDA SI /NO | J29: CEDULA CIUDADANIA | M29: TITULO PROFESIONAL | Q29: FECHA GRADO | T29: Copia de la Tarjeta o matricula profesional vigente | Y29: Certificado de vigencia de la tarjeta profesional | AD29: APORTA TITULO PROFESIONAL | AI29: NOMBRE O RAZON SOCIAL DEL CONTRATANTE | AN29: CERTIFICADO CUMPLE (cargo y/o rol específico y/o objeto, funciones y/o obligaciones y/o actividades desempeñadas relacionadas con el perfil, y el tiempo laborado y/o de ejecución | AS29: EXPERIENCIA RELACIONADA COMO COORDINADOR | AV29: CERTIFICA MISMO PROPONENTE | AY29: APORTA CONTRATO | BB29: APORTA FORMATO EQUIPO DE TRABAJO | BD29: FECHA INICIO | BG29: FECHA FIN | BJ29: AÑO | BK29: MES | BL29: DIA | BM29: TOTAL TIEMPO EXPERIENCIA | BO29: CUMPLE SI/ NO | BR29: OBSERVACIONES
A30: GISELA CAROLINA PÉREZ GUTIÉRREZ | G30: SI | J30: SI | M30: PSICOLOGA | Q30: NO APORTA EL DIPLOMA | T30: NO APORTA | Y30: SI | AD30: NO | BJ30: =DATEDIF(BD30,BG30,"Y") -> 0 | BK30: =DATEDIF(BD30,BG30,"YM") -> 0 | BL30: =DATEDIF(BD30,BG30,"MD") -> 0 | BO30: NO CUMPLE | BR30: El proponente no aportó para el coordinador propuesto: Copia de la tarjeta o matrícula profesional vigente Copia de los títulos por estudios universitarios de pregrado No se aportó experiencia de la persona propuesta. SUBSANACIÓN: Deberá aportar: Copia de la tarjeta o matrícula profesional vigente. Copia de los títulos por estudios universitarios de pregrado Acreditar la experiencia del coordinador de acuerdo con lo establecido en la observación anterior y cumpliendo con 4.3.2 EQUIPO DE TRABAJO MÍNIMO HABILITANTE.
BJ31: =SUM(BJ30) -> 0 | BK31: =SUM(BK30) -> 0 | BL31: =SUM(BL30) -> 0 | BO31: NO CUMPLE
A32: 4.3.3. SEDES | BJ32: =+BJ31*12 -> 0 | BK32: =+BK31 -> 0 | BL32: =+BL31/30 -> 0
BJ33: =+BJ32+BK32+BL32 -> 0 | BK33: MESES
A34: S E D E S
A35: SEDE | G35: DOCUMENTO SOPORTE | M35: EXPEDIDO | Q35: FECHA EXPEDICION | U35: ÚBICACIÓN DEL INMUEBLE | Y35: BOGOTA | AB35: CUMPLE | AE35: CUMPLE SI/ NO | AH35: OBSERVACIONES
A36: ARRENDADA | G36: CONTRATO DE ARRIENDO | M36: *BYH BARON HERNANDEZ Y CIA S. EN C.S. *LIGIA YAZMIN ROBAYO *HENRY PEREZ CARVAJAL *GLOBAL TECHNOLOGY SERVICES GTS SA. *ROGELIO VELEZ TOBON | Q36: 39797 | U36: BOGOTA | Y36: SI | AB36: SI | AE36: SI CUMPLE
A37: ARRENDADA | G37: SIMILARES ARRIENDO | M37: CORPORACION POLITECNICO COLOMBO ANDINO | Q37: 43109 | U37: BOGOTA | Y37: SI | AB37: SI | AE37: SI CUMPLE
AE38: =+AE37 -> SI CUMPLE
A40: 4.3.4. PROPUESTA TÉCNICA
A42: P R O P U E S T A T E C N I C A
A43: ANEXO TÉCNICO – FICHA DE ESPECIFICACIONES TÉCNICAS MÍNIMAS. | G43: CUMPLE | J43: CUMPLE SI/ NO | M43: OBSERVACIONES
A44: El proponente con la suscripción de la Carta de Presentación manifiesta que ha leído entiende, acepta y cumplirá todos los requerimientos establecidos en el Anexo No. 1 Especificaciones Técnicas Mínimas, para realizar todas las actividades y entregables descritos en el citado documento. | G44: SI | J44: =+IF(G44="SI","SI CUMPLE","NO CUMPLE") -> SI CUMPLE | M44: El proponente aporta FORMATO N° 1 DE CARTA DE PRESENTACION DE LA OFERTA en el cual en el literal D "Manifiesta que he leído entiendo, acepto y cumpliré todos los requerimientos establecidos en el ANEXO 1 - FICHA TÉCNICA, para realizar todas las actividades y entregables descritos en el citado documento"
J45: =+J44 -> SI CUMPLE

Sheet 7. EAN
A2: OBJETO | C2: Prestar los servicios de formación y capacitación a los funcionarios de la Superintendencia Nacional de Salud para fortalecer sus competencias, de acuerdo con lo identificado en el Plan Institucional de Capacitación para la vigencia 2024.
A3: GRUPO 2 | C3: Demás capacitaciones:
A4: TEMATICAS | C4: 1. Análisis y Gestión de la Información estadística. | S4: 4. Auditoría y supervisión en salud (basada en riesgos). | AH4: 7. Argumentación jurídica, ortografía, Construcción y redacción de textos. (Virtualvía teams)
C5: 2. Definición, Formulación e interpretación de indicadores KIP y OKR. | S5: 5. Diplomado en seguridad del paciente. | AH5: 8. Control Interno y Auditoría interna.,
C6: 3. Control social con enfoque de la administración pública, participación y Orientación al ciudadano. | S6: 6. Actualización y fortalecimiento de técnicas y herramientas para la inspección, vigilancia y control. | AH6: 9. Marco lógico y formulación de proyectos, planes y programas con perspectiva de género y enfoques diferenciales, acoso laboral y sexual.
AH7: 10. Comunicación asertiva y trabajo bajo presión Inteligencia emocional y manejo del estrés.
A9: NOMBRE DEL PROPONENTE | G9: UNIVERSIDAD EAN
A10: NOMBRE DEL REPRESENTANTE LEGAL | G10: BRIGITTE LUIS GUILLERMO BAPTISTE BALLERA
A11: NIT | G11: 860026058-1
A12: MIPYME | G12: NO APLICA
A13: PRESUPUESTO OFICIAL | G13: 252.71
A15: 4.3.1. EXPERIENCIA DEL PROPONENTE
A17: E X P E R I E N C I A
A18: NUMERO CONTRATO (SI APLICA) | D18: CODIGO UNSPC | G18: ENTIDAD CONTRATANTE | Q18: FECHA INICIO | T18: FECHA FIN | W18: OBJETO CONTRACTUAL ("Prestar los servicios de formación y/o capacitación en cualquiera de las tematicas del grupo 2.") | AI18: CAPACITACION RELACIONADA | AL18: APORTA CERTIFICACION | AO18: EJECUTADA EN CONSORCIO O UNION TEMPORAL | AR18: PORCENTAJE DE PARTICIPACION | AU18: VALOR DEL CONTRATO (ser igual o superior a 252,71 SMMLV) | AX18: NÚMERO INSCRIPCIÓN RUP | BA18: RUP VIGENTE Y EN FIRME | BD18: FORMATO RELACIONES DE CERTIFICACIONES SI/ NO | BG18: CUMPLE SI/ NO | BJ18: OBSERVACIONES
A19: NO TIENE | D19: 80111500 (X) 86101600 (X) 86101700 (X) 86101800 86111500 (X) 86111600 (X) 86132000 (X) 86141500 (X) 86141700 (X) | G19: COLSANITAS | Q19: 44074 | T19: 44196 | W19: Servicios de desarrollo y ejecución de los siguientes programas educativos, incluida la logística y actividades administrativas requeridas para la correcta ejecución del Proyecto, así como el diligenciamiento de los formatos exigidos por el SENA, la generación de informes periódicos, el acompañamiento en la interventoría y demás actividades asociadas al Convenio | AI19: NO CUMPLE | AL19: SI | AO19: NO APLICA | AR19: NO APLICA | AU19: 266.79 | AX19: 170 | BA19: SI | BD19: SI | BG19: NO CUMPLE | BJ19: El proponente aportó certificado de experiencia, pero no cumple con las temáticas del Grupo 2. Por lo tanto, no se puede tener en cuenta esta experiencia porque no cumple con las temáticas propuestas. SUBSANACIÓN: Deberá aportar la experiencia conforme a lo establecido en el pliego de condiciones, numeral 4.3.1 EXPERIENCIA.
A20: 768 - 2019 | D20: 80111500 (X) 86101600 (X) 86101700 (X) 86101800 86111500 (X) 86111600 (X) 86132000 (X) 86141500 (X) 86141700 (X) | G20: FONDO UNICO DE TECNOLOGÍAS DE LA INFORMACIÓN Y LAS COMUNICACIONES | Q20: 43762 | T20: 43830 | W20: Capacitar a un grupo de servidores del Ministerio de Tecnologías de la Información y las Comunicaciones en diversas temáticas con el propósito de mejorar sus competencias laborales; lo anterior como parte de la implementación de la ruta del crecimiento, que busca fortalecer la apropiación del modelo de gestión institucional. | AI20: SI CUMPLE | AL20: SI | AO20: NO APLICA | AR20: NO APLICA | AU20: 309.99 | AX20: 156 | BA20: SI | BD20: SI | BG20: SI CUMPLE
A21: NO TIENE | D21: 80111500 86101600 86101700 86101800 86111500 86111600 86132000 86141500 86141700 | G21: ASOCIACIÓN COLOMBIANA DE MINERÍA | Q21: 44377 | T21: 44530 | W21: Prestación de servicios de formación continua y especializada de acuerdo con la convocatoria SENA DG 1-0001-2021, en el marco de la ejecución del convenio # CFCE – 0002-2021-5 suscrito entre el Servicio Nacional de Aprendizaje SENA y la ACM como promotor del convenio, para el desarrollo de cuatro (4) acciones de formación. | AI21: NO CUMPLE | AL21: SI | AO21: NO APLICA | AR21: NO APLICA | AU21: 421.68 | AX21: 191 | BA21: SI | BD21: SI | BG21: NO CUMPLE | BJ21: El proponente aportó certificado de experiencia, pero no cumple con las temáticas del Grupo 2. Por lo tanto, no se puede tener en cuenta esta experiencia porque no cumple con las temáticas propuestas. SUBSANACIÓN: Deberá aportar la experiencia conforme a lo establecido en el pliego de condiciones, numeral 4.3.1 EXPERIENCIA.
AR22: SUMATORIA | AU22: =+AU20 -> 309.99 | BG22: SI CUMPLE
A24: 4.3.2. PERSONAL MÍNIMO REQUERIDO:
A26: P E R S O N A L M I N I M O R E Q UE R I D O .
A27: NOMBRES Y APELLIDOS | G27: HOJA DE VIDA SI /NO | J27: CEDULA CIUDADANIA | M27: TITULO PROFESIONAL | Q27: FECHA GRADO | T27: Copia de la Tarjeta o matricula profesional vigente | Y27: Certificado de vigencia de la tarjeta profesional | AD27: APORTA TITULO PROFESIONAL | AI27: NOMBRE O RAZON SOCIAL DEL CONTRATANTE | AN27: CERTIFICADO CUMPLE (cargo y/o rol específico y/o objeto, funciones y/o obligaciones y/o actividades desempeñadas relacionadas con el perfil, y el tiempo laborado y/o de ejecución | AS27: EXPERIENCIA RELACIONADA COMO COORDINADOR | AV27: CERTIFICA MISMO PROPONENTE | AY27: APORTA CONTRATO | BB27: APORTA FORMATO EQUIPO DE TRABAJO | BD27: FECHA INICIO | BG27: FECHA FIN | BJ27: AÑO | BK27: MES | BL27: DIA | BM27: TOTAL TIEMPO EXPERIENCIA | BO27: CUMPLE SI/ NO | BR27: OBSERVACIONES
A28: ANTONIO GOMEZ OROZCO | G28: SI | J28: NO | M28: INGENIERO INDUSTRIAL | Q28: 36278 | T28: SI | Y28: NO | AD28: SI | AI28: EAN | AN28: NO | AS28: SI | AV28: SI | AY28: NO | BB28: SI | BD28: 40815 | BG28: 40862 | BJ28: =DATEDIF(BD28,BG28,"Y") -> 0 | BK28: =DATEDIF(BD28,BG28,"YM") -> 1 | BL28: =DATEDIF(BD28,BG28,"MD") -> 17 | BO28: NO CUMPLE | BR28: Para el coordinador propuesto: No aportó cédula de ciudadanía Certificado de vigencia de tarjeta profesional (Esta vencido – 8 de agosto de 2021) El certificado de experiencia de la Universidad EAN, no tiene funciones, obligaciones o actividades, que puedan permitir verificar experiencia relacionada exigida. Así mismo, al ser certificado por el mismo proponente deberá adjuntarse adicionalmente copia del respectivo contrato celebrado con el profesional propuesto y/o el contrato del proyecto en el cual el profesional ejecutó su actividad. SUBSANACIÓN: Deberá aportar: Cédula de ciudadanía Certificado de vigencia de tarjeta profesional actualizado Acreditar la experiencia del coordinador de acuerdo con lo establecido en la observación anterior y cumpliendo con 4.3.2 EQUIPO DE TRABAJO MÍNIMO HABILITANTE
BD29: 41072 | BG29: 41263 | BJ29: =DATEDIF(BD29,BG29,"Y") -> 0 | BK29: =DATEDIF(BD29,BG29,"YM") -> 6 | BL29: =DATEDIF(BD29,BG29,"MD") -> 8
BD30: 41583 | BG30: 41613 | BJ30: =DATEDIF(BD30,BG30,"Y") -> 0 | BK30: =DATEDIF(BD30,BG30,"YM") -> 1 | BL30: =DATEDIF(BD30,BG30,"MD") -> 0
BD31: 41828 | BG31: 41965 | BJ31: =DATEDIF(BD31,BG31,"Y") -> 0 | BK31: =DATEDIF(BD31,BG31,"YM") -> 4 | BL31: =DATEDIF(BD31,BG31,"MD") -> 14
BD32: 42037 | BG32: 42072 | BJ32: =DATEDIF(BD32,BG32,"Y") -> 0 | BK32: =DATEDIF(BD32,BG32,"YM") -> 1 | BL32: =DATEDIF(BD32,BG32,"MD") -> 7
BD33: 42200 | BG33: 42355 | BJ33: =DATEDIF(BD33,BG33,"Y") -> 0 | BK33: =DATEDIF(BD33,BG33,"YM") -> 5 | BL33: =DATEDIF(BD33,BG33,"MD") -> 2 | BR33: SE TRASLAPA
BD34: 42356 | BG34: 42477 | BJ34: =DATEDIF(BD34,BG34,"Y") -> 0 | BK34: =DATEDIF(BD34,BG34,"YM") -> 3 | BL34: =DATEDIF(BD34,BG34,"MD") -> 30 | BR34: SE TRASLAPA
BD35: 42478 | BG35: 42719 | BJ35: =DATEDIF(BD35,BG35,"Y") -> 0 | BK35: =DATEDIF(BD35,BG35,"YM") -> 7 | BL35: =DATEDIF(BD35,BG35,"MD") -> 27 | BR35: SE TRASLAPA
BJ36: =SUM(BJ28:BJ35) -> 0 | BK36: =SUM(BK28:BK35) -> 28 | BL36: =SUM(BL28:BL35) -> 105 | BO36: NO CUMPLE
A37: 4.3.3. SEDES | BJ37: =+BJ36*12 -> 0 | BK37: =+BK36 -> 28 | BL37: =+BL36/30 -> 3.5
BJ38: =+BJ37+BK37+BL37 -> 31.5 | BK38: MESES
A39: S E D E S
A40: SEDE | G40: DOCUMENTO SOPORTE | M40: EXPEDIDO | Q40: FECHA EXPEDICION | U40: ÚBICACIÓN DEL INMUEBLE | Y40: BOGOTA | AB40: CUMPLE | AE40: CUMPLE SI/ NO | AH40: OBSERVACIONES
A41: PROPIA | G41: CERTIFICADO DE TRADICION Y LIBERTAD | M41: OFICINA DE REGISTRO E INSTRUMENTOS PUBLICOS ZONA CENTRO | Q41: 45471 | U41: BOGOTA | Y41: SI | AB41: SI | AE41: SI CUMPLE
AE42: =+AE41 -> SI CUMPLE
A44: 4.3.4. PROPUESTA TÉCNICA
A46: P R O P U E S T A T E C N I C A
A47: ANEXO TÉCNICO – FICHA DE ESPECIFICACIONES TÉCNICAS MÍNIMAS. | G47: CUMPLE | J47: CUMPLE SI/ NO | M47: OBSERVACIONES
A48: El proponente con la suscripción de la Carta de Presentación manifiesta que ha leído entiende, acepta y cumplirá todos los requerimientos establecidos en el Anexo No. 1 Especificaciones Técnicas Mínimas, para realizar todas las actividades y entregables descritos en el citado documento. | G48: SI | J48: =+IF(G48="SI","SI CUMPLE","NO CUMPLE") -> SI CUMPLE | M48: El proponente aporta FORMATO N° 1 DE CARTA DE PRESENTACION DE LA OFERTA en el cual en el literal D "Manifiesta que he leído entiendo, acepto y cumpliré todos los requerimientos establecidos en el ANEXO 1 - FICHA TÉCNICA, para realizar todas las actividades y entregables descritos en el citado documento"
J49: =+J48 -> SI CUMPLE

Sheet 8. CHICAMOCHA
A2: OBJETO | C2: Prestar los servicios de formación y capacitación a los funcionarios de la Superintendencia Nacional de Salud para fortalecer sus competencias, de acuerdo con lo identificado en el Plan Institucional de Capacitación para la vigencia 2024.
A3: GRUPO 2 | C3: Demás capacitaciones:
A4: TEMATICAS | C4: 1. Análisis y Gestión de la Información estadística. | S4: 4. Auditoría y supervisión en salud (basada en riesgos). | AH4: 7. Argumentación jurídica, ortografía, Construcción y redacción de textos. (Virtualvía teams)
C5: 2. Definición, Formulación e interpretación de indicadores KIP y OKR. | S5: 5. Diplomado en seguridad del paciente. | AH5: 8. Control Interno y Auditoría interna.,
C6: 3. Control social con enfoque de la administración pública, participación y Orientación al ciudadano. | S6: 6. Actualización y fortalecimiento de técnicas y herramientas para la inspección, vigilancia y control. | AH6: 9. Marco lógico y formulación de proyectos, planes y programas con perspectiva de género y enfoques diferenciales, acoso laboral y sexual.
AH7: 10. Comunicación asertiva y trabajo bajo presión Inteligencia emocional y manejo del estrés.
A9: NOMBRE DEL PROPONENTE | G9: UNIVERSITARIA DEL CHICAMOCHA
A10: NOMBRE DEL REPRESENTANTE LEGAL | G10: CLAUDIA MILENA HERNANDEZ NARANJO
A11: NIT | G11: 901575686-8
A12: MIPYME | G12: NO APLICA
A13: PRESUPUESTO OFICIAL | G13: 252.71
A15: 4.3.1. EXPERIENCIA DEL PROPONENTE
A17: E X P E R I E N C I A
A18: NUMERO CONTRATO (SI APLICA) | D18: CODIGO UNSPC | G18: ENTIDAD CONTRATANTE | Q18: FECHA INICIO | T18: FECHA FIN | W18: OBJETO CONTRACTUAL ("Prestar los servicios de formación y/o capacitación en cualquiera de las tematicas del grupo 2.") | AI18: CAPACITACION RELACIONADA | AL18: APORTA CERTIFICACION | AO18: EJECUTADA EN CONSORCIO O UNION TEMPORAL | AR18: PORCENTAJE DE PARTICIPACION | AU18: VALOR DEL CONTRATO (ser igual o superior a 252,71 SMMLV) | AX18: NÚMERO INSCRIPCIÓN RUP | BA18: RUP VIGENTE Y EN FIRME | BD18: FORMATO RELACIONES DE CERTIFICACIONES SI/ NO | BG18: CUMPLE SI/ NO | BJ18: OBSERVACIONES
A19: NO REPORTA | D19: 80111500 86101600 86101700 (X) 86101800 86111500 (X) 86111600 (X) 86132000 (X) 86141500 86141700 | G19: FUNDACION COLOMBIA COLLEGE | Q19: 44774 | T19: 45260 | W19: El objeto del presente convenio es desarrollar una estrategia entre las partes a fin de realizar conjuntamente actividades para fortalecer los conocimientos de la salud sexual y reproductiva de los adolescentes, sus familias y comunidades para la prevención del embarazo precoz, embarazo consecutivo, matrimonio infantil; Programas de prevención para el acoso escolar o bullying, programas de acoso sexual y laboral Programas de promoción en la salud emocional y bienestar el programa incluye la promoción de la salud mental y el bienestar. | AI19: SI CUMPLE | AL19: SI | AO19: NO APLICA | AR19: NO APLICA | AU19: 100.21 | AX19: 35 | BA19: SI | BD19: SI | BG19: SI CUMPLE | BJ19: El proponente deberá tener en cuenta que debe tener en cuenta que el pliego de condiciones establece en su numeral 4.3.1, Nota 3 que “para acreditar la experiencia el proponente podrá aportar mínimo uno (1) y máximo tres (3) contratos para cada uno de los grupos o lotes, o podrá aportar los mismos para todos los grupos o lotes siempre y cuando cumplan con todas las condiciones establecidas para cada grupo. En la verificación del número de contratos frente al presupuesto oficial, el valor a certificar debe ser con relación al valor del presupuesto oficial del respectivo grupo o lote expresado en SMMLV, si se presenta para los dos grupos, será la sumatoria de los dos grupos a presentarse.” Razón por la cual, al quererse acreditar esta experiencia para los dos grupos (1 y2), la misma en sumatoria es insuficiente para los dos grupos.
A20: NO REPORTA | D20: 80111500 86101600 86101700 86101800 86111500 (X) 86111600 (X) 86132000 86141500 86141700 | G20: SERVICIOS EMPRESARIALES MAEC SAS | Q20: NO SE PUEDE EVIDENCIAR | T20: NO SE PUEDE EVIDENCIAR | W20: El objeto del presente convenio es desarrollar una estrategia entre las partes a fin de realizar conjuntamente actividades para fortalecer los conocimientos del personal asistencial del sector de la salud. | AI20: NO CUMPLE | AL20: SI | AO20: NO APLICA | AR20: NO APLICA | AU20: 50 | AX20: 28 | BA20: SI | BD20: SI | BG20: NO CUMPLE | BJ20: El proponente aportó certificado de experiencia, sin embargo el Cerrtificado aportado NO CUMPLE por las siguientes razones: * No se puede evidenciar la fecha de inicio y de finalización de la ejecución del contrato * No se pueden observar las temáticas y de acuerdo con el objeto certificado este NO CUMPLE con las temáticas del Grupo 1. Por lo tanto, no se puede tener en cuenta esta experiencia para el presente grupo. SUBSANACIÓN: Deberá acreditar la Experiencia conforme a lo establecido en el pliego de condiciones, numeral 4.3.1 EXPERIENCIA. El proponente deberá tener en cuenta que debe tener en cuenta que el pliego de condiciones establece en su numeral 4.3.1, Nota 3 que “para acreditar la experiencia el proponente podrá aportar mínimo uno (1) y máximo tres (3) contratos para cada uno de los grupos o lotes, o podrá aportar los mismos para todos los grupos o lotes siempre y cuando cumplan con todas las condiciones establecidas para cada grupo. En la verificación del número de contratos frente al presupuesto oficial, el valor a certificar debe ser con relación al valor del presupuesto oficial del respectivo grupo o lote expresado en SMMLV, si se presenta para los dos grupos, será la sumatoria de los dos grupos a presentarse.” Razón por la cual, al quererse acreditar esta experiencia para los dos grupos (1 y2), la misma en sumatoria es insuficiente para los dos grupos.
A21: NO REPORTA | D21: 80111500 86101600 86101700 86101800 86111500 (X) 86111600 (X) 86132000 86141500 86141700 | G21: SERVICIOS EMPRESARIALES MAEC SAS | Q21: NO SE PUEDE EVIDENCIAR | T21: NO SE PUEDE EVIDENCIAR | W21: El objeto del presente contrato es prestación de servicios profesionales para desarrollar procesos formativos en capacitaciones como talleres, cursos y diplomados en metodología virtual y presencial, teniendo en cuenta las requisiciones solicitadas por el contratante como: diseño de cursos y talleres a la medida en los periodos programados según el plan de trabajo de la SERVICIOS EMPRESARIALES MAEC S.A.S.: | AI21: SI CUMPLE | AL21: SI | AO21: NO APLICA | AR21: NO APLICA | AU21: 280.17 | AX21: 29 | BA21: SI | BD21: SI | BG21: NO CUMPLE | BJ21: El proponente aportó certificado de experiencia, sin embargo el Cerrtificado aportado NO CUMPLE por las siguientes razones: * No se puede evidenciar la fecha de inicio y de finalización de la ejecución del contrato SUBSANACIÓN: Deberá presentar el certificado con la Experiencia conforme a lo establecido en el pliego de condiciones, numeral 4.3.1 EXPERIENCIA. El proponente deberá tener en cuenta que debe tener en cuenta que el pliego de condiciones establece en su numeral 4.3.1, Nota 3 que “para acreditar la experiencia el proponente podrá aportar mínimo uno (1) y máximo tres (3) contratos para cada uno de los grupos o lotes, o podrá aportar los mismos para todos los grupos o lotes siempre y cuando cumplan con todas las condiciones establecidas para cada grupo. En la verificación del número de contratos frente al presupuesto oficial, el valor a certificar debe ser con relación al valor del presupuesto oficial del respectivo grupo o lote expresado en SMMLV, si se presenta para los dos grupos, será la sumatoria de los dos grupos a presentarse.” Razón por la cual, al quererse acreditar esta experiencia para los dos grupos (1 y2), la misma en sumatoria es insuficiente para los dos grupos.
AR22: SUMATORIA | AU22: =+AU19 -> 100.21 | BG22: NO CUMPLE
A24: 4.3.2. PERSONAL MÍNIMO REQUERIDO:
A26: P E R S O N A L M I N I M O R E Q UE R I D O .
A27: NOMBRES Y APELLIDOS | G27: HOJA DE VIDA SI /NO | J27: CEDULA CIUDADANIA | M27: TITULO PROFESIONAL | Q27: FECHA GRADO | T27: Copia de la Tarjeta o matricula profesional vigente | Y27: Certificado de vigencia de la tarjeta profesional | AD27: APORTA TITULO PROFESIONAL | AI27: NOMBRE O RAZON SOCIAL DEL CONTRATANTE | AN27: CERTIFICADO CUMPLE (cargo y/o rol específico y/o objeto, funciones y/o obligaciones y/o actividades desempeñadas relacionadas con el perfil, y el tiempo laborado y/o de ejecución | AS27: EXPERIENCIA RELACIONADA COMO COORDINADOR | AV27: CERTIFICA MISMO PROPONENTE | AY27: APORTA CONTRATO | BB27: APORTA FORMATO EQUIPO DE TRABAJO | BD27: FECHA INICIO | BG27: FECHA FIN | BJ27: AÑO | BK27: MES | BL27: DIA | BM27: TOTAL TIEMPO EXPERIENCIA | BO27: CUMPLE SI/ NO | BR27: OBSERVACIONES
A28: GINA ESMERALDA HERNANDEZ NARANJO | G28: SI | J28: SI | M28: ADMINISTRADOR DE EMPRESAS | Q28: 38597 | T28: NO | Y28: NO | AD28: SI | AI28: FUNDACION COLOMBIA COLLEGE | AN28: NO | AS28: SI | AV28: NO | AY28: NO APLICA | BB28: SI | BD28: 41646 | BG28: 41996 | BJ28: =DATEDIF(BD28,BG28,"Y") -> 0 | BK28: =DATEDIF(BD28,BG28,"YM") -> 11 | BL28: =DATEDIF(BD28,BG28,"MD") -> 16 | BO28: NO CUMPLE | BR28: Para el coordinador propuesto: No se aportó Tarjeta profesional No se aportó Vigencia de la tarjeta profesional El proponente aportó certificado expedido por la Directora Ejecutiva del CONSEJO PROFESIONAL DE ADMINISTRACIÓN DE EMPRESAS de fecha 8 de agosto de 2024, en el cual se evidencia "Que la documentación recibida se encuentra registrada con el número de radicación brgKMMv2ZaYQUhT7YwLc, y se realizará el proceso de verificación de la totalidad de los requisitos establecidos previo a la expedición de la matrícula profesional solicitada. El otorgamiento de la matrícula profesional está sujeto al cumplimiento de los requisitos y la culminación del trámite señalado para tal fin." Por lo tanto, el proponente NO CUMPLE con lo establecido en el numeral 4,3,2 EQUIPO DE TRABAJO MINIMO HABILITANTE, del documento complementario al pliego electrónico de condiciones definitivo. El certificado de experiencia de la Universitaria Chicamocha, no tiene funciones, obligaciones o actividades, que puedan permitir verificar experiencia relacionada exigida. Así mismo, al ser certificado por el mismo proponente deberá adjuntarse adicionalmente copia del respectivo contrato celebrado con el profesional propuesto y/o el contrato del proyecto en el cual el profesional ejecutó su actividad. SUBSANACIÓN: Deberá aportar: Tarjeta profesional Vigencia de la tarjeta profesional Acreditar la experiencia del coordinador de acuerdo con lo establecido en la observación anterior y cumpliendo con 4.3.2 EQUIPO DE TRABAJO MÍNIMO HABILITANTE.
BD29: 42006 | BG29: 42369 | BJ29: =DATEDIF(BD29,BG29,"Y") -> 0 | BK29: =DATEDIF(BD29,BG29,"YM") -> 11 | BL29: =DATEDIF(BD29,BG29,"MD") -> 29
BD30: 42373 | BG30: 42735 | BJ30: =DATEDIF(BD30,BG30,"Y") -> 0 | BK30: =DATEDIF(BD30,BG30,"YM") -> 11 | BL30: =DATEDIF(BD30,BG30,"MD") -> 27
BJ31: =SUM(BJ28:BJ30) -> 0 | BK31: =SUM(BK28:BK30) -> 33 | BL31: =SUM(BL28:BL30) -> 72 | BO31: NO CUMPLE
A32: 4.3.3. SEDES | BJ32: =+BJ31*12 -> 0 | BK32: =+BK31 -> 33 | BL32: =+BL31/30 -> 2.4
BJ33: =+BJ32+BK32+BL32 -> 35.4 | BK33: MESES
A34: S E D E S
A35: SEDE | G35: DOCUMENTO SOPORTE | M35: EXPEDIDO | Q35: FECHA EXPEDICION | U35: ÚBICACIÓN DEL INMUEBLE | Y35: BOGOTA | AB35: CUMPLE | AE35: CUMPLE SI/ NO | AH35: OBSERVACIONES
A36: ARRENDADA | G36: CONTRATO DE ARRIENDO | Q36: 45497 | U36: BOGOTA | Y36: SI | AB36: SI | AE36: SI CUMPLE
AE37: =+AE36 -> SI CUMPLE
A39: 4.3.4. PROPUESTA TÉCNICA
A41: P R O P U E S T A T E C N I C A
A42: ANEXO TÉCNICO – FICHA DE ESPECIFICACIONES TÉCNICAS MÍNIMAS. | G42: CUMPLE | J42: CUMPLE SI/ NO | M42: OBSERVACIONES
A43: El proponente con la suscripción de la Carta de Presentación manifiesta que ha leído entiende, acepta y cumplirá todos los requerimientos establecidos en el Anexo No. 1 Especificaciones Técnicas Mínimas, para realizar todas las actividades y entregables descritos en el citado documento. | G43: SI | J43: =+IF(G43="SI","SI CUMPLE","NO CUMPLE") -> SI CUMPLE | M43: El proponente aporta FORMATO N° 1 DE CARTA DE PRESENTACION DE LA OFERTA en el cual en el literal D "Manifiesta que he leído entiendo, acepto y cumpliré todos los requerimientos establecidos en el ANEXO 1 - FICHA TÉCNICA, para realizar todas las actividades y entregables descritos en el citado documento"
J44: =+J43 -> SI CUMPLE

Sheet 9. POLITECNICO
A2: OBJETO | C2: Prestar los servicios de formación y capacitación a los funcionarios de la Superintendencia Nacional de Salud para fortalecer sus competencias, de acuerdo con lo identificado en el Plan Institucional de Capacitación para la vigencia 2024.
A3: GRUPO 2 | C3: Demás capacitaciones:
A4: TEMATICAS | C4: 1. Análisis y Gestión de la Información estadística. | S4: 4. Auditoría y supervisión en salud (basada en riesgos). | AH4: 7. Argumentación jurídica, ortografía, Construcción y redacción de textos. (Virtualvía teams)
C5: 2. Definición, Formulación e interpretación de indicadores KIP y OKR. | S5: 5. Diplomado en seguridad del paciente. | AH5: 8. Control Interno y Auditoría interna.,
C6: 3. Control social con enfoque de la administración pública, participación y Orientación al ciudadano. | S6: 6. Actualización y fortalecimiento de técnicas y herramientas para la inspección, vigilancia y control. | AH6: 9. Marco lógico y formulación de proyectos, planes y programas con perspectiva de género y enfoques diferenciales, acoso laboral y sexual.
AH7: 10. Comunicación asertiva y trabajo bajo presión Inteligencia emocional y manejo del estrés.
A9: NOMBRE DEL PROPONENTE | G9: POLITECNICO GRANCOLOMBIANO
A10: NOMBRE DEL REPRESENTANTE LEGAL | G10: JAIME ALBERTO SARMIENTO MARTINEZ
G11: 860078643 1
A12: MIPYME | G12: NO APLICA
A13: PRESUPUESTO OFICIAL | G13: 252.71
A15: 4.3.1. EXPERIENCIA DEL PROPONENTE | M15: Jaime Alberto Sarmiento Martinez
A17: E X P E R I E N C I A
A18: NUMERO CONTRATO (SI APLICA) | D18: CODIGO UNSPC | G18: ENTIDAD CONTRATANTE | Q18: FECHA INICIO | T18: FECHA FIN | W18: OBJETO CONTRACTUAL ("Prestar los servicios de formación y/o capacitación en cualquiera de las tematicas del grupo 2.") | AI18: CAPACITACION RELACIONADA | AL18: APORTA CERTIFICACION | AO18: EJECUTADA EN CONSORCIO O UNION TEMPORAL | AR18: PORCENTAJE DE PARTICIPACION | AU18: VALOR DEL CONTRATO (ser igual o superior a 252,71 SMMLV) | AX18: NÚMERO INSCRIPCIÓN RUP | BA18: RUP VIGENTE Y EN FIRME | BD18: FORMATO RELACIONES DE CERTIFICACIONES SI/ NO | BG18: CUMPLE SI/ NO | BJ18: OBSERVACIONES
A19: 9702021 | D19: 80111500 86101600 (X) 86101700 (X) 86101800 86111500 86111600 (X) 86132000 (X) 86141500 86141700 | G19: AGENCIA DE DESARROLLO RURAL | Q19: 44452 | T19: 44548 | W19: Prestar los servicios de formación y capacitación para el desarrollo de competencias de conformidad con el plan institucional de formación y capacitación-PIFC 2021. | AI19: SI CUMPLE | AL19: SI | AO19: NO APLICA | AR19: NO APLICA | AU19: 186.58 | AX19: 152 | BA19: SI | BD19: SI | BG19: SI CUMPLE
A20: 4600094894 de 2022 | D20: 80111500 86101600 (X) 86101700 (X) 86101800 86111500 (X) 86111600 (X) 86132000 (X) 86141500 (X) 86141700 | G20: ALCADIA DE MEDELLIN | Q20: 44790 | T20: 44926 | W20: Prestar servicios educativos a través de la realización de Programas de Aprendizaje para mejoramiento de la cultura organizacional y el fortalecimiento del buen servicio. | AI20: SI CUMPLE | AL20: SI | AO20: NO APLICA | AR20: NO APLICA | AU20: 284.28 | AX20: 174 | BA20: SI | BD20: SI | BG20: SI CUMPLE
A21: 1-9000-027-2022 | D21: 80111500 86101600 (X) 86101700 (X) 86101800 86111500 (X) 86111600 (X) 86132000 (X) 86141500 (X) 86141700 | G21: FIDUPREVISORA | Q21: 44659 | T21: NO SE EVIDENCIA | W21: “El CONTRATISTA con autonomía técnica y administrativa, se obliga con el CONTRATANTE a prestar el servicio de capacitaciones y cursos de formación online a la medida de las necesidades del CONTRATANTE y en cumplimiento al Plan Institucional de Capacitación establecido para el 2022, mediante plataformas y aulas virtuales, que permitan escenarios de aprendizaje compartido, interactivos y dinámicos y a la vez, espacios de autoaprendizajes, con el fin de desarrollar competencias y conocimientos que aporten al mejoramiento de la gestión organizacional del CONTRATANTE. Lo anterior, de conformidad con lo establecido en la invitación cerrada No. 002 de 2022 y conforme a la propuesta presentada por el CONTRATISTA, la cual hace parte integral del contrato, en lo que no lo contravenga | AI21: SI CUMPLE | AL21: NO | AO21: NO APLICA | AR21: NO APLICA | AU21: 142.16 | AX21: 179 | BA21: SI | BD21: SI | BG21: NO CUMPLE | BJ21: El proponente no aportó Certificación de experiencia para el contrato con la FIDUPREVISORA y por el contrario aportó el contrato, acta de liquidación, evaluación de proveedores, otro sí y términos preliminares de la invitación, con los cuales NO CUMPLE con el requisito, toda vez que se debe aportar es el Certificado de Experiencia donde se evidencie la información de la Nota 2, del numeral 4.3.1 Experiencia. Así mismo, del acta de liquidación no se puede extraer toda la información. correspondiente a la ejecución, en cuanto a la fecha de terminación del contrato. Por lo tanto, no se puede tener en cuenta esta experiencia. SUBSANACIÓN: Se tiene en cuenta únicamente la sumatoria de las experiencias de la ADR y Alcaldía de Medellín. Deberá aportar el Certificado de Experiencia conforme a lo establecido en el pliego de condiciones, numeral 4.3.1 EXPERIENCIA. Así mismo debe tener en cuenta que para el presente caso, se está acreditando la misma experiencia para los dos grupos. Por lo tanto, la suma de las certificaciones aportadas debe ser el valor total de presupuesto oficial en Salarios Mínimos Legales Mensuales Vigentes, es decir 479,60. Lo anterior, en cumplimiento a la NOTA 3: Para acreditar la experiencia el proponente podrá aportar mínimo uno (1) y máximo tres (3) contratos para cada uno de los grupos o lotes, o podrá aportar los mismos para todos los grupos o lotes siempre y cuando cumplan con todas las condiciones establecidas para cada grupo. En la verificación del número de contratos frente al presupuesto oficial, el valor a certificar debe ser con relación al valor del presupuesto oficial del respectivo grupo o lote expresado en SMMLV, si se presenta para los dos grupos, será la sumatoria de los dos grupos a presentarse. Razón por la cual, para tener la habilitación de la oferta, debe presentar el CERTIFICADO DE EXPERIENCIA expedido por la Fiduprevisora
AR22: SUMATORIA | AU22: =+AU20+AU19 -> 470.86 | BG22: NO CUMPLE
A24: 4.3.2. PERSONAL MÍNIMO REQUERIDO:
A26: P E R S O N A L M I N I M O R E Q UE R I D O .
A27: NOMBRES Y APELLIDOS | G27: HOJA DE VIDA SI /NO | J27: CEDULA CIUDADANIA | M27: TITULO PROFESIONAL | Q27: FECHA GRADO | T27: Copia de la Tarjeta o matricula profesional vigente | Y27: Certificado de vigencia de la tarjeta profesional | AD27: APORTA TITULO PROFESIONAL | AI27: NOMBRE O RAZON SOCIAL DEL CONTRATANTE | AN27: CERTIFICADO CUMPLE (cargo y/o rol específico y/o objeto, funciones y/o obligaciones y/o actividades desempeñadas relacionadas con el perfil, y el tiempo laborado y/o de ejecución | AS27: EXPERIENCIA RELACIONADA COMO COORDINADOR | AV27: CERTIFICA MISMO PROPONENTE | AY27: APORTA CONTRATO | BB27: APORTA FORMATO EQUIPO DE TRABAJO | BD27: FECHA INICIO | BG27: FECHA FIN | BJ27: AÑO | BK27: MES | BL27: DIA | BM27: TOTAL TIEMPO EXPERIENCIA | BO27: CUMPLE SI/ NO | BR27: OBSERVACIONES
A28: JOHAM BECERRA LLAMOSA | G28: SI | J28: SI | M28: LICENCIADO EN EDUCACION FISICA | Q28: 35993 | T28: NA | Y28: NO APLICA | AD28: SI | AI28: PASOS IPS TALLER PSICOMOTRIZ | AN28: SI | AS28: SI | AV28: NO | AY28: NO APLICA | BB28: SI | BD28: 39984 | BG28: 41490 | BJ28: =DATEDIF(BD28,BG28,"Y") -> 4 | BK28: =DATEDIF(BD28,BG28,"YM") -> 1 | BL28: =DATEDIF(BD28,BG28,"MD") -> 15 | BO28: SI CUMPLE
BJ29: =SUM(BJ28:BJ28) -> 4 | BK29: =SUM(BK28:BK28) -> 1 | BL29: =SUM(BL28:BL28) -> 15 | BO29: SI CUMPLE
A30: 4.3.3. SEDES | BJ30: =+BJ29*12 -> 48 | BK30: =+BK29 -> 1 | BL30: =+BL29/30 -> 0.5
BJ31: =+BJ30+BK30+BL30 -> 49.5 | BK31: MESES
A32: S E D E S
A33: SEDE | G33: DOCUMENTO SOPORTE | M33: EXPEDIDO | Q33: FECHA EXPEDICION | U33: ÚBICACIÓN DEL INMUEBLE | Y33: BOGOTA | AB33: CUMPLE | AE33: CUMPLE SI/ NO | AH33: OBSERVACIONES
A34: PROPIA | G34: CERTIFICADO DE TRADICION Y LIBERTAD | M34: OFICINA DE REGISTRO E INSTRUMENTOS PUBLICOS ZONA CENTRO | Q34: 45506 | U34: BOGOTA | Y34: SI | AB34: SI | AE34: SI CUMPLE
AE35: =+AE34 -> SI CUMPLE
A37: 4.3.4. PROPUESTA TÉCNICA
A39: P R O P U E S T A T E C N I C A
A40: ANEXO TÉCNICO – FICHA DE ESPECIFICACIONES TÉCNICAS MÍNIMAS. | G40: CUMPLE | J40: CUMPLE SI/ NO | M40: OBSERVACIONES
A41: El proponente con la suscripción de la Carta de Presentación manifiesta que ha leído entiende, acepta y cumplirá todos los requerimientos establecidos en el Anexo No. 1 Especificaciones Técnicas Mínimas, para realizar todas las actividades y entregables descritos en el citado documento. | G41: SI | J41: =+IF(G41="SI","SI CUMPLE","NO CUMPLE") -> SI CUMPLE | M41: El proponente aporta FORMATO N° 1 DE CARTA DE PRESENTACION DE LA OFERTA en el cual en el literal D "Manifiesta que he leído entiendo, acepto y cumpliré todos los requerimientos establecidos en el ANEXO 1 - FICHA TÉCNICA, para realizar todas las actividades y entregables descritos en el citado documento"
J42: =+J41 -> SI CUMPLE

Sheet 10. SANTIAGO CALI
A2: OBJETO | C2: Prestar los servicios de formación y capacitación a los funcionarios de la Superintendencia Nacional de Salud para fortalecer sus competencias, de acuerdo con lo identificado en el Plan Institucional de Capacitación para la vigencia 2024.
A3: GRUPO 2 | C3: Demás capacitaciones:
A4: TEMATICAS | C4: 1. Análisis y Gestión de la Información estadística. | S4: 4. Auditoría y supervisión en salud (basada en riesgos). | AH4: 7. Argumentación jurídica, ortografía, Construcción y redacción de textos. (Virtualvía teams)
C5: 2. Definición, Formulación e interpretación de indicadores KIP y OKR. | S5: 5. Diplomado en seguridad del paciente. | AH5: 8. Control Interno y Auditoría interna.,
C6: 3. Control social con enfoque de la administración pública, participación y Orientación al ciudadano. | S6: 6. Actualización y fortalecimiento de técnicas y herramientas para la inspección, vigilancia y control. | AH6: 9. Marco lógico y formulación de proyectos, planes y programas con perspectiva de género y enfoques diferenciales, acoso laboral y sexual.
AH7: 10. Comunicación asertiva y trabajo bajo presión Inteligencia emocional y manejo del estrés.
A9: NOMBRE DEL PROPONENTE | G9: UNIVERSIDAD SANTIAGO DE CALI
A10: NOMBRE DEL REPRESENTANTE LEGAL | G10: CARLOS ANDRES PEREZ GALINDO
A11: NIT | G11: 890303797-1
A12: MIPYME | G12: NO APLICA
A13: PRESUPUESTO OFICIAL | G13: 252.71
A15: 4.3.1. EXPERIENCIA DEL PROPONENTE
A17: E X P E R I E N C I A
A18: NUMERO CONTRATO (SI APLICA) | D18: CODIGO UNSPC | G18: ENTIDAD CONTRATANTE | Q18: FECHA INICIO | T18: FECHA FIN | W18: OBJETO CONTRACTUAL ("Prestar los servicios de formación y/o capacitación en cualquiera de las tematicas del grupo 2.") | AI18: CAPACITACION RELACIONADA | AL18: APORTA CERTIFICACION | AO18: EJECUTADA EN CONSORCIO O UNION TEMPORAL | AR18: PORCENTAJE DE PARTICIPACION | AU18: VALOR DEL CONTRATO (ser igual o superior a 252,71 SMMLV) | AX18: NÚMERO INSCRIPCIÓN RUP | BA18: RUP VIGENTE Y EN FIRME | BD18: FORMATO RELACIONES DE CERTIFICACIONES SI/ NO | BG18: CUMPLE SI/ NO | BJ18: OBSERVACIONES
A19: 4122.0.26.1.576-2016 | D19: 80111500 (X) 86101600 86101700 (X) 86101800 (X) 86111500 86111600 (X) 86132000 86141500 (X) 86141700 | G19: MUNICIPIO SANTIAGO DE CALI | Q19: 42576 | T19: 42668 | W19: LA PRESTACIÓNDE SERVICIOS PROFESIONALES CON EL FIN DE BRINDAR CAPACITACIÓN A LOS FUNCIONARIOS DEL MUNICIPIO DE SANTIAGO DE CALI, A TRAVES DE UN (1) DIPLOMADO EN EQUIDAD Y GENERO, CON INTENSIDAD HORARIA DE CIEN (100) HORAS, PARA UN (1) GRUPO DE TREINTA Y CINCO (356) PERSONAS; Y UN (1) DIPLOMADO EN FINANAZAS PUBLICAS TERRITORIALES Y CONTRATACIÓN ESTATAL, CON UNA INTENSIDAD HORARIA DE CIEN (100) HORAS, PARA UN (1) GRUPO DE TREINTA Y CINCO (35) PERSONAS | AI19: SI CUMPLE | AL19: SI | AO19: NO APLICA | AR19: NO APLICA | AU19: 76.87 | AX19: 26 | BA19: SI | BD19: SI | BG19: SI CUMPLE
A20: 4137.010.26.1.425 (2017) | D20: 80111500 (X) 86101600 86101700 (X) 86101800 (X) 86111500 86111600 (X) 86132000 (X) 86141500 (X) 86141700 | G20: MUNICIPIO SANTIAGO DE CALI | Q20: 43019 | T20: 43100 | W20: PRESTACIÓN DE SERVICIOS PROFESIONALES PARA BRINDAR CAPACITACIÓN A LOS SERVIDORES PUBLICOS DEL MUNICIPIO DE SANTIAGO DE CALI, A TRAVES DE DIPLOMADOS CON ELF IN DE EJECUTAR EL PLAN INSTITUCIONAL DE CAPACITACIÓN PIC DE LA VIGENCIA 2017 | AI20: SI CUMPLE | AL20: SI | AO20: NO APLICA | AR20: NO APLICA | AU20: 120.98 | AX20: 43 | BA20: SI | BD20: SI | BG20: SI CUMPLE
A21: 4137.010.26.1.575-2022 | D21: 80111500 86101600 86101700 86101800 86111500 86111600 86132000 86141500 86141700 | G21: MUNICIPIO SANTIAGO DE CALI | Q21: 44820 | T21: 44915 | W21: PRESTAR SERVICIOS PARA REALIZAR CAPACITACIONES EN TEMAS DE FORMULACIÓN DE PROYECTOS, BIG DATA, ACTUALIZACIÓN TRIBUTARIA, TEMAS INCLUIDOS EN EL PLAN INSTITUCIONAL DE CAPACITACIÓN 2022, EN EL MARCO DEL PROYECTO DE INVERSION DESARROLLO DE LAS CAPACIDADES Y COMPETENCIAS DE LOS SERVIDORES PUBLICOS DE LA ALCALDIA DE SANTIADO DE CALI SGUN FICHA EBI No. BP 26002706. | AI21: SI CUMPLE | AL21: SI | AO21: NO APLICA | AR21: NO APLICA | AU21: 99 | AX21: 90 | BA21: SI | BD21: SI | BG21: SI CUMPLE
AR22: SUMATORIA | AU22: =+AU19+AU20+AU21 -> 296.85 | BG22: SI CUMPLE
A24: 4.3.2. PERSONAL MÍNIMO REQUERIDO:
A26: P E R S O N A L M I N I M O R E Q UE R I D O .
A27: NOMBRES Y APELLIDOS | G27: HOJA DE VIDA SI /NO | J27: CEDULA CIUDADANIA | M27: TITULO PROFESIONAL | Q27: FECHA GRADO | T27: Copia de la Tarjeta o matricula profesional vigente | Y27: Certificado de vigencia de la tarjeta profesional | AD27: APORTA TITULO PROFESIONAL | AI27: NOMBRE O RAZON SOCIAL DEL CONTRATANTE | AN27: CERTIFICADO CUMPLE (cargo y/o rol específico y/o objeto, funciones y/o obligaciones y/o actividades desempeñadas relacionadas con el perfil, y el tiempo laborado y/o de ejecución | AS27: EXPERIENCIA RELACIONADA COMO COORDINADOR | AV27: CERTIFICA MISMO PROPONENTE | AY27: APORTA CONTRATO | BB27: APORTA FORMATO EQUIPO DE TRABAJO | BD27: FECHA INICIO | BG27: FECHA FIN | BJ27: AÑO | BK27: MES | BL27: DIA | BM27: TOTAL TIEMPO EXPERIENCIA | BO27: CUMPLE SI/ NO | BR27: OBSERVACIONES
A28: JORGE ELIECER OLAYA GARCERA | G28: SI | J28: SI | M28: ADMINISTRADOR DE EMPRESAS | Q28: 37219 | T28: SI | Y28: SI | AD28: SI | AI28: SANTIAGO DE CALI | AN28: NO | AS28: SI | AV28: SI | AY28: NO | BB28: SI | BD28: 39099 | BG28: 39439 | BJ28: =DATEDIF(BD28,BG28,"Y") -> 0 | BK28: =DATEDIF(BD28,BG28,"YM") -> 11 | BL28: =DATEDIF(BD28,BG28,"MD") -> 6 | BO28: NO CUMPLE | BR28: Para el coordinador propuesto: El certificado de experiencia expedido por la Universidad de Cali, no tiene funciones, obligaciones o actividades, que puedan permitir verificar experiencia relacionada exigida. Así mismo, al ser certificado por el mismo proponente deberá adjuntarse adicionalmente copia del respectivo contrato celebrado con el profesional propuesto y/o el contrato del proyecto en el cual el profesional ejecutó su actividad. SUBSANACIÓN: Deberá aportar: Acreditar la experiencia del coordinador de acuerdo con lo establecido en la observación anterior y cumpliendo con 4.3.2 EQUIPO DE TRABAJO MÍNIMO HABILITANTE.
AI29: SANTIAGO DE CALI | AN29: NO | AS29: SI | AV29: SI | AY29: NO | BB29: SI | BD29: 39462 | BG29: 40177 | BJ29: =DATEDIF(BD29,BG29,"Y") -> 1 | BK29: =DATEDIF(BD29,BG29,"YM") -> 11 | BL29: =DATEDIF(BD29,BG29,"MD") -> 15 | BO29: NO CUMPLE
BJ30: =SUM(BJ28:BJ29) -> 1 | BK30: =SUM(BK28:BK29) -> 22 | BL30: =SUM(BL28:BL29) -> 21 | BO30: NO CUMPLE
A31: 4.3.3. SEDES | BJ31: =+BJ30*12 -> 12 | BK31: =+BK30 -> 22 | BL31: =+BL30/30 -> 0.7
BJ32: =+BJ31+BK31+BL31 -> 34.7 | BK32: MESES
A33: S E D E S
A34: SEDE | G34: DOCUMENTO SOPORTE | M34: EXPEDIDO | Q34: FECHA EXPEDICION | U34: ÚBICACIÓN DEL INMUEBLE | Y34: BOGOTA | AB34: CUMPLE | AE34: CUMPLE SI/ NO | AH34: OBSERVACIONES
AE35: NO CUMPLE | AH35: El Proponente deberá acreditar mínimo una (1) sede administrativa propia o contratada con terceros, ubicada en la sede principal de la ciudad de Bogotá D.C. Este requisito se verificará así: • PARA SEDE PROPIA: Con certificado de tradición y libertad del inmueble con fecha de expedición no mayor a treinta (30) días calendario anterior a la fecha de cierre del proceso. • PARA SEDE ARRENDADA: Por medio del contrato de arrendamiento, vigente, leasing o similares. El proponente aportó convenio de cooperación suscrito entre la universidad Santiago de Cali y la Universidad Agustiniana, sin embargo, se mantiene en que el proponente NO CUMPLE teniendo en cuenta lo señalado en el CONSOLIDADO DE RESPUESTAS A LAS OBSERVACIONES TÉCNICAS PRESENTADAS AL PROYECTO DE PLIEGO DE CONDICIONES No. SNS-LP-2-2024, que señala frente a la observación de permitir sede bajo la modalidad PARA SEDE POR CONVENIO.”, no aceptarse la debido a que los requisitos habilitantes son establecidos teniendo en cuenta lo regulado en el artículo 2.2.1.1.1.6.2. de la ley 1082 de 2015, es decir, (a) el Riesgo del Proceso de Contratación; (b) el valor del contrato objeto del Proceso de Contratación; (c) el análisis del sector económico respectivo; y (d) el conocimiento de fondo de los posibles oferentes desde la perspectiva comercial. En consideración a esto, se estableció el requisito habilitante de contar con sede propia o arrendada al cierre del proceso de selección, toda vez que esto minimiza fallas en la planeación, logística u organización del contratista que retrasen la ejecución del contrato en el plazo establecido y el cumplimiento del objeto contractual. De la misma forma, el artículo 2.6.6.8. del decreto 1075 de 2015, determina que, para ofrecer los servicios de educación informal, que para el caso corresponden al presente proceso, se deberá cumplir con lo establecido en el artículo 47 del decreto – ley 2150 de 1995, el cual requiere de unas condiciones físicas para su operación con las que previamente deben contar los prestadores de este servicio" SUBSANACIÓN: Deberá aportar SEDE que cumpla con las condiciones del numeral 4.3.3 del pliego de condiciones.
AE36: NO CUMPLE
A38: 4.3.4. PROPUESTA TÉCNICA
A40: P R O P U E S T A T E C N I C A
A41: ANEXO TÉCNICO – FICHA DE ESPECIFICACIONES TÉCNICAS MÍNIMAS. | G41: CUMPLE | J41: CUMPLE SI/ NO | M41: OBSERVACIONES
A42: El proponente con la suscripción de la Carta de Presentación manifiesta que ha leído entiende, acepta y cumplirá todos los requerimientos establecidos en el Anexo No. 1 Especificaciones Técnicas Mínimas, para realizar todas las actividades y entregables descritos en el citado documento. | G42: SI | J42: =+IF(G42="SI","SI CUMPLE","NO CUMPLE") -> SI CUMPLE | M42: El proponente aporta FORMATO N° 1 DE CARTA DE PRESENTACION DE LA OFERTA en el cual en el literal D "Manifiesta que he leído entiendo, acepto y cumpliré todos los requerimientos establecidos en el ANEXO 1 - FICHA TÉCNICA, para realizar todas las actividades y entregables descritos en el citado documento"
J43: =+J42 -> SI CUMPLE

Sheet 11. ESUMER
A2: OBJETO | C2: Prestar los servicios de formación y capacitación a los funcionarios de la Superintendencia Nacional de Salud para fortalecer sus competencias, de acuerdo con lo identificado en el Plan Institucional de Capacitación para la vigencia 2024.
A3: GRUPO 2 | C3: Demás capacitaciones:
A4: TEMATICAS | C4: 1. Análisis y Gestión de la Información estadística. | S4: 4. Auditoría y supervisión en salud (basada en riesgos). | AH4: 7. Argumentación jurídica, ortografía, Construcción y redacción de textos. (Virtualvía teams)
C5: 2. Definición, Formulación e interpretación de indicadores KIP y OKR. | S5: 5. Diplomado en seguridad del paciente. | AH5: 8. Control Interno y Auditoría interna.,
C6: 3. Control social con enfoque de la administración pública, participación y Orientación al ciudadano. | S6: 6. Actualización y fortalecimiento de técnicas y herramientas para la inspección, vigilancia y control. | AH6: 9. Marco lógico y formulación de proyectos, planes y programas con perspectiva de género y enfoques diferenciales, acoso laboral y sexual.
AH7: 10. Comunicación asertiva y trabajo bajo presión Inteligencia emocional y manejo del estrés.
A9: NOMBRE DEL PROPONENTE | G9: FUNDACION UNIVERSITARIA ESUMER
A10: NOMBRE DEL REPRESENTANTE LEGAL | G10: JOHN ROMEIRO SERNA PELÁEZ
A11: NIT | G11: 890981796 -1
A12: MIPYME | G12: NO APLICA
A13: PRESUPUESTO OFICIAL | G13: 252.71
A15: 4.3.1. EXPERIENCIA DEL PROPONENTE
A17: E X P E R I E N C I A
A18: NUMERO CONTRATO (SI APLICA) | D18: CODIGO UNSPC | G18: ENTIDAD CONTRATANTE | Q18: FECHA INICIO | T18: FECHA FIN | W18: OBJETO CONTRACTUAL ("Prestar los servicios de formación y/o capacitación en cualquiera de las tematicas del grupo 2.") | AI18: CAPACITACION RELACIONADA | AL18: APORTA CERTIFICACION | AO18: EJECUTADA EN CONSORCIO O UNION TEMPORAL | AR18: PORCENTAJE DE PARTICIPACION | AU18: VALOR DEL CONTRATO (ser igual o superior a 252,71 SMMLV) | AX18: NÚMERO INSCRIPCIÓN RUP | BA18: RUP VIGENTE Y EN FIRME | BD18: FORMATO RELACIONES DE CERTIFICACIONES SI/ NO | BG18: CUMPLE SI/ NO | BJ18: OBSERVACIONES
A19: NO REGISTRA | D19: 80111500 86101600 86101700X 86101800 86111500 86111600 86132000 86141500X 86141700 | G19: BANCOLOMBIA | Q19: ENERO DE 2023 | T19: DICIEMBRE DE 2023 | W19: Proveedor programas formativos de las Escuelas de Analistas y Auxiliares, Especialidades Bancolombia, entrenamientos de asesores de servicios y direccionadores | AI19: SI CUMPLE | AL19: SI | AO19: NO | AR19: N/A | AU19: 1080.17 | AX19: 128 | BA19: SI | BD19: NO | BG19: NO CUMPLE | BJ19: El proponente no aportó: FORMATO NO. 3 FORMATO CERTIFICADO DE ACREDITACIÓN DE EXPERIENCIA DEL PROPONENTE. SUBSANACIÓN: Deberá aportar el FORMATO NO. 3. Información sujeta a verificación el formato.
A20: 2021-005 | D20: 80111500 86101600 86101700X 86101800 86111500 86111600 86132000X 86141500 86141700 | G20: CAMARA DE COMERCIO ABURRA SUR | Q20: 44237 | T20: 44540 | W20: Realizar para la camara, el desarrollo de acciones orientadas al fortalecimiento de la base microempresarial, de los empresarios del aburra sur mediante estrategias de fortalecimiento empresarial | AI20: NO CUMPLE | AL20: SI | AO20: NO | AR20: N/A | AX20: 106 | BA20: SI | BD20: NO | BG20: NO CUMPLE | BJ20: Si bien la presente experiencia NO CUMPLE ni con el objeto del proceso, ni con las temáticas del grupo propuesto, la certificación de Bancolombia cumple con los SMLMV. Sin embrago, queda sujeta a cumplir el requisito, una vez se aporté el Formato No. 3 CERTIFICADO DE ACREDITACIÓN DE EXPERIENCIA DEL PROPONENTE
A21: 2022-008 | D21: 80111500 86101600 86101700X 86101800 86111500 86111600 86132000 86141500X 86141700 | G21: CAMARA DE COMERCIO ABURRA SUR | Q21: 44599 | T21: 44911 | W21: Realizar para la camara, el desarrollo de acciones orientadas al fortalecimiento de la base microempresarial, de los empresarios del aburra sur mediante estrategias de fortalecimiento empresarial | AI21: NO CUMPLE | AL21: SI | AO21: NO | AR21: N/A | AX21: 113 | BA21: SI | BD21: NO | BG21: NO CUMPLE
AR22: SUMATORIA | AU22: =SUM(AU19:AW21) -> 1080.17 | BG22: NO CUMPLE
A24: 4.3.2. PERSONAL MÍNIMO REQUERIDO:
A26: P E R S O N A L M I N I M O R E Q UER I D O .
A27: NOMBRES Y APELLIDOS | G27: HOJA DE VIDA SI /NO | J27: CEDULA CIUDADANIA | M27: TITULO PROFESIONAL | Q27: FECHA GRADO | T27: Copia de la Tarjeta o matricula profesional vigente | Y27: Certificado de vigencia de la tarjeta profesional | AD27: APORTA TITULO PROFESIONAL | AI27: NOMBRE O RAZON SOCIAL DEL CONTRATANTE | AN27: CERTIFICADO CUMPLE (cargo y/o rol específico y/o objeto, funciones y/o obligaciones y/o actividades desempeñadas relacionadas con el perfil, y el tiempo laborado y/o de ejecución | AS27: EXPERIENCIA RELACIONADA COMO COORDINADOR | AV27: CERTIFICA MISMO PROPONENTE | AY27: APORTA CONTRATO | BB27: APORTA FORMATO EQUIPO DE TRABAJO | BD27: FECHA INICIO | BG27: FECHA FIN | BJ27: AÑO | BK27: MES | BL27: DIA | BM27: TOTAL TIEMPO EXPERIENCIA | BO27: CUMPLE SI/ NO | BR27: OBSERVACIONES
A28: JOSE ANGEL ARRIETA DOMINGUEZ | G28: SI | J28: NO | M28: ADMINISTRADOR DE EMPRESAS | Q28: 37583 | T28: NO APORTA | Y28: NO | AD28: SI | AI28: UNIVERSIDAD EAFIT | AN28: SI | AS28: SI | AV28: NO | AY28: NO APLICA | BB28: NO | BD28: 44936 | BG28: 45281 | BJ28: =DATEDIF(BD28,BG28,"Y") -> 0 | BK28: =DATEDIF(BD28,BG28,"YM") -> 11 | BL28: =DATEDIF(BD28,BG28,"MD") -> 11 | BO28: NO CUMPLE | BR28: El proponente no aportó para el coordinador propuesto: Cédula de ciudadanía Copia de la tarjeta o matrícula profesional vigente (requiere por ser Administrador de empresas) Certificado de vigencia de la tarjeta profesional Formato “Relación de equipo de trabajo mínimo habilitante” Nota: Se revisan las dos hojas de vida, toda vez que no se indicó el grupo para el cual presenta a cada persona. SUBSANACIÓN: Deberá aportar: Cédula de ciudadanía Copia de la tarjeta o matrícula profesional vigente (requiere por ser Administrador de empresas) Certificado de vigencia de la tarjeta profesional Formato “Relación de equipo de trabajo mínimo habilitante”. Deberá indicar en el formato, para cual grupo presenta el perfil propuesto.
BD29: 41421 | BG29: 41627 | BJ29: =DATEDIF(BD29,BG29,"Y") -> 0 | BK29: =DATEDIF(BD29,BG29,"YM") -> 6 | BL29: =DATEDIF(BD29,BG29,"MD") -> 22
BD30: 41716 | BG30: 41988 | BJ30: =DATEDIF(BD30,BG30,"Y") -> 0 | BK30: =DATEDIF(BD30,BG30,"YM") -> 8 | BL30: =DATEDIF(BD30,BG30,"MD") -> 27
BD31: 42068 | BG31: 42358 | BJ31: =DATEDIF(BD31,BG31,"Y") -> 0 | BK31: =DATEDIF(BD31,BG31,"YM") -> 9 | BL31: =DATEDIF(BD31,BG31,"MD") -> 15
BD32: 43129 | BG32: 43457 | BJ32: =DATEDIF(BD32,BG32,"Y") -> 0 | BK32: =DATEDIF(BD32,BG32,"YM") -> 10 | BL32: =DATEDIF(BD32,BG32,"MD") -> 24
BD33: 43484 | BG33: 43828 | BJ33: =DATEDIF(BD33,BG33,"Y") -> 0 | BK33: =DATEDIF(BD33,BG33,"YM") -> 11 | BL33: =DATEDIF(BD33,BG33,"MD") -> 10
BD34: 43485 | BG34: 43829 | BJ34: =DATEDIF(BD34,BG34,"Y") -> 0 | BK34: =DATEDIF(BD34,BG34,"YM") -> 11 | BL34: =DATEDIF(BD34,BG34,"MD") -> 10
A35: ALEJANDRO GONZALEZ CALLE | G35: SI | J35: SI | M35: ADMINISTRADOR DE EMPRESAS | Q35: 38995 | T35: NO APORTA | Y35: NO | AD35: SI | AI35: RED DE SERVICIOS DE LA ORINOQUIA Y EL CARIBE | AN35: NO | AS35: NO | AV35: NO | AY35: NO APLICA | BB35: NO | BD35: 42476 | BG35: 45193 | BJ35: =DATEDIF(BD35,BG35,"Y") -> 7 | BK35: =DATEDIF(BD35,BG35,"YM") -> 5 | BL35: =DATEDIF(BD35,BG35,"MD") -> 8 | BO35: NO CUMPLE | BR35: El proponente no aportó para el coordinador propuesto: Copia de la tarjeta o matrícula profesional vigente (requiere por ser Administrador de empresas) Certificado de vigencia de la tarjeta profesional Formato “Relación de equipo de trabajo mínimo habilitante” La certificación REDE DE SERVICIO DE LA ORINOQUÍA Y EL CARIBE aportada NO CUMPLE, porque no tiene experiencia laboral relacionada como coordinador de programas académicos y la certificación no indica funciones, obligaciones o actividades. fecha finalizacion de experiencia hasta el 24 de septiembre de 2023 dado que se traslapa con la experiencia de Esumer .a certificación SERVICIOS TRANSACCIONALES DE COLOMBIA SAS aportada NO CUMPLE, porque no tiene cargo ni obligaciones donde se pueda evidencia la experiencia laboral relacionada como Coordinador de programas académicos y la certificación no indica funciones, obligaciones o actividades. La certificación de ESUMER no cumple porque el cargo o rol, no tiene relación con la experiencia laboral relacionada como Coordinador de programas académicos. Así mismo, Al ser certificada por el mismo proponente, deberá adjuntarse adicionalmente copia del respectivo contrato celebrado con el profesional propuesto y/o el contrato del proyecto en el cual el profesional ejecutó su actividad. Nota: Se revisan las dos hojas de vida, toda vez que no se indicó el grupo para el cual presenta a cada persona. SUBSANACIÓN: Deberá aportar: Copia de la tarjeta o matrícula profesional vigente (requiere por ser Administrador de empresas) Certificado de vigencia de la tarjeta profesional Formato “Relación de equipo de trabajo mínimo habilitante” Acreditar la experiencia del coordinador de acuerdo con lo establecido en la observación anterior y cumpliendo con 4.3.2 EQUIPO DE TRABAJO MÍNIMO HABILITANTE .
AI36: SERVICIOS TRANSACCIONALES DE COLOMBIA SAS DENOMINADO SUPERLOTERIAS | AN36: NO | AS36: NO | AV36: NO | AY36: NO | BB36: NO | BD36: 45362 | BG36: 45365 | BJ36: =DATEDIF(BD36,BG36,"Y") -> 0 | BK36: =DATEDIF(BD36,BG36,"YM") -> 0 | BL36: =DATEDIF(BD36,BG36,"MD") -> 3 | BO36: NO CUMPLE
AI37: ESUMER | AN37: NO | AS37: NO | AV37: SI | AY37: NO | BB37: NO | BD37: 45194 | BG37: 45209 | BJ37: =DATEDIF(BD37,BG37,"Y") -> 0 | BK37: =DATEDIF(BD37,BG37,"YM") -> 0 | BL37: =DATEDIF(BD37,BG37,"MD") -> 15 | BO37: NO CUMPLE
BD38: 45166 | BG38: 45187 | BJ38: =DATEDIF(BD38,BG38,"Y") -> 0 | BK38: =DATEDIF(BD38,BG38,"YM") -> 0 | BL38: =DATEDIF(BD38,BG38,"MD") -> 21
BO39: NO CUMPLE
A40: S E D E S
A41: SEDE | G41: DOCUMENTO SOPORTE | M41: EXPEDIDO | Q41: FECHA EXPEDICION | U41: ÚBICACIÓN DEL INMUEBLE | Y41: BOGOTA | AB41: CUMPLE | AE41: CUMPLE SI/ NO | AH41: OBSERVACIONES
Y42: NO | AB42: NO | AE42: =+IF(AB42="SI","SI CUMPLE","NO CUMPLE") -> NO CUMPLE | AH42: El proponente: No aportó los documentos solicitados en el numeral "4.3.3 SEDES” para acreditar la SEDE. SUBSANACIÓN: Deberá aportar y cumplir con los documentos solicitados en el numeral "4.3.3 SEDES”.
AE43: =+IF(AB43="SI","SI CUMPLE","NO CUMPLE") -> NO CUMPLE
A45: 4.3.4. PROPUESTA TÉCNICA
A47: P R O P U E S T A T E C N I C A
A48: ANEXO TÉCNICO – FICHA DE ESPECIFICACIONES TÉCNICAS MÍNIMAS. | G48: CUMPLE | J48: CUMPLE SI/ NO | M48: OBSERVACIONES
A49: El proponente con la suscripción de la Carta de Presentación manifiesta que ha leído entiende, acepta y cumplirá todos los requerimientos establecidos en el Anexo No. 1 Especificaciones Técnicas Mínimas, para realizar todas las actividades y entregables descritos en el citado documento. | G49: SI | J49: =+IF(G49="SI","SI CUMPLE","NO CUMPLE") -> SI CUMPLE | M49: El proponente aporta FORMATO N° 1 DE CARTA DE PRESENTACION DE LA OFERTA en el cual en el literal D "Manifiesta que he leído entiendo, acepto y cumpliré todos los requerimientos establecidos en el ANEXO 1 - FICHA TÉCNICA, para realizar todas las actividades y entregables descritos en el citado documento"
J50: =+J49 -> SI CUMPLE

Sheet 13. COMPENSAR
A2: OBJETO | C2: Prestar los servicios de formación y capacitación a los funcionarios de la Superintendencia Nacional de Salud para fortalecer sus competencias, de acuerdo con lo identificado en el Plan Institucional de Capacitación para la vigencia 2024.
A3: GRUPO 2 | C3: Demás capacitaciones:
A4: TEMATICAS | C4: 1. Análisis y Gestión de la Información estadística. | S4: 4. Auditoría y supervisión en salud (basada en riesgos). | AH4: 7. Argumentación jurídica, ortografía, Construcción y redacción de textos. (Virtualvía teams)
C5: 2. Definición, Formulación e interpretación de indicadores KIP y OKR. | S5: 5. Diplomado en seguridad del paciente. | AH5: 8. Control Interno y Auditoría interna.,
C6: 3. Control social con enfoque de la administración pública, participación y Orientación al ciudadano. | S6: 6. Actualización y fortalecimiento de técnicas y herramientas para la inspección, vigilancia y control. | AH6: 9. Marco lógico y formulación de proyectos, planes y programas con perspectiva de género y enfoques diferenciales, acoso laboral y sexual.
AH7: 10. Comunicación asertiva y trabajo bajo presión Inteligencia emocional y manejo del estrés.
A9: NOMBRE DEL PROPONENTE | G9: FUNDACIÓN UNIVERSITARIA COMPENSAR
A10: NOMBRE DEL REPRESENTANTE LEGAL | G10: MARGARITA AÑEZ SAMPEDRO
A11: NIT | G11: 860.506.140-6
A12: MIPYME | G12: NO APLICA
A13: PRESUPUESTO OFICIAL | G13: 252.71
A15: 4.3.1. EXPERIENCIA DEL PROPONENTE
A17: E X P E R I E N C I A
A18: NUMERO CONTRATO (SI APLICA) | D18: CODIGO UNSPC | G18: ENTIDAD CONTRATANTE | Q18: FECHA INICIO | T18: FECHA FIN | W18: OBJETO CONTRACTUAL ("Prestar los servicios de formación y/o capacitación en cualquiera de las tematicas del grupo 2.") | AI18: CAPACITACION RELACIONADA | AL18: APORTA CERTIFICACION | AO18: EJECUTADA EN CONSORCIO O UNION TEMPORAL | AR18: PORCENTAJE DE PARTICIPACION | AU18: VALOR DEL CONTRATO (ser igual o superior a 252,71 SMMLV) | AX18: NÚMERO INSCRIPCIÓN RUP | BA18: RUP VIGENTE Y EN FIRME | BD18: FORMATO RELACIONES DE CERTIFICACIONES SI/ NO | BG18: CUMPLE SI/ NO | BJ18: OBSERVACIONES
A19: 2021-0441-SPC-11628-1 | D19: 80111500X 86101600X 86101700X 86101800X 86111500X 86111600X 86132000X 86141500X 86141700X | G19: CAJA DE COMPENSACION FAMILIA COMPENSAR | Q19: 44228 | T19: 44593 | W19: Prestación de servicios para capacitación para facilitar la reinsercción laboral de la población cesante, asociada a la creación y ejecución del mecanismo de protección al cesante, gestionada por la agencia de empleo y emprendimiento de compensar | AI19: SI CUMPLE | AL19: SI | AO19: NO APLICA | AR19: NO APLICA | AU19: 12000 | AX19: 106 | BA19: SI | BD19: SI | BG19: SI CUMPLE
A20: 2019-2638-NG-7019-1-M1 | D20: 80111500X 86101600X 86101700X 86101800X 86111500X 86111600X 86132000X 86141500X 86141700X | G20: CAJA DE COMPENSACION FAMILIA COMPENSAR | Q20: 43847 | T20: 44227 | W20: Servicios de capacitación para la inserción laboral | AI20: SI CUMPLE | AL20: SI | AO20: NO APLICA | AR20: NO APLICA | AU20: 14859.23 | AX20: 115 | BA20: SI | BD20: SI | BG20: SI CUMPLE
A21: 2022-0181-NG-15758-1 | D21: 80111500X 86101600X 86101700X 86101800X 86111500X 86111600X 86132000X 86141500X 86141700X | G21: CAJA DE COMPENSACION FAMILIA COMPENSAR | Q21: 44594 | T21: 44959 | W21: Servicios de capacitacion para la reinsercion laboral y fortalecimiento del recurso humano para la productividad. | AI21: SI CUMPLE | AL21: SI | AO21: NO APLICA | AR21: NO APLICA | AU21: 14224.13 | AX21: 110 | BA21: SI | BD21: SI | BG21: SI CUMPLE
AR22: SUMATORIA | AU22: =SUM(AU19:AW21) -> 41083.36 | BG22: SI CUMPLE
A24: 4.3.2. PERSONAL MÍNIMO REQUERIDO:
A26: P E R S O N A L M I N I M O R E Q U ER I D O .
A27: NOMBRES Y APELLIDOS | G27: HOJA DE VIDA SI /NO | J27: CEDULA CIUDADANIA | M27: TITULO PROFESIONAL | Q27: FECHA GRADO | T27: Copia de la Tarjeta o matricula profesional vigente | Y27: Certificado de vigencia de la tarjeta profesional | AD27: APORTA TITULO PROFESIONAL | AI27: NOMBRE O RAZON SOCIAL DEL CONTRATANTE | AN27: CERTIFICADO CUMPLE (cargo y/o rol específico y/o objeto, funciones y/o obligaciones y/o actividades desempeñadas relacionadas con el perfil, y el tiempo laborado y/o de ejecución | AS27: EXPERIENCIA RELACIONADA COMO COORDINADOR | AV27: CERTIFICA MISMO PROPONENTE | AY27: APORTA CONTRATO | BB27: APORTA FORMATO EQUIPO DE TRABAJO | BD27: FECHA INICIO | BG27: FECHA FIN | BJ27: AÑO | BK27: MES | BL27: DIA | BM27: TOTAL TIEMPO EXPERIENCIA | BO27: CUMPLE SI/ NO | BR27: OBSERVACIONES
A28: JUAN GABRIEL GÓMEZ SALAZAR | G28: SI | J28: SI | M28: ADMINISTRADOR DE EMPRESAS | Q28: 39735 | T28: NO | Y28: NO | AD28: SI | AI28: FUNDACIÓN UNIVERSITARIA COMPENSAR | AN28: NO | AS28: SI | AV28: SI | AY28: SI | BB28: SI | BD28: 44434 | BG28: 44753 | BJ28: =DATEDIF(BD28,BG28,"Y") -> 0 | BK28: =DATEDIF(BD28,BG28,"YM") -> 10 | BL28: =DATEDIF(BD28,BG28,"MD") -> 15 | BO28: NO CUMPLE | BR28: El proponente no aportó para el coordinador propuesto: Copia de la tarjeta o matrícula profesional vigente Certificado de vigencia de la tarjeta profesional. La certificación de FUNDACIÓN UNIVERSITARIA COMPENSAR no cumple porque no cuenta con las funciones y/o obligaciones y/o actividades desempeñadas relacionadas con el perfil. Así mismo, el tiempo laborado según certificado se toma desde su rol como Coordinador desde el 26/08/2021 hasta la expedición del certificado con fecha del 11 de julio 2022. Así las cosas, no cumple con el tiempo de experiencia de dos años, de acuerdo con los documentos aportados. SUBSANACIÓN: Deberá aportar: Copia de la tarjeta o matrícula profesional vigente Certificado de vigencia de la tarjeta profesional. Acreditar la experiencia del coordinador de acuerdo con lo establecido en la observación anterior y cumpliendo con 4.3.2 EQUIPO DE TRABAJO MÍNIMO HABILITANTE .
BO29: NO CUMPLE
A30: 4.3.3. SEDES
A32: S E D E S
A33: SEDE | G33: DOCUMENTO SOPORTE | M33: EXPEDIDO | Q33: FECHA EXPEDICION | U33: ÚBICACIÓN DEL INMUEBLE | Y33: BOGOTA | AB33: CUMPLE | AE33: CUMPLE SI/ NO | AH33: OBSERVACIONES
A34: PROPIA | G34: CERTIFICADO DE TRADICION Y LIBERTAD | M34: Oficina de Registro de Instrumentos Publicos de Bogotá - Zona Centro | Q34: 45496 | U34: Bogotá | Y34: SI | AB34: SI | AE34: =+IF(AB34="SI","SI CUMPLE","NO CUMPLE") -> SI CUMPLE
AE35: =+AE34 -> SI CUMPLE
A37: 4.3.4. PROPUESTA TÉCNICA
A39: P R O P U E S T A T E C N I C A
A40: ANEXO TÉCNICO – FICHA DE ESPECIFICACIONES TÉCNICAS MÍNIMAS. | G40: CUMPLE | J40: CUMPLE SI/ NO | M40: OBSERVACIONES
A41: El proponente con la suscripción de la Carta de Presentación manifiesta que ha leído entiende, acepta y cumplirá todos los requerimientos establecidos en el Anexo No. 1 Especificaciones Técnicas Mínimas, para realizar todas las actividades y entregables descritos en el citado documento. | G41: SI | J41: =+IF(G41="SI","SI CUMPLE","NO CUMPLE") -> SI CUMPLE | M41: El proponente aporta FORMATO N° 1 DE CARTA DE PRESENTACION DE LA OFERTA en el cual en el literal D "Manifiesta que he leído entiendo, acepto y cumpliré todos los requerimientos establecidos en el ANEXO 1 - FICHA TÉCNICA, para realizar todas las actividades y entregables descritos en el citado documento"
J42: =+J41 -> SI CUMPLE

Sheet 14. CUN
A2: OBJETO | C2: Prestar los servicios de formación y capacitación a los funcionarios de la Superintendencia Nacional de Salud para fortalecer sus competencias, de acuerdo con lo identificado en el Plan Institucional de Capacitación para la vigencia 2024.
A3: GRUPO 2 | C3: Demás capacitaciones:
A4: TEMATICAS | C4: 1. Análisis y Gestión de la Información estadística. | S4: 4. Auditoría y supervisión en salud (basada en riesgos). | AH4: 7. Argumentación jurídica, ortografía, Construcción y redacción de textos. (Virtualvía teams)
C5: 2. Definición, Formulación e interpretación de indicadores KIP y OKR. | S5: 5. Diplomado en seguridad del paciente. | AH5: 8. Control Interno y Auditoría interna.,
C6: 3. Control social con enfoque de la administración pública, participación y Orientación al ciudadano. | S6: 6. Actualización y fortalecimiento de técnicas y herramientas para la inspección, vigilancia y control. | AH6: 9. Marco lógico y formulación de proyectos, planes y programas con perspectiva de género y enfoques diferenciales, acoso laboral y sexual.
AH7: 10. Comunicación asertiva y trabajo bajo presión Inteligencia emocional y manejo del estrés.
A9: NOMBRE DEL PROPONENTE | G9: CORPORACION UNIFICADA NACIONAL DE EDUCACION SUPERIOR CUN
A10: NOMBRE DEL REPRESENTANTE LEGAL | G10: SANDRA BIBIANA CASTILLO CASTILLO
A11: NIT | G11: 860.401.734-9
A12: MIPYME | G12: NO APLICA
A13: PRESUPUESTO OFICIAL | G13: 252.71
A15: 4.3.1. EXPERIENCIA DEL PROPONENTE
A17: E X P E R I E N C I A
A18: NUMERO CONTRATO (SI APLICA) | D18: CODIGO UNSPC | G18: ENTIDAD CONTRATANTE | Q18: FECHA INICIO | T18: FECHA FIN | W18: OBJETO CONTRACTUAL ("Prestar los servicios de formación y/o capacitación en cualquiera de las tematicas del grupo 2.") | AI18: CAPACITACION RELACIONADA | AL18: APORTA CERTIFICACION | AO18: EJECUTADA EN CONSORCIO O UNION TEMPORAL | AR18: PORCENTAJE DE PARTICIPACION | AU18: VALOR DEL CONTRATO (ser igual o superior a 252,71 SMMLV) | AX18: NÚMERO INSCRIPCIÓN RUP | BA18: RUP VIGENTE Y EN FIRME | BD18: FORMATO RELACIONES DE CERTIFICACIONES SI/ NO | BG18: CUMPLE SI/ NO | BJ18: OBSERVACIONES
A19: 927 | D19: 80111500X 86101600X 86101700X 86101800X 86111500X 86111600X 86132000X 86141500X 86141700X | G19: ALCALDIA DE COTA | Q19: 43767 | T19: NO SE EVIDENCIA | W19: CONTRATAR LA EJECUCIÓN DE LAS ACTIVIDADES DEL PLAN INSTITUCIONAL DE CAPACITACIÓN – PIC, ADOPTADO PARA LOS FUNCIONARIOS DEL NIVEL DIRECTIVO, CARRERA ADMINISTRATIVA Y TRABAJADORES OFICIALES DE LA ALCALDÍA DE COTA CUNDINAMARCA VIGENCIA 2019 | AI19: NO CUMPLE | AL19: NO | AO19: NO APLICA | AR19: NO APLICA | AU19: 114.23 | AX19: 47 | BA19: SI | BD19: SI | BG19: NO CUMPLE | BJ19: El proponente no aportó Certificado de experiencia y por el contrario aportó Acta de liquidación de la Gobernación de Cota con la cual NO CUMPLE. En el acta de liquidación no se puede evidenciar toda la información, así como que no se puede verificar las temáticas del grupo al que se presenta para cumplir con el requisito. SUBSANACIÓN: Deberá aportar el Certificado de Experiencia y acreditar la experiencia conforme a lo establecido en el pliego de condiciones, numeral 4.3.1 EXPERIENCIA.
A20: 1303-2022 | D20: 80111500X 86101600X 86101700X 86101800X 86111500X 86111600X 86132000X 86141500X 86141700X | G20: SUPERINTENDENCIA DE NOTARIADO Y REGISTRO | Q20: 44767 | T20: NO SE EVIDENCIA | W20: CONTRATAR LA ESTRUCTURACIÓN, DESARROLLO Y EJECUCIÓN DE LAS JORNADAS DE CAPACITACIÓN EN LA MODALIDAD VIRTUAL, PARA EL FORTALECIMIENTO DE LAS COMPETENCIAS LABORALES DE LOS FUNCIONARIOS, DE ACUERDO CON EL PLAN NACIONAL DE FORMACIÓN Y CAPACITACIÓN, PNFC PARA LA VIGENCIA 2022 | AI20: NO CUMPLE | AL20: NO | AO20: SI | AR20: 0.5 | AU20: =AV16*50/100 -> 0 | AX20: 55 | BA20: SI | BD20: SI | BG20: NO CUMPLE | BJ20: El proponente no aportó Certificado de experiencia y por el contrario aportó Acta de liquidación de la Superintendencia de Notariado y Registro con la cual NO CUMPLE. En el acta de liquidación no se puede evidenciar toda la información, así como que no se puede verificar las temáticas del grupo al que se presenta para cumplir con el requisito. SUBSANACIÓN: Deberá aportar el Certificado de Experiencia y acreditar la experiencia conforme a lo establecido en el pliego de condiciones, numeral 4.3.1 EXPERIENCIA.
A21: 509-2014 | D21: 80111500X 86101600 86101700X 86101800 86111500 86111600 86132000 86141500 86141700 | G21: DEPARTAMENTO DE SUCRE | Q21: NO SE EVIDENCIA | T21: NO SE EVIDENCIA | W21: PRESTACIÓN DE SERVICIOS DE APOYO PARA LA SUPERVISIÓN TÉCNICA ADMINISTRATIVA Y FINANCIERA DEL CONVENIO NO. 038 DE 2013 PARA LA EJECUCIÓN DEL " FORTALECIMIENTO DE LA CULTURA CIUDADANA EN CTEI A TRAVÉS DE LA IEP APOYADA EN TIC EN EL DEPARTAMENTO DE SUCRE, CARIBE" | AI21: NO CUMPLE | AL21: NO | AO21: NO APLICA | AR21: NO APLICA | AU21: 0 | AX21: 31 | BA21: SI | BD21: SI | BG21: NO CUMPLE | BJ21: El proponente no aportó un certificado de experiencia. A pesar de que aportó un contrato con la Gobernación de Sucre (documento que no es válido para la acreditación) no cumple ni con el objeto del proceso, ni con las temáticas del grupo propuesto. SUBSANACIÓN: Deberá acreditar la experiencia conforme a lo establecido en el pliego de condiciones, numeral 4.3.1 EXPERIENCIA.
AR22: SUMATORIA | AU22: =SUM(AU19:AW21) -> 114.23 | BG22: NO CUMPLE
A24: 4.3.2. PERSONAL MÍNIMO REQUERIDO:
A26: P E R S O N A L M I N I M O R E Q U R I D O .
A27: NOMBRES Y APELLIDOS | G27: HOJA DE VIDA SI /NO | J27: CEDULA CIUDADANIA | M27: TITULO PROFESIONAL | Q27: FECHA GRADO | T27: Copia de la Tarjeta o matricula profesional vigente | Y27: Certificado de vigencia de la tarjeta profesional | AD27: APORTA TITULO PROFESIONAL | AI27: NOMBRE O RAZON SOCIAL DEL CONTRATANTE | AN27: CERTIFICADO CUMPLE (cargo y/o rol específico y/o objeto, funciones y/o obligaciones y/o actividades desempeñadas relacionadas con el perfil, y el tiempo laborado y/o de ejecución | AS27: EXPERIENCIA RELACIONADA COMO COORDINADOR | AV27: CERTIFICA MISMO PROPONENTE | AY27: APORTA CONTRATO | BB27: APORTA FORMATO EQUIPO DE TRABAJO | BD27: FECHA INICIO | BG27: FECHA FIN | BJ27: AÑO | BK27: MES | BL27: DIA | BM27: TOTAL TIEMPO EXPERIENCIA | BO27: CUMPLE SI/ NO | BR27: OBSERVACIONES
BO28: NO CUMPLE | BR28: Al verificar la carpeta adjunta denominada “Recurso humano” se presenta un error y no se pueden descargar los archivos para hacer la verificación. SUBSANACIÓN: Deberá aportar los documentos con el fin de acreditar las condiciones exigidas al coordinador de acuerdo con lo establecido en el numeral 4.3.2 EQUIPO DE TRABAJO MÍNIMO HABILITANTE.
BO32: NO CUMPLE
A33: 4.3.3. SEDES
A35: S E D E S
A36: SEDE | G36: DOCUMENTO SOPORTE | M36: EXPEDIDO | Q36: FECHA EXPEDICION | U36: ÚBICACIÓN DEL INMUEBLE | Y36: BOGOTA | AB36: CUMPLE | AE36: CUMPLE SI/ NO | AH36: OBSERVACIONES
A37: PROPIA | G37: CERTIFICADO DE TRADICION Y LIBERTAD | M37: Oficina de Registro de Instrumentos Publicos de Bogotá - Zona Centro | Q37: 45320 | U37: BOGOTÁ | Y37: SI | AB37: NO | AE37: NO CUMPLE | AH37: El proponente no cumple porque aportó 45 certificados de libertad y tradición, de predios propios en la ciudad de Bogotá, con fecha de expedición del 29 de enero de 2024. SUBSANACIÓN: El proponente deberá aportar certificado de tradición y libertad del inmueble con fecha de expedición no mayor a treinta (30) días calendario anterior a la fecha de cierre del proceso.
AE38: NO CUMPLE
A40: 4.3.4. PROPUESTA TÉCNICA
A42: P R O P U E S T A T E C N I C A
A43: ANEXO TÉCNICO – FICHA DE ESPECIFICACIONES TÉCNICAS MÍNIMAS. | G43: CUMPLE | J43: CUMPLE SI/ NO | M43: OBSERVACIONES
A44: El proponente con la suscripción de la Carta de Presentación manifiesta que ha leído entiende, acepta y cumplirá todos los requerimientos establecidos en el Anexo No. 1 Especificaciones Técnicas Mínimas, para realizar todas las actividades y entregables descritos en el citado documento. | G44: SI | J44: =+IF(G44="SI","SI CUMPLE","NO CUMPLE") -> SI CUMPLE | M44: El proponente aporta FORMATO N° 1 DE CARTA DE PRESENTACION DE LA OFERTA en el cual en el literal D "Manifiesta que he leído entiendo, acepto y cumpliré todos los requerimientos establecidos en el ANEXO 1 - FICHA TÉCNICA, para realizar todas las actividades y entregables descritos en el citado documento"
J45: =+J44 -> SI CUMPLE

Sheet 15. UT PIC 2024
A2: OBJETO | C2: Prestar los servicios de formación y capacitación a los funcionarios de la Superintendencia Nacional de Salud para fortalecer sus competencias, de acuerdo con lo identificado en el Plan Institucional de Capacitación para la vigencia 2024.
A3: GRUPO 2 | C3: Demás capacitaciones:
A4: TEMATICAS | C4: 1. Análisis y Gestión de la Información estadística. | S4: 4. Auditoría y supervisión en salud (basada en riesgos). | AH4: 7. Argumentación jurídica, ortografía, Construcción y redacción de textos. (Virtualvía teams)
C5: 2. Definición, Formulación e interpretación de indicadores KIP y OKR. | S5: 5. Diplomado en seguridad del paciente. | AH5: 8. Control Interno y Auditoría interna.,
C6: 3. Control social con enfoque de la administración pública, participación y Orientación al ciudadano. | S6: 6. Actualización y fortalecimiento de técnicas y herramientas para la inspección, vigilancia y control. | AH6: 9. Marco lógico y formulación de proyectos, planes y programas con perspectiva de género y enfoques diferenciales, acoso laboral y sexual.
AH7: 10. Comunicación asertiva y trabajo bajo presión Inteligencia emocional y manejo del estrés.
A9: NOMBRE DEL PROPONENTE | G9: UT PIC 2024 | W9: GRUPO EMPRESARIAL EFPD SAS | AE9: NIT 901444457-6 | AG9: 0.55 | AI9: MICRO EMPRESA
A10: NOMBRE DEL REPRESENTANTE LEGAL | G10: CIRO ANTONIO MEDINA BARRERA | W10: ORGANIZACIÓN Y DESEÑO ARQUITECTONICO LTDA | AE10: NIT 830109800-7 | AG10: 0.45 | AI10: PEQUEÑA EMPRESA
A11: NIT
A12: MIPYME | G12: SI
A13: PRESUPUESTO OFICIAL | G13: 252.71
A15: 4.3.1. EXPERIENCIA DEL PROPONENTE
A17: E X P E R I E N C I A
A18: NUMERO CONTRATO (SI APLICA) | D18: CODIGO UNSPC | G18: ENTIDAD CONTRATANTE | Q18: FECHA INICIO | T18: FECHA FIN | W18: OBJETO CONTRACTUAL ("Prestar los servicios de formación y/o capacitación en cualquiera de las tematicas del grupo 2.") | AI18: CAPACITACION RELACIONADA | AL18: APORTA CERTIFICACION | AO18: EJECUTADA EN CONSORCIO O UNION TEMPORAL | AR18: PORCENTAJE DE PARTICIPACION | AU18: VALOR DEL CONTRATO | AX18: VALOR DEL CONTRATO (ser igual o superior a 252,71 SMMLV) | BA18: NÚMERO INSCRIPCIÓN RUP | BD18: RUP VIGENTE Y EN FIRME | BG18: FORMATO RELACIONES DE CERTIFICACIONES SI/ NO | BJ18: CUMPLE SI/ NO | BM18: OBSERVACIONES
A19: EXPERIENCIA ACREDITADA GRUPO EMPRESARIAL EFPD SAS
A20: 028 DE 2023 | D20: 80111500 (X) 86101600 (X) 86101700 (X) 86101800 (X) 86111500 (X) 86111600 (X) 86132000 (X) 86141500 (X) 86141700 (X) | G20: CONSORCIO SACUDETE CARMEN 2022, CONSORCIO PAVIMENTO CH-2023, CONSORCIO ALCANTARILLADO 2023 | Q20: 44941 | T20: 45274 | W20: Prestar los servicios de educación informal a petición de los contratantes en el marco del contrato con cuatro (4) partes No 028 de 2023, para dictar cursos o capacitaciones de manera virtual sincrónica, asincrónica y presencial al personal de trabajo y a los sectores sociales y comunitarios y entrega de una plataforma LMS educativa para publicar los cursos objeto de la convocatoria y contar con instalaciones para las capacitaciones presenciales. | AI20: SI CUMPLE | AL20: SI | AO20: NO | AR20: NO APLICA | AU20: 172.41 | AX20: =+AU20*AG9 -> 94.8255 | BA20: 16 | BD20: SI | BG20: SI | BJ20: NO CUMPLE | BM20: El proponente aportó certificado de experiencia con el cual cumple. Sin embargo, debe tener en cuenta que: * De la sumatoria de experiencia, NO CUMPLE con lo establecido en el pliego de condiciones, toda vez que la sumatoria de experiencia acreditada, da como resultado 193,98 SMMLV. * De la misma forma deberá tener en cuenta, que al pretender acreditar la experiencia para ambos grupos, con los mismos certificados, , la sumatoria debe cumplir con el presupuesto oficial de los dos grupos, es decir 479,6. Lo anterior, en aplicación al Numeral 4.3.1, Nota 3: “para acreditar la experiencia el proponente podrá aportar mínimo uno (1) y máximo tres (3) contratos para cada uno de los grupos o lotes, o podrá aportar los mismos para todos los grupos o lotes siempre y cuando cumplan con todas las condiciones establecidas para cada grupo. En la verificación del número de contratos frente al presupuesto oficial, el valor a certificar debe ser con relación al valor del presupuesto oficial del respectivo grupo o lote expresado en SMMLV, si se presenta para los dos grupos, será la sumatoria de los dos grupos a presentarse.” * La experiencia del proponente del oferente plural (unión temporal-consorcio) corresponde a la suma de la experiencia que acredite cada uno de sus integrantes de conformidad con su porcentaje de participación. En todo caso, cada uno de sus integrantes deberá allegar el correspondiente Certificado del Registro Único de Proponentes (RUP) VIGENTE y EN FIRME. Que para el presente caso, no se cumple con el porcentaje de participación. SUBSANACIÓN: Deberá acreditar la Experiencia conforme a lo establecido en el pliego de condiciones, numeral 4.3.1 EXPERIENCIA.
A21: 261 DE 2023 | D21: 80111500 (X) 86101600 (X) 86101700 (X) 86101800 (X) 86111500 (X) 86111600 (X) 86132000 (X) 86141500 (X) 86141700 (X) | G21: MINISTERIO DE DEFENSA NACIONAL | Q21: 45166 | T21: 5/012/2023 | W21: Contratar el servicio de capacitación en diferentes necesidades requeridas en el Plan Institucional de Capacitación (PIC) 2023 dirigido a funcionarios del COGFM, de acuerdo con las especificaciones técnicas del ANEXO. | AI21: SI CUMPLE | AL21: SI | AO21: NO | AR21: NO APLICA | AU21: 51.57 | AX21: =+AU21*AG9 -> 28.3635 | BA21: 15 | BD21: SI | BG21: SI | BJ21: NO CUMPLE | BM21: El proponente aportó certificado de experiencia con el cual cumple. Sin embargo, debe tener en cuenta que: * De la sumatoria de experiencia, NO CUMPLE con lo establecido en el pliego de condiciones, toda vez que la sumatoria de experiencia acreditada, da como resultado 165.62 SMMLV. * De la misma forma deberá tener en cuenta, que al pretender acreditar la experiencia para ambos grupos, con los mismos certificados, , la sumatoria debe cumplir con el presupuesto oficial de los dos grupos, es decir 479,6. Lo anterior, en aplicación al Numeral 4.3.1, Nota 3: “para acreditar la experiencia el proponente podrá aportar mínimo uno (1) y máximo tres (3) contratos para cada uno de los grupos o lotes, o podrá aportar los mismos para todos los grupos o lotes siempre y cuando cumplan con todas las condiciones establecidas para cada grupo. En la verificación del número de contratos frente al presupuesto oficial, el valor a certificar debe ser con relación al valor del presupuesto oficial del respectivo grupo o lote expresado en SMMLV, si se presenta para los dos grupos, será la sumatoria de los dos grupos a presentarse.” * La experiencia del proponente del oferente plural (unión temporal-consorcio) corresponde a la suma de la experiencia que acredite cada uno de sus integrantes de conformidad con su porcentaje de participación. En todo caso, cada uno de sus integrantes deberá allegar el correspondiente Certificado del Registro Único de Proponentes (RUP) VIGENTE y EN FIRME. Que para el presente caso, no se cumple con el porcentaje de participación. SUBSANACIÓN: Deberá acreditar la Experiencia conforme a lo establecido en el pliego de condiciones, numeral 4.3.1 EXPERIENCIA.
A22: EXPERIENCIA ACREDITADA ORGANIZACIÓN Y DESEÑO ARQUITECTONICO LTDA
A23: 311 de 2022 | D23: 80111500 (X) 86101600 (X) 86101700 (X) 86101800 (X) 86111500 (X) 86111600 (X) 86132000 (X) 86141500 (X) 86141700 (X) | G23: Ministerio de Comercio, Industria y Turismo | Q23: 44768 | T23: 44926 | W23: Prestación de servicios de entrenamiento, capacitación y formación para el fortalecimiento del Talento Humano en el marco de la ejecucion del Plan institucional de Capacitacion 2022, así como apoyar en el diseño y ejecución de los programas de inducción y reinducción. | AI23: SI CUMPLE | AL23: SI | AO23: NO | AR23: NO APLICA | AU23: 157.32 | AX23: =+AU23*AG10 -> 70.794 | BA23: 59 | BD23: SI | BG23: SI | BJ23: NO CUMPLE | BM23: El proponente aportó certificado de experiencia con el cual cumple. Sin embargo, debe tener en cuenta que: * De la sumatoria de experiencia, NO CUMPLE con lo establecido en el pliego de condiciones, toda vez que la sumatoria de experiencia acreditada, da como resultado 193,98 SMMLV. * De la misma forma deberá tener en cuenta, que al pretender acreditar la experiencia para ambos grupos, con los mismos certificados, , la sumatoria debe cumplir con el presupuesto oficial de los dos grupos, es decir 479,6. Lo anterior, en aplicación al Numeral 4.3.1, Nota 3: “para acreditar la experiencia el proponente podrá aportar mínimo uno (1) y máximo tres (3) contratos para cada uno de los grupos o lotes, o podrá aportar los mismos para todos los grupos o lotes siempre y cuando cumplan con todas las condiciones establecidas para cada grupo. En la verificación del número de contratos frente al presupuesto oficial, el valor a certificar debe ser con relación al valor del presupuesto oficial del respectivo grupo o lote expresado en SMMLV, si se presenta para los dos grupos, será la sumatoria de los dos grupos a presentarse.” * La experiencia del proponente del oferente plural (unión temporal-consorcio) corresponde a la suma de la experiencia que acredite cada uno de sus integrantes de conformidad con su porcentaje de participación. En todo caso, cada uno de sus integrantes deberá allegar el correspondiente Certificado del Registro Único de Proponentes (RUP) VIGENTE y EN FIRME. Que para el presente caso, no se cumple con el porcentaje de participación. SUBSANACIÓN: Deberá acreditar la Experiencia conforme a lo establecido en el pliego de condiciones, numeral 4.3.1 EXPERIENCIA.
AR24: SUMATORIA | AX24: =+AX20+AX21+AX23 -> 193.983 | BJ24: NO CUMPLE
A26: 4.3.2. PERSONAL MÍNIMO REQUERIDO:
A28: P E R S O N A L M I N I M O R E Q UE R I D O .
A29: NOMBRES Y APELLIDOS | G29: HOJA DE VIDA SI /NO | J29: CEDULA CIUDADANIA | M29: TITULO PROFESIONAL | Q29: FECHA GRADO | T29: Copia de la Tarjeta o matricula profesional vigente | Y29: Certificado de vigencia de la tarjeta profesional | AD29: APORTA TITULO PROFESIONAL | AI29: NOMBRE O RAZON SOCIAL DEL CONTRATANTE | AN29: CERTIFICADO CUMPLE (cargo y/o rol específico y/o objeto, funciones y/o obligaciones y/o actividades desempeñadas relacionadas con el perfil, y el tiempo laborado y/o de ejecución | AS29: EXPERIENCIA RELACIONADA COMO COORDINADOR | AV29: CERTIFICA MISMO PROPONENTE | AY29: APORTA CONTRATO | BB29: APORTA FORMATO EQUIPO DE TRABAJO | BD29: FECHA INICIO | BG29: FECHA FIN | BJ29: AÑO | BK29: MES | BL29: DIA | BM29: TOTAL TIEMPO EXPERIENCIA | BO29: CUMPLE SI/ NO | BR29: OBSERVACIONES
A30: ANGELA MARIA MESA | G30: SI | J30: SI | M30: ADMINISTADOR DE EMPRESAS | Q30: 41355 | T30: SI | Y30: SI | AD30: SI | AI30: FUNDACION UNIVERSITARIA DE SAN GIL UNISANGIL | AN30: NO | AS30: SI | AV30: NO | AY30: NO APLICA | BB30: SI | BD30: 40738 | BG30: 40877 | BJ30: =DATEDIF(BD30,BG30,"Y") -> 0 | BK30: =DATEDIF(BD30,BG30,"YM") -> 4 | BL30: =DATEDIF(BD30,BG30,"MD") -> 16 | BO30: NO CUMPLE | BR30: Si bien la certificación acredita el perfil, la certificación no cumple porque no cuenta con las funciones y/o obligaciones y/o actividades desempeñadas relacionadas con el perfil; por lo tanto no se tiene en cuenta.
AI31: FUNDACION UNIVERSITARIA DE SAN GIL UNISANGIL | AN31: NO | AS31: SI | AV31: NO | AY31: NO APLICA | BB31: SI | BD31: 40931 | BG31: 41243 | BJ31: =DATEDIF(BD31,BG31,"Y") -> 0 | BK31: =DATEDIF(BD31,BG31,"YM") -> 10 | BL31: =DATEDIF(BD31,BG31,"MD") -> 7 | BO31: NO CUMPLE
AI32: FUNDACION UNIVERSITARIA DE SAN GIL UNISANGIL | AN32: SI | AS32: SI | AV32: NO | AY32: NO APLICA | BB32: SI | BD32: NO SE EVIDECIA CON CLARIDAD FECHA DE INICIO | BG32: NO SE EVIDECIA CON CLARIDAD FECHA DE FIN | BJ32: =DATEDIF(BD32,BG32,"Y") -> #VALUE! | BK32: =DATEDIF(BD32,BG32,"YM") -> #VALUE! | BL32: =DATEDIF(BD32,BG32,"MD") -> #VALUE! | BO32: NO CUMPLE | BR32: Para el coordinador propuesto, si bien la certificación cumple con el perfil, esta certificación no cuenta con claridad en la fecha de inicio y de terminación dl cargo como Coordinadora de Extensión (2017-1 al 2019-1); por lo tanto no se tiene en cuenta.
AI33: CONSTRUCCIONES Y SUMINISTROS REINA | AN33: SI | AS33: SI | AV33: NO | AY33: NO APLICA | BB33: SI | BD33: 44296 | BG33: 45239 | BJ33: =DATEDIF(BD33,BG33,"Y") -> 2 | BK33: =DATEDIF(BD33,BG33,"YM") -> 6 | BL33: =DATEDIF(BD33,BG33,"MD") -> 30 | BO33: SI CUMPLE
BO34: SI CUMPLE
A35: 4.3.3. SEDES
A37: S E D E S
A38: SEDE | G38: DOCUMENTO SOPORTE | M38: EXPEDIDO | Q38: FECHA EXPEDICION | U38: ÚBICACIÓN DEL INMUEBLE | Y38: BOGOTA | AB38: CUMPLE | AE38: CUMPLE SI/ NO | AH38: OBSERVACIONES
AB39: NO | AE39: NO CUMPLE | AH39: El proponente aporta convenios entre: el integrante GRUPO EMPRESARIAL EFPE SAS y HOTEL MACAO y por otro lado, la ORGANIZACIÓN Y DISEÑO ARQUITECTONICO LTDA y la ASOCIACIÓN CRISTIANA DE JÓVENES DE BOGOTÁ Y CUNDINAMARCA ACJ-YMCA. De acuerdo con el pliego de condiciones, las sedes propuestas NO CUMPLEN con lo establecido en el numeral 4.3.3. SEDEs, donde se determina que la sede debe ser propia o arrendada, así como que tampoco cumple con lo establecido en el numeral IV Sub numeral 10 del ANEXO No. 1 “ESPECIFICACIONES TÉCNICAS MÍNIMAS” donde el espacio físico debe ser óptimo acorde con la cantidad de funcionarios inscritos por curso, capacitación y/o diplomado y que cuente con buena iluminación y ventilación, así como los espacios comunes y de la logística (i. Computador para las proyecciones que se requieran, ii. Conectividad, iii. Video Beam, iv. Tablero acrílico o papelógrafo, v. Silla y escritorio o pupitre para cada participante, que permita la realización de los cursos y/o diplomados, vi. Para capacitaciones que así lo requieran (GRUPO 2 – Capacitación Análisis y Gestión de la Información estadística) el contratista deberá poner a disposición un (1) computador por cada participante para los eventos de capacitación a llevarse a cabo en Bogotá D.C. SUBSANACIÓN: Deberá aportar SEDE que cumpla con las condiciones del numeral 4.3.3 del pliego de condiciones.
AE40: NO CUMPLE
A42: 4.3.4. PROPUESTA TÉCNICA
A44: P R O P U E S T A T E C N I C A
A45: ANEXO TÉCNICO – FICHA DE ESPECIFICACIONES TÉCNICAS MÍNIMAS. | G45: CUMPLE | J45: CUMPLE SI/ NO | M45: OBSERVACIONES
A46: El proponente con la suscripción de la Carta de Presentación manifiesta que ha leído entiende, acepta y cumplirá todos los requerimientos establecidos en el Anexo No. 1 Especificaciones Técnicas Mínimas, para realizar todas las actividades y entregables descritos en el citado documento. | G46: SI | J46: =+IF(G46="SI","SI CUMPLE","NO CUMPLE") -> SI CUMPLE | M46: El proponente aporta FORMATO N° 1 DE CARTA DE PRESENTACION DE LA OFERTA en el cual en el literal D "Manifiesta que he leído entiendo, acepto y cumpliré todos los requerimientos establecidos en el ANEXO 1 - FICHA TÉCNICA, para realizar todas las actividades y entregables descritos en el citado documento"
J47: =+J46 -> SI CUMPLE

Sheet 16. SOCOLDES
A2: OBJETO | C2: Prestar los servicios de formación y capacitación a los funcionarios de la Superintendencia Nacional de Salud para fortalecer sus competencias, de acuerdo con lo identificado en el Plan Institucional de Capacitación para la vigencia 2024.
A3: GRUPO 2 | C3: Demás capacitaciones:
A4: TEMATICAS | C4: 1. Análisis y Gestión de la Información estadística. | S4: 4. Auditoría y supervisión en salud (basada en riesgos). | AH4: 7. Argumentación jurídica, ortografía, Construcción y redacción de textos. (Virtualvía teams)
C5: 2. Definición, Formulación e interpretación de indicadores KIP y OKR. | S5: 5. Diplomado en seguridad del paciente. | AH5: 8. Control Interno y Auditoría interna.,
C6: 3. Control social con enfoque de la administración pública, participación y Orientación al ciudadano. | S6: 6. Actualización y fortalecimiento de técnicas y herramientas para la inspección, vigilancia y control. | AH6: 9. Marco lógico y formulación de proyectos, planes y programas con perspectiva de género y enfoques diferenciales, acoso laboral y sexual.
AH7: 10. Comunicación asertiva y trabajo bajo presión Inteligencia emocional y manejo del estrés.
A9: NOMBRE DEL PROPONENTE | G9: SOCIEDAD COLOMBIANA PARA EL DESARROLLO SOSTENIBLE E INTEGRAL SAS SOCOLDES SEM SAS
A10: NOMBRE DEL REPRESENTANTE LEGAL | G10: DOLCEY ALBERTO BARRAGAN BARRAGAN
A11: NIT | G11: 901.785.346-1
A12: MIPYME | G12: SI
A13: PRESUPUESTO OFICIAL | G13: 252.71
A15: 4.3.1. EXPERIENCIA DEL PROPONENTE
A17: E X P E R I E N C I A
A18: NUMERO CONTRATO (SI APLICA) | D18: CODIGO UNSPC | G18: ENTIDAD CONTRATANTE | Q18: FECHA INICIO | T18: FECHA FIN | W18: OBJETO CONTRACTUAL ("Prestar los servicios de formación y/o capacitación en cualquiera de las tematicas del grupo 2.") | AI18: CAPACITACION RELACIONADA | AL18: APORTA CERTIFICACION | AO18: EJECUTADA EN CONSORCIO O UNION TEMPORAL | AR18: PORCENTAJE DE PARTICIPACION | AU18: VALOR DEL CONTRATO (ser igual o superior a 252,71 SMMLV) | AX18: NÚMERO INSCRIPCIÓN RUP | BA18: RUP VIGENTE Y EN FIRME | BD18: FORMATO RELACIONES DE CERTIFICACIONES SI/ NO | BG18: CUMPLE SI/ NO | BJ18: OBSERVACIONES
A19: YVY-14-2024 | D19: 80111500 86101600 86101700 86101800 86111500 86111600 86132000 86141500 86141700 | G19: YOVOY YA SAS | Q19: 45307 | T19: 45454 | W19: “Diseñar y ejecutar el Proyecto de capacitaciones integrales empresariales, de conformidad al cronograma de las PIC en YOVOY YA, brindando asesoría sobre las siguientes temáticas: •Pragmatismo de la actualización en SG-SST. • Procedimiento y respuesta de PQRS. • Gestión Económica y Financiera. • Manejo y distribución de los recursos empresariales. • Comunicación asertiva y trabajo en equipo. • Herramientas y metodologías para la inspección y el control interno empresarial. | AI19: SI CUMPLE | AL19: SI | AO19: NO | AR19: NO APLICA | AU19: 1013.85 | AX19: NO APORTA | BA19: NO | BD19: SI | BG19: NO CUMPLE | BJ19: El proponente no aportó Registro Único de Proponentes donde se pueda verificar las condiciones de experiencia, de acuerdo con lo señalado en la ley 1150 de 2007 y el decreto 1082 de 2015. SUBSANACIÓN: El proponente deberá entregar el Registro Único de Proponentes (RUP) con fecha de expedición no mayor a treinta días calendarios anteriores a la fecha de cierre.
AR20: SUMATORIA | AU20: =SUM(AU19:AW19) -> 1013.85 | BG20: NO CUMPLE
A22: 4.3.2. PERSONAL MÍNIMO REQUERIDO:
A24: P E R S O N A L M I N I M O R E Q UE R I D O .
A25: NOMBRES Y APELLIDOS | G25: HOJA DE VIDA SI /NO | J25: CEDULA CIUDADANIA | M25: TITULO PROFESIONAL | Q25: FECHA GRADO | T25: Copia de la Tarjeta o matricula profesional vigente | Y25: Certificado de vigencia de la tarjeta profesional | AD25: APORTA TITULO PROFESIONAL | AI25: NOMBRE O RAZON SOCIAL DEL CONTRATANTE | AN25: CERTIFICADO CUMPLE (cargo y/o rol específico y/o objeto, funciones y/o obligaciones y/o actividades desempeñadas relacionadas con el perfil, y el tiempo laborado y/o de ejecución | AS25: EXPERIENCIA RELACIONADA COMO COORDINADOR | AV25: CERTIFICA MISMO PROPONENTE | AY25: APORTA CONTRATO | BB25: APORTA FORMATO EQUIPO DE TRABAJO | BD25: FECHA INICIO | BG25: FECHA FIN | BJ25: AÑO | BK25: MES | BL25: DIA | BM25: TOTAL TIEMPO EXPERIENCIA | BO25: CUMPLE SI/ NO | BR25: OBSERVACIONES
A26: RAFAEL EDUARDO ROMERO ACOSTA | G26: SI | J26: NO | M26: ADMINISTRADOR DE EMPRESAS | Q26: 36867 | T26: SI | Y26: NO | AD26: SI | AI26: DISEÑOS Y PROYECTOS DEL FUTURO SAS | AN26: NO | AS26: SI | AV26: NO | AY26: NO APLICA | BB26: SI | BD26: 43134 | BG26: 45241 | BJ26: =DATEDIF(BD26,BG26,"Y") -> 5 | BK26: =DATEDIF(BD26,BG26,"YM") -> 9 | BL26: =DATEDIF(BD26,BG26,"MD") -> 8 | BO26: NO CUMPLE | BR26: El proponente para el coordinador propuesto: No aportó cédula de ciudadanía El certificado de vigencia de la tarjeta profesional está vencido, toda vez que fue expedido el 29 de agosto de 2022 y tiene vigencia solo de 3 meses. Si bien la certificación cumple con el perfil, esta certificación no cuenta con las funciones y/o obligaciones y/o actividades desempeñadas relacionadas con el perfil; por lo tanto debe aportar el certificado conforme lo establece el pliego de condiciones. SUBSANANCIÓN: Deberá aportar: Cédula de ciudadanía Certificado de vigencia de la tarjeta profesional Acreditar la experiencia del coordinador de acuerdo con lo establecido en la observación anterior y cumpliendo con 4.3.2 EQUIPO DE TRABAJO MÍNIMO HABILITANTE
AI27: Alcaldia Municipal de Soacha (contratos 113 de 2015, 388 de 2019, 190 de 2012, 625 de 2012, 469 de 2013, 036 de 2017 ) | AN27: NO | AS27: NO | AV27: NO | AY27: NO APLICA | BB27: SI | BJ27: =DATEDIF(BD27,BG27,"Y") -> 0 | BK27: =DATEDIF(BD27,BG27,"YM") -> 0 | BL27: =DATEDIF(BD27,BG27,"MD") -> 0 | BO27: NO CUMPLE | BR27: No se tendrá en cuenta esta experiencia, toda vez que se aportaron contratos y no las certificaciones como lo establece el pliego de condiciones. Igualmente, no cumple con lo requerido en el numeral 4.3.2 EQUIPO DE TRABAJO MÍNIMO HABILITANTE
BO28: NO CUMPLE
A29: 4.3.3. SEDES
A31: S E D E S
A32: SEDE | G32: DOCUMENTO SOPORTE | M32: EXPEDIDO | Q32: FECHA EXPEDICION | U32: ÚBICACIÓN DEL INMUEBLE | Y32: BOGOTA | AB32: CUMPLE | AE32: CUMPLE SI/ NO | AH32: OBSERVACIONES
A33: ARRENDADA | G33: CONTRATO DE ARRIENDO | M33: KEVIR SAS | Q33: 45318 | U33: BOGOTA | Y33: SI | AB33: NO | AE33: NO CUMPLE | AH33: El proponente aportó contrato de arrendamiento de la Oficina 605 Edificio Muisca 1, ubicado en la Carrera 13 A N° 38-82, en el cual según las cláusulas contempladas se evidencia que NO CUMPLE con lo establecido en el Numeral IV Sub numeral 10 del ANEXO No. 1 “ESPECIFICACIONES TÉCNICAS MÍNIMAS ”Disponer de un espacio físico óptimo acorde con la cantidad de funcionarios inscritos por curso, capacitación y/o diplomado y que cuente con buena iluminación y ventilación, así como los espacios comunes y de la logística (i. Computador para las proyecciones que se requieran, ii. Conectividad, iii. Video Beam, iv. Tablero acrílico o papelógrafo, v. Silla y escritorio o pupitre para cada participante, que permita la realización de los cursos y/o diplomados, vi. Para capacitaciones que así lo requieran (GRUPO 2 – Capacitación Análisis y Gestión de la Información estadística) el contratista deberá poner a disposición un (1) computador por cada participante para los eventos de capacitación a llevarse a cabo en Bogotá D.C SUBSANANCIÓN: Deberá aportar SEDE que cumpla con las condiciones del numeral 4.3.3 del pliego de condiciones.
AE34: NO CUMPLE
A36: 4.3.4. PROPUESTA TÉCNICA
A38: P R O P U E S T A T E C N I C A
A39: ANEXO TÉCNICO – FICHA DE ESPECIFICACIONES TÉCNICAS MÍNIMAS. | G39: CUMPLE | J39: CUMPLE SI/ NO | M39: OBSERVACIONES
A40: El proponente con la suscripción de la Carta de Presentación manifiesta que ha leído entiende, acepta y cumplirá todos los requerimientos establecidos en el Anexo No. 1 Especificaciones Técnicas Mínimas, para realizar todas las actividades y entregables descritos en el citado documento. | G40: SI | J40: =+IF(G40="SI","SI CUMPLE","NO CUMPLE") -> SI CUMPLE | M40: El proponente aporta FORMATO N° 1 DE CARTA DE PRESENTACION DE LA OFERTA en el cual en el literal D "Manifiesta que he leído entiendo, acepto y cumpliré todos los requerimientos establecidos en el ANEXO 1 - FICHA TÉCNICA, para realizar todas las actividades y entregables descritos en el citado documento"
J41: =+J40 -> SI CUMPLE

Sheet LISTA 
A1: SI CUMPLE | C1: SI | E1: PROPIA | G1: CERTIFICADO DE TRADICION Y LIBERTAD
A2: NO CUMPLE | C2: NO | E2: ARRENDADA | G2: CONTRATO DE ARRIENDO
C3: NO APLICA | G3: LEASING
G4: SIMILARES ARRIENDO

Sheet ORIGINAL 
A2: OBJETO | C2: Prestar los servicios de formación y capacitación a los funcionarios de la Superintendencia Nacional de Salud para fortalecer sus competencias, de acuerdo con lo identificado en el Plan Institucional de Capacitación para la vigencia 2024.
A3: GRUPO 1 | C3: Capacitaciones que son de carácter normativo:
A5: TEMATICAS | C5: 1. Actualización en Seguridad Social en salud. | L5: 4. Normatividad sobre gestores farmacéuticos. | W5: 7. Diplomado auditoria forense.
C6: 2. Gestión Financiera en el sector público. | L6: 5. Actualización normativa cobros persuasivos y coactivos. | W6: 8. Sistema Obligatorio de Garantía de la Calidad en Salud.
C7: 3. Actualización Normativa en la función Pública. | L7: 6. Derecho fundamental al debido proceso. | W7: 9. Manejo de recursos en el sector salud.
A9: NOMBRE DEL PROPONENTE | G9: DKDFK
A10: NOMBRE DEL REPRESENTANTE LEGAL | G10: DSFDSF
A11: NIT | G11: 885
A12: MIPYME | G12: NO
A13: PRESUPUESTO OFICIAL | G13: 226.89
A15: 4.3.1. EXPERIENCIA DEL PROPONENTE
A17: E X P E R I E N C I A
A18: NUMERO CONTRATO | D18: CODIGO UNSPC | G18: ENTIDAD CONTRATANTE | Q18: FECHA INICIO | T18: FECHA FIN | W18: OBJETO CONTRACTUAL ("Prestar los servicios de formación y/o capacitación en cualquiera de las tematicas del grupo 1.") | AI18: CAPACITACION RELACIONADA | AL18: APORTA CERTIFICACION | AO18: EJECUTADA EN CONSORCIO O UNION TEMPORAL | AR18: PORCENTAJE DE PARTICIPACION | AU18: VALOR DEL CONTRATO (ser igual o superior a 226,89 SMMLV) | AX18: FOLIO INSCRIPCIÓN DEL CONTRATO EN EL RUP | BA18: RUP VIGENTE Y EN FIRME | BD18: FORMATO RELACIONES DE CERTIFICACIONES SI/ NO | BG18: CUMPLE SI/ NO | BJ18: OBSERVACIONES
AU19: 0 | BA19: NO | BD19: NO | BG19: =+IF(AU22>=G13,"SI CUMPLE","NO CUMPLE") -> NO CUMPLE
AU20: 0 | BA20: NO
AU21: 0
AR22: SUMATORIA | AU22: =SUM(AU19:AW21) -> 0
A24: 4.3.2. PERSONAL MÍNIMO REQUERIDO:
A26: P E R S O N A L M I N I M O R E Q U R I D O .
A27: NOMBRES Y APELLIDOS | G27: HOJA DE VIDA SI /NO | J27: CEDULA CIUDADANIA | M27: TITULO PROFESIONAL | Q27: FECHA GRADO | T27: Copia de la Tarjeta o matricula profesional vigente | Y27: Certificado de vigencia de la tarjeta profesional | AD27: APORTA TITULO PROFESIONAL | AI27: NOMBRE O RAZON SOCIAL DEL CONTRATANTE | AN27: CERTIFICADO CUMPLE (cargo y/o rol específico y/o objeto, funciones y/o obligaciones y/o actividades desempeñadas relacionadas con el perfil, y el tiempo laborado y/o de ejecución | AS27: CERTIFICA MISMO PROPONENTE | AV27: APORTA CONTRATO | AY27: APORTA FORMATO EQUIPO DE TRABAJO | BA27: FECHA INICIO | BD27: FECHA FIN | BG27: AÑO | BH27: MES | BI27: DIA | BJ27: TOTAL TIEMPO EXPERIENCIA | BL27: CUMPLE SI/ NO | BO27: OBSERVACIONES
G28: NO | J28: NO | Y28: SI | AD28: SI | BA28: 44927 | BD28: 45366 | BG28: =DATEDIF(BA28,BD28,"Y") -> 1 | BH28: =DATEDIF(BA28,BD28,"YM") -> 2 | BI28: =DATEDIF(BA28,BD28,"MD") -> 14 | BL28: =+IF(BH32>=24,"SI CUMPLE","NO CUMPLE") -> SI CUMPLE
BE32: TOTAL MESES | BH32: 24
A34: 4.3.3. SEDES
A36: S E D E S
A37: SEDE | G37: DOCUMENTO SOPORTE | M37: EXPEDIDO | Q37: FECHA EXPEDICION | U37: ÚBICACIÓN DEL INMUEBLE | Y37: BOGOTA | AB37: CUMPLE | AE37: CUMPLE SI/ NO | AH37: OBSERVACIONES
A38: PROPIA | Y38: SI | AB38: SI | AE38: =+IF(AB38="SI","SI CUMPLE","NO CUMPLE") -> SI CUMPLE
A41: 4.3.4. PROPUESTA TÉCNICA
A43: P R O P U E S T A T E C N I C A
A44: ANEXO TÉCNICO – FICHA DE ESPECIFICACIONES TÉCNICAS MÍNIMAS. | G44: CUMPLE | J44: CUMPLE SI/ NO | M44: OBSERVACIONES
A45: El proponente con la suscripción de la Carta de Presentación manifiesta que ha leído entiende, acepta y cumplirá todos los requerimientos establecidos en el Anexo No. 1 Especificaciones Técnicas Mínimas, para realizar todas las actividades y entregables descritos en el citado documento. | G45: SI | J45: =+IF(G45="SI","SI CUMPLE","NO CUMPLE") -> SI CUMPLE | M45: El proponente aporta FORMATO N° 1 DE CARTA DE PRESENTACION DE LA OFERTA en el cual en el literal D "Manifiesta que he leído entiendo, acepto y cumpliré todos los requerimientos establecidos en el ANEXO 1 - FICHA TÉCNICA, para realizar todas las actividades y entregables descritos en el citado documento"
